Workbook

Sheet TITLE PAGE
B2: Water Resources Planning Tables 2019
B4: v15 - June 2018
B5: All queries on the content of this workbook should be sent to:
B6: water-company-plan@environment-agency.gov.uk
B8: Water resource zone information
B9: Company: | D9: Dŵr Cymru Welsh Water
B10: Resource Zone Name: | D10: Lleyn Harlech | L10: Data validation: Cell D20
B11: Resource Zone Number: | D11: 8034 | L11: Dry Year Annual Average
B12: Planning Scenario Name: | D12: Dry Year Annual Average | E12: =IF(D12="Dry Year Annual Average","DYAA ",IF(D12="dry year critical period","DYCP ",0)) -> DYAA | F12: =IF(D12="Dry Year Annual Average","Normal Year Annual Average ",IF(D12="dry year critical period","Normal Year Critical Period ",0)) -> Normal Year Annual Average | L12: Dry Year Critical Period
B13: Chosen Level of Service: | D13: 1 in 20 | L13: Dry Year Annual Average - benchmarking data
B14: Base Year: | D14: 2015-16 | L14: Dry Year Critical Period - benchmarking data
B15: Responsible Officer: | D15: Ian Brown | E15: Signed: | H15: Dated: | I15: 43545
B17: Version: | D17: DryYr_LleynHarlech_FinalPlan_Version6 | F17: [Digital signature is acceptable]
B19: Key to cells
C21: Clear cells - indicate an input is required
C23: Yellow shaded cells - indicates a formula.
C25: Blue shaded cells - indicate base year data.
C27: Light grey shaded cells - indicate preceding years.
C29: Dark grey cells - indicate that no data entry is required.
B31: Worksheet | D31: Content
B32: WRZ summary | D32: Supply-Demand Balance and components
B33: 1. BL Licences | D33: Baseline water resources
B34: 2. BL Supply | D34: Baseline water supplies
B35: 3. BL Demand | D35: Baseline demand
B36: 4. BL SDB | D36: Baseline supply demand balance
B37: 5. Feasible options | D37: Fixed and Variable costs, Net Present Value, AIC and AISC of all feasible options (confidential)
B38: 6. Preferred options | D38: High level costs of preferred options (Dry Year) - publicly available
B39: 7. FP Supply | D39: Final Planning water supplies (impact of Scenario options)
B40: 8. FP Demand | D40: Final Planning demand (impact of Scenario options)
B41: 9. FP SDB | D41: Final Planning supply demand balance
B42: 10. Drought plan links | D42: Drought plan links

Sheet WRZ summary
A2: Summary graphs of water resources planning tables data
A3: ='TITLE PAGE'!D9 -> Dŵr Cymru Welsh Water
A4: ='TITLE PAGE'!D10 -> Lleyn Harlech
A5: DERIVATION | B5: DESCRIPTION | C5: UNITS | E5: For info 2017-18 | F5: For info 2018-19 | G5: For info 2019-20 | H5: 2020-21 | I5: 2021-22 | J5: 2022-23 | K5: 2023-24 | L5: 2024-25 | M5: 2025-26 | N5: 2026-27 | O5: 2027-28 | P5: 2028-29 | Q5: 2029-30 | R5: 2030-31 | S5: 2031-32 | T5: 2032-33 | U5: 2033-34 | V5: 2034-35 | W5: 2035-36 | X5: 2036-37 | Y5: 2037-38 | Z5: 2038-39 | AA5: 2039-40 | AB5: 2040-41 | AC5: 2041-42 | AD5: 2042-43 | AE5: 2043-44 | AF5: 2044-45 | AG5: 2045-46 | AH5: 2046-47 | AI5: 2047-48 | AJ5: 2048-49 | AK5: 2049-50
B6: SUPPLY
A7: 13BL | B7: Total water available for use | C7: Ml/d | D7: ='4. BL SDB'!H5 -> 16.77906 | E7: ='4. BL SDB'!I5 -> 15.807661 | F7: ='4. BL SDB'!J5 -> 15.769353 | G7: ='4. BL SDB'!K5 -> 15.734286 | H7: ='4. BL SDB'!L5 -> 15.712157 | I7: ='4. BL SDB'!M5 -> 15.689468 | J7: ='4. BL SDB'!N5 -> 15.674239 | K7: ='4. BL SDB'!O5 -> 15.656861 | ... AK7: ='4. BL SDB'!AO5 -> 15.573489
A8: 13FP | B8: Total water available for use | C8: Ml/d | D8: ='9. FP SDB'!H5 -> 16.77906 | E8: ='9. FP SDB'!I5 -> 15.807661 | F8: ='9. FP SDB'!J5 -> 15.769353 | G8: ='9. FP SDB'!K5 -> 15.734286 | H8: ='9. FP SDB'!L5 -> 15.712157 | I8: ='9. FP SDB'!M5 -> 15.689468 | J8: ='9. FP SDB'!N5 -> 15.674239 | K8: ='9. FP SDB'!O5 -> 15.656861 | ... AK8: ='9. FP SDB'!AO5 -> 15.573489
B9: DEMAND
A10: 26BL | B10: Unmeasured household consumption | C10: Ml/d | D10: ='3. BL Demand'!H10 -> 3.680556 | E10: ='3. BL Demand'!I10 -> 3.6066231 | F10: ='3. BL Demand'!J10 -> 3.5514867 | G10: ='3. BL Demand'!K10 -> 3.4965493 | H10: ='3. BL Demand'!L10 -> 3.4180381 | I10: ='3. BL Demand'!M10 -> 3.3184265 | J10: ='3. BL Demand'!N10 -> 3.2420431 | K10: ='3. BL Demand'!O10 -> 3.1455735 | ... AK10: ='3. BL Demand'!AO10 -> 1.3594725
A11: 26FP | B11: Unmeasured household consumption | C11: Ml/d | D11: ='8. FP Demand'!H10 -> 3.680556 | E11: ='8. FP Demand'!I10 -> 3.6066231 | F11: ='8. FP Demand'!J10 -> 3.5514867 | G11: ='8. FP Demand'!K10 -> 3.4965493 | H11: ='8. FP Demand'!L10 -> 3.4180381 | I11: ='8. FP Demand'!M10 -> 3.3184265 | J11: ='8. FP Demand'!N10 -> 3.2420431 | K11: ='8. FP Demand'!O10 -> 3.1455735 | ... AK11: ='8. FP Demand'!AO10 -> 1.3594725
A12: 25BL | B12: Measured household consumption | C12: Ml/d | D12: ='3. BL Demand'!H9 -> 1.1885987 | E12: ='3. BL Demand'!I9 -> 1.3554107 | F12: ='3. BL Demand'!J9 -> 1.413716 | G12: ='3. BL Demand'!K9 -> 1.4718689 | H12: ='3. BL Demand'!L9 -> 1.5188797 | I12: ='3. BL Demand'!M9 -> 1.5527566 | J12: ='3. BL Demand'!N9 -> 1.5958719 | K12: ='3. BL Demand'!O9 -> 1.6251285 | ... AK12: ='3. BL Demand'!AO9 -> 1.843531
A13: 25FP | B13: Measured household consumption | C13: Ml/d | D13: ='8. FP Demand'!H9 -> 1.1885987 | E13: ='8. FP Demand'!I9 -> 1.3554107 | F13: ='8. FP Demand'!J9 -> 1.413716 | G13: ='8. FP Demand'!K9 -> 1.4718689 | H13: ='8. FP Demand'!L9 -> 1.5188797 | I13: ='8. FP Demand'!M9 -> 1.5527566 | J13: ='8. FP Demand'!N9 -> 1.5958719 | K13: ='8. FP Demand'!O9 -> 1.6251285 | ... AK13: ='8. FP Demand'!AO9 -> 1.843531
A14: 23BL+24BL | B14: Non-household consumption | C14: Ml/d | D14: ='3. BL Demand'!H7+'3. BL Demand'!H8 -> 3.6705536 | E14: ='3. BL Demand'!I7+'3. BL Demand'!I8 -> 3.6827538 | F14: ='3. BL Demand'!J7+'3. BL Demand'!J8 -> 3.6888677 | G14: ='3. BL Demand'!K7+'3. BL Demand'!K8 -> 3.6886764 | H14: ='3. BL Demand'!L7+'3. BL Demand'!L8 -> 3.6935468 | I14: ='3. BL Demand'!M7+'3. BL Demand'!M8 -> 3.7082789 | J14: ='3. BL Demand'!N7+'3. BL Demand'!N8 -> 3.675502 | K14: ='3. BL Demand'!O7+'3. BL Demand'!O8 -> 3.6676946 | ... AK14: ='3. BL Demand'!AO7+'3. BL Demand'!AO8 -> 3.5105721
A15: 23FP+24FP | B15: Non-household consumption | C15: Ml/d | D15: ='8. FP Demand'!H7+'8. FP Demand'!H8 -> 3.6705536 | E15: ='8. FP Demand'!I7+'8. FP Demand'!I8 -> 3.6827538 | F15: ='8. FP Demand'!J7+'8. FP Demand'!J8 -> 3.6888677 | G15: ='8. FP Demand'!K7+'8. FP Demand'!K8 -> 3.6886764 | H15: ='8. FP Demand'!L7+'8. FP Demand'!L8 -> 3.6935468 | I15: ='8. FP Demand'!M7+'8. FP Demand'!M8 -> 3.7082789 | J15: ='8. FP Demand'!N7+'8. FP Demand'!N8 -> 3.675502 | K15: ='8. FP Demand'!O7+'8. FP Demand'!O8 -> 3.6676946 | ... AK15: ='8. FP Demand'!AO7+'8. FP Demand'!AO8 -> 3.5105721
A16: 40BL | B16: Total leakage | C16: Ml/d | D16: ='3. BL Demand'!H36 -> 2.9464576 | E16: ='3. BL Demand'!I36 -> 3.0650032 | F16: ='3. BL Demand'!J36 -> 3.0650032 | G16: ='3. BL Demand'!K36 -> 3.0490046 | H16: ='3. BL Demand'!L36 -> 2.9317923 | I16: ='3. BL Demand'!M36 -> 2.81458 | J16: ='3. BL Demand'!N36 -> 2.6973677 | K16: ='3. BL Demand'!O36 -> 2.5801553 | ... AK16: ='3. BL Demand'!AO36 -> 1.2917533
A17: 40FP | B17: Total leakage | C17: Ml/d | D17: ='8. FP Demand'!H36 -> 2.9464576 | E17: ='8. FP Demand'!I36 -> 3.0650032 | F17: ='8. FP Demand'!J36 -> 3.0650032 | G17: ='8. FP Demand'!K36 -> 3.0490046 | H17: ='8. FP Demand'!L36 -> 2.9317923 | I17: ='8. FP Demand'!M36 -> 2.81458 | J17: ='8. FP Demand'!N36 -> 2.6973677 | K17: ='8. FP Demand'!O36 -> 2.5801553 | ... AK17: ='8. FP Demand'!AO36 -> 1.2917533
A18: 11BL-(23BL:26BL)-40BL | B18: Other components of demand | C18: Ml/d | D18: ='4. BL SDB'!H3-('3. BL Demand'!H7+'3. BL Demand'!H8+'3. BL Demand'!H9+'3. BL Demand'!H10)-'3. BL Demand'!H36 -> 0.27601719 | E18: ='4. BL SDB'!I3-('3. BL Demand'!I7+'3. BL Demand'!I8+'3. BL Demand'!I9+'3. BL Demand'!I10)-'3. BL Demand'!I36 -> 0.27724986 | F18: ='4. BL SDB'!J3-('3. BL Demand'!J7+'3. BL Demand'!J8+'3. BL Demand'!J9+'3. BL Demand'!J10)-'3. BL Demand'!J36 -> 0.27803624 | G18: ='4. BL SDB'!K3-('3. BL Demand'!K7+'3. BL Demand'!K8+'3. BL Demand'!K9+'3. BL Demand'!K10)-'3. BL Demand'!K36 -> 0.27884419 | H18: ='4. BL SDB'!L3-('3. BL Demand'!L7+'3. BL Demand'!L8+'3. BL Demand'!L9+'3. BL Demand'!L10)-'3. BL Demand'!L36 -> 0.27973075 | I18: ='4. BL SDB'!M3-('3. BL Demand'!M7+'3. BL Demand'!M8+'3. BL Demand'!M9+'3. BL Demand'!M10)-'3. BL Demand'!M36 -> 0.28059258 | J18: ='4. BL SDB'!N3-('3. BL Demand'!N7+'3. BL Demand'!N8+'3. BL Demand'!N9+'3. BL Demand'!N10)-'3. BL Demand'!N36 -> 0.2814403 | K18: ='4. BL SDB'!O3-('3. BL Demand'!O7+'3. BL Demand'!O8+'3. BL Demand'!O9+'3. BL Demand'!O10)-'3. BL Demand'!O36 -> 0.28226139 | ... AK18: ='4. BL SDB'!AO3-('3. BL Demand'!AO7+'3. BL Demand'!AO8+'3. BL Demand'!AO9+'3. BL Demand'!AO10)-'3. BL Demand'!AO36 -> 0.3034822
A19: 11FP-(23FP:26FP)-40FP | B19: Other components of demand | C19: Ml/d | D19: ='9. FP SDB'!H3-('8. FP Demand'!H7+'8. FP Demand'!H8+'8. FP Demand'!H9+'8. FP Demand'!H10)-'8. FP Demand'!H36 -> 0.27601719 | E19: ='9. FP SDB'!I3-('8. FP Demand'!I7+'8. FP Demand'!I8+'8. FP Demand'!I9+'8. FP Demand'!I10)-'8. FP Demand'!I36 -> 0.27724986 | F19: ='9. FP SDB'!J3-('8. FP Demand'!J7+'8. FP Demand'!J8+'8. FP Demand'!J9+'8. FP Demand'!J10)-'8. FP Demand'!J36 -> 0.27803624 | G19: ='9. FP SDB'!K3-('8. FP Demand'!K7+'8. FP Demand'!K8+'8. FP Demand'!K9+'8. FP Demand'!K10)-'8. FP Demand'!K36 -> 0.27884419 | H19: ='9. FP SDB'!L3-('8. FP Demand'!L7+'8. FP Demand'!L8+'8. FP Demand'!L9+'8. FP Demand'!L10)-'8. FP Demand'!L36 -> 0.27973075 | I19: ='9. FP SDB'!M3-('8. FP Demand'!M7+'8. FP Demand'!M8+'8. FP Demand'!M9+'8. FP Demand'!M10)-'8. FP Demand'!M36 -> 0.28059258 | J19: ='9. FP SDB'!N3-('8. FP Demand'!N7+'8. FP Demand'!N8+'8. FP Demand'!N9+'8. FP Demand'!N10)-'8. FP Demand'!N36 -> 0.2814403 | K19: ='9. FP SDB'!O3-('8. FP Demand'!O7+'8. FP Demand'!O8+'8. FP Demand'!O9+'8. FP Demand'!O10)-'8. FP Demand'!O36 -> 0.28226139 | ... AK19: ='9. FP SDB'!AO3-('8. FP Demand'!AO7+'8. FP Demand'!AO8+'8. FP Demand'!AO9+'8. FP Demand'!AO10)-'8. FP Demand'!AO36 -> 0.3034822
B20: Total demand + target headroom (baseline) | C20: Ml/d | D20: =D18+D16+D14+D12+D10+D23 -> 12.464012 | E20: =E18+E16+E14+E12+E10+E23 -> 12.780871 | F20: =F18+F16+F14+F12+F10+F23 -> 12.872486 | G20: =G18+G16+G14+G12+G10+G23 -> 12.950298 | H20: =H18+H16+H14+H12+H10+H23 -> 12.88948 | I20: =I18+I16+I14+I12+I10+I23 -> 12.810417 | J20: =J18+J16+J14+J12+J10+J23 -> 12.707077 | K20: =K18+K16+K14+K12+K10+K23 -> 12.592155 | ... AK20: =AK18+AK16+AK14+AK12+AK10+AK23 -> 10.422374
B21: Total demand + target headroom (final plan) | C21: Ml/d | D21: =D11+D13+D15+D17+D19+D24 -> 12.464012 | E21: =E11+E13+E15+E17+E19+E24 -> 12.780871 | F21: =F11+F13+F15+F17+F19+F24 -> 12.872486 | G21: =G11+G13+G15+G17+G19+G24 -> 12.950298 | H21: =H11+H13+H15+H17+H19+H24 -> 12.88948 | I21: =I11+I13+I15+I17+I19+I24 -> 12.810417 | J21: =J11+J13+J15+J17+J19+J24 -> 12.707077 | K21: =K11+K13+K15+K17+K19+K24 -> 12.592155 | ... AK21: =AK11+AK13+AK15+AK17+AK19+AK24 -> 10.422374
B22: SUPPLY-DEMAND BALANCE
A23: 16BL | B23: Target headroom | C23: Ml/d | D23: ='4. BL SDB'!H8 -> 0.70182863 | E23: ='4. BL SDB'!I8 -> 0.79383057 | F23: ='4. BL SDB'!J8 -> 0.87537625 | G23: ='4. BL SDB'!K8 -> 0.96535481 | H23: ='4. BL SDB'!L8 -> 1.0474929 | I23: ='4. BL SDB'!M8 -> 1.1357821 | J23: ='4. BL SDB'!N8 -> 1.2148523 | K23: ='4. BL SDB'!O8 -> 1.2913416 | ... AK23: ='4. BL SDB'!AO8 -> 2.1135634
A24: 16FP | B24: Target headroom | C24: Ml/d | D24: ='9. FP SDB'!H8 -> 0.70182863 | E24: ='9. FP SDB'!I8 -> 0.79383057 | F24: ='9. FP SDB'!J8 -> 0.87537625 | G24: ='9. FP SDB'!K8 -> 0.96535481 | H24: ='9. FP SDB'!L8 -> 1.0474929 | I24: ='9. FP SDB'!M8 -> 1.1357821 | J24: ='9. FP SDB'!N8 -> 1.2148523 | K24: ='9. FP SDB'!O8 -> 1.2913416 | ... AK24: ='9. FP SDB'!AO8 -> 2.1135634
A25: 17BL | B25: Available headroom | C25: Ml/d | D25: ='4. BL SDB'!H9 -> 5.0168774 | E25: ='4. BL SDB'!I9 -> 3.8206207 | F25: ='4. BL SDB'!J9 -> 3.7722433 | G25: ='4. BL SDB'!K9 -> 3.7493422 | H25: ='4. BL SDB'!L9 -> 3.8701697 | I25: ='4. BL SDB'!M9 -> 4.0148338 | J25: ='4. BL SDB'!N9 -> 4.1820143 | K25: ='4. BL SDB'!O9 -> 4.3560479 | ... AK25: ='4. BL SDB'!AO9 -> 7.264678
A26: 17FP | B26: Available headroom | C26: Ml/d | D26: ='9. FP SDB'!H9 -> 5.0168774 | E26: ='9. FP SDB'!I9 -> 3.8206207 | F26: ='9. FP SDB'!J9 -> 3.7722433 | G26: ='9. FP SDB'!K9 -> 3.7493422 | H26: ='9. FP SDB'!L9 -> 3.8701697 | I26: ='9. FP SDB'!M9 -> 4.0148338 | J26: ='9. FP SDB'!N9 -> 4.1820143 | K26: ='9. FP SDB'!O9 -> 4.3560479 | ... AK26: ='9. FP SDB'!AO9 -> 7.264678
A29: Baseline Supply-Demand Balance:
C30: =H5 -> 2020-21 | D30: =I5 -> 2021-22 | E30: =J5 -> 2022-23 | F30: =K5 -> 2023-24 | G30: =L5 -> 2024-25 | H30: =M5 -> 2025-26 | I30: =N5 -> 2026-27 | J30: =O5 -> 2027-28 | ... AF30: =AK5 -> 2049-50
B31: SDB (Ml/d) | C31: ='4. BL SDB'!L10 -> 2.8226768 | D31: ='4. BL SDB'!M10 -> 2.8790518 | E31: ='4. BL SDB'!N10 -> 2.967162 | F31: ='4. BL SDB'!O10 -> 3.0647063 | G31: ='4. BL SDB'!P10 -> 3.117848 | H31: ='4. BL SDB'!Q10 -> 3.268468 | I31: ='4. BL SDB'!R10 -> 3.2728431 | J31: ='4. BL SDB'!S10 -> 3.2378108 | ... AF31: ='4. BL SDB'!AO10 -> 5.1511146
A64: Final Planning Supply-Demand Balance:
C65: =H5 -> 2020-21 | D65: =I5 -> 2021-22 | E65: =J5 -> 2022-23 | F65: =K5 -> 2023-24 | G65: =L5 -> 2024-25 | H65: =M5 -> 2025-26 | I65: =N5 -> 2026-27 | J65: =O5 -> 2027-28 | ... AF65: =AK5 -> 2049-50
B66: SDB (Ml/d) | C66: ='9. FP SDB'!L10 -> 2.8226768 | D66: ='9. FP SDB'!M10 -> 2.8790518 | E66: ='9. FP SDB'!N10 -> 2.967162 | F66: ='9. FP SDB'!O10 -> 3.0647063 | G66: ='9. FP SDB'!P10 -> 3.117848 | H66: ='9. FP SDB'!Q10 -> 3.268468 | I66: ='9. FP SDB'!R10 -> 3.2728431 | J66: ='9. FP SDB'!S10 -> 3.2378108 | ... AF66: ='9. FP SDB'!AO10 -> 5.1511146
B102: Company: | I102: ='TITLE PAGE'!D9 -> Dŵr Cymru Welsh Water
B103: Resource Zone Name | I103: ='TITLE PAGE'!D10 -> Lleyn Harlech
B104: Resource Zone Number: | I104: ='TITLE PAGE'!D11 -> 8034
B105: Planning Scenario Name: | I105: ='TITLE PAGE'!D12 -> Dry Year Annual Average
B106: Chosen Level of Service: | I106: ='TITLE PAGE'!D13 -> 1 in 20

Sheet 1. BL Licences
C1: Table 1: Baseline licences | H1: deployable output (Ml/d)
C2: Row ref | D2: Derivation | E2: Licence number | F2: Source name | G2: Source type | H2: Deployable output (Ml/d) | I2: Annual licensed quantity (Ml/d) | J2: Constraints on deployable output | K2: Additional notes (if desired)
C3: All individual licences:
C4: 0.1BL | D4: Sum (0.1BL+...) | E4: - | F4: - | G4: - | H4: =SUM(H5:H9) -> 4.1735398 | I4: =SUM(I5:I9) -> 6.8272329 | J4: -
C5: - | D5: Input | E5: 23/65/14/0002 | F5: LLYN CWM DULYN | G5: SW:Reservoir | H5: 1.667419 | I5: 2.2812329 | J5: Garndolbenmaen WTW capacity. | K5: 0
D6: Input | E6: 23/64/16/0008 | F6: LLYN EIDDEW MAWR RESERVOIR, TALSARNAU, G | G6: SW:Reservoir | H6: 1.0383927 | I6: 2.273 | J6: Garndolbenmaen WTW capacity. | K6: 0
D7: Input | E7: 23/65/3/0001 | F7: Llyn Tecwyn Uchaf & Tallin Stream near Llandecwyn | G7: SW:Reservoir | H7: 1.4677281 | I7: 2.273 | J7: Garndolbenmaen WTW capacity. | K7: 0
D9: Input
C10: Grouped licences | D10: Derivation | E10: Licence number | F10: Source name | G10: Source type | H10: DYAA deployable output (Ml/d) | I10: Annual licensed quantity (Ml/d)
C11: 0.2BL | D11: Sum (0.2BL+...) | E11: - | F11: Total | G11: - | H11: =SUM(H13:H18) -> 13.26946 | I11: - | J11: -
C12: - | D12: - | E12: Group #: 1 | G12: - | H12: =SUM(H13:H17) -> 13.26946 | I12: - | J12: -
C13: - | D13: Input | E13: 23/65/8/0016 | F13: AFON DWYFOR, GARNDOLBENMAEN | G13: SW:River | H13: 5.3017934 | I13: 6.3287671 | J13: Garndolbenmaen WTW capacity. | K13: 0
C14: - | D14: Input | E14: 23/65/8/0019 | F14: CWMYSTRADLLYN RESERVOIR | G14: SW:Reservoir | H14: 7.9676669 | I14: 12.305205 | J14: Garndolbenmaen WTW capacity. | K14: 0
C15: - | D15: Input
C16: - | D16: Input
C17: - | D17: Input
C18: Unused licences: | D18: Derivation | E18: Licence number | F18: Source name | G18: Source type | H18: DYAA deployable output (Ml/d) | I18: Annual licensed quantity (Ml/d) | J18: Reason licence is unused
C19: 0.3BL | D19: Sum (0.3BL+...) | E19: - | F19: - | G19: - | H19: =SUM(H20:H22) -> 0 | I19: =SUM(I20:I22) -> 0 | J19: -
D20: Input
D21: Input
C22: - | D22: Input
C23: New licences (within current AMP): | D23: Derivation | E23: Licence number | F23: Source name | G23: Source type | H23: DYAA deployable output (Ml/d) | I23: Annual licensed quantity (Ml/d) | J23: Status of licence
C24: 0.4BL | D24: Sum (0.4BL+...) | E24: - | F24: - | G24: - | H24: =SUM(H25:H26) -> 0 | I24: =SUM(I25:I26) -> 0 | J24: -
D25: Input
C26: - | D26: Input
C27: - | D27: - | E27: - | F27: - | G27: - | H27: - | I27: - | J27: -
C28: Company: | E28: ='TITLE PAGE'!D9 -> Dŵr Cymru Welsh Water
C29: Resource Zone Name: | E29: ='TITLE PAGE'!D10 -> Lleyn Harlech
C30: Resource Zone Number: | E30: ='TITLE PAGE'!D11 -> 8034
C31: Planning Scenario Name: | E31: ='TITLE PAGE'!D12 -> Dry Year Annual Average
C32: Chosen Level of Service: | E32: ='TITLE PAGE'!D13 -> 1 in 20
C35: README

Sheet 2. BL Supply
C1: Table 2: Baseline supply
C2: Row ref | D2: Component | E2: Derivation | F2: Unit | G2: decimal places | H2: ='TITLE PAGE'!D14 -> 2015-16 | I2: ='WRZ summary'!E5 -> For info 2017-18 | J2: ='WRZ summary'!F5 -> For info 2018-19 | K2: ='WRZ summary'!G5 -> For info 2019-20 | L2: ='WRZ summary'!H5 -> 2020-21 | M2: ='WRZ summary'!I5 -> 2021-22 | N2: ='WRZ summary'!J5 -> 2022-23 | O2: ='WRZ summary'!K5 -> 2023-24 | P2: ='WRZ summary'!L5 -> 2024-25 | ... AO2: ='WRZ summary'!AK5 -> 2049-50
C3: 1BL | D3: Raw water abstracted | E3: Input | F3: Ml/d | G3: 2 | H3: 12.123107 | I3: ='4. BL SDB'!I3+I25+I10+I24-I7-I4 -> 13.244392 | J3: ='4. BL SDB'!J3+J25+J10+J24-J7-J4 -> 13.253022 | K3: ='4. BL SDB'!K3+K25+K10+K24-K7-K4 -> 13.239416 | L3: ='4. BL SDB'!L3+L25+L10+L24-L7-L4 -> 13.095022 | M3: ='4. BL SDB'!M3+M25+M10+M24-M7-M4 -> 12.92623 | N3: ='4. BL SDB'!N3+N25+N10+N24-N7-N4 -> 12.742381 | O3: ='4. BL SDB'!O3+O25+O10+O24-O7-O4 -> 12.54953 | P3: ='4. BL SDB'!P3+P25+P10+P24-P7-P4 -> 12.390172 | ... AO3: ='4. BL SDB'!AO3+AO25+AO10+AO24-AO7-AO4 -> 9.5409799
B4: Resources | C4: 2BL | D4: Total raw water imported | E4: sum(2.1BL+2.2BL+2.3BL...) | F4: Ml/d | G4: 2 | H4: =SUM(H5:H6) -> 0 | I4: =SUM(I5:I6) -> 0 | J4: =SUM(J5:J6) -> 0 | K4: =SUM(K5:K6) -> 0 | L4: =SUM(L5:L6) -> 0 | M4: =SUM(M5:M6) -> 0 | N4: =SUM(N5:N6) -> 0 | O4: =SUM(O5:O6) -> 0 | ... AO4: =SUM(AO5:AO6) -> 0
C5: 2.1BL+ | D5: Raw water imported from: None | E5: Input | F5: Ml/d | G5: 2 | H5: 0 | I5: 0 | J5: 0 | K5: 0 | L5: 0 | M5: 0 | N5: 0 | O5: 0 | P5: 0 | Q5: 0 | R5: 0 | S5: 0 | T5: 0 | U5: 0 | V5: 0 | W5: 0 | X5: 0 | Y5: 0 | Z5: 0 | AA5: 0 | AB5: 0 | AC5: 0 | AD5: 0 | AE5: 0 | AF5: 0 | AG5: 0 | AH5: 0 | AI5: 0 | AJ5: 0 | AK5: 0 | AL5: 0 | AM5: 0 | AN5: 0 | AO5: 0
C6: - | D6: - | E6: - | F6: - | G6: 2 | H6: - | I6: - | J6: - | K6: - | L6: - | M6: - | N6: - | O6: - | P6: - | Q6: - | R6: - | S6: - | T6: - | U6: - | V6: - | W6: - | X6: - | Y6: - | Z6: - | AA6: - | AB6: - | AC6: - | AD6: - | AE6: - | AF6: - | AG6: - | AH6: - | AI6: - | AJ6: - | AK6: - | AL6: - | AM6: - | AN6: - | AO6: -
C7: 3BL | D7: Total potable water imported | E7: sum(3.1BL+3.2BL+3.3BL...) | F7: Ml/d | G7: 2 | H7: =SUM(H8:H9) -> 0.27561489 | I7: =SUM(I8:I9) -> 0 | J7: =SUM(J8:J9) -> 0 | K7: =SUM(K8:K9) -> 0 | L7: =SUM(L8:L9) -> 0 | M7: =SUM(M8:M9) -> 0 | N7: =SUM(N8:N9) -> 0 | O7: =SUM(O8:O9) -> 0 | ... AO7: =SUM(AO8:AO9) -> 0
C8: 3.1BL+ | D8: Potable water imported from: None | E8: Input | F8: Ml/d | G8: 2 | H8: 0.27561489 | I8: 0 | J8: 0 | K8: 0 | L8: 0 | M8: 0 | N8: 0 | O8: 0 | P8: 0 | Q8: 0 | R8: 0 | S8: 0 | T8: 0 | U8: 0 | V8: 0 | W8: 0 | X8: 0 | Y8: 0 | Z8: 0 | AA8: 0 | AB8: 0 | AC8: 0 | AD8: 0 | AE8: 0 | AF8: 0 | AG8: 0 | AH8: 0 | AI8: 0 | AJ8: 0 | AK8: 0 | AL8: 0 | AM8: 0 | AN8: 0 | AO8: 0
C9: - | D9: - | E9: - | F9: - | G9: 2 | H9: - | I9: - | J9: - | K9: - | L9: - | M9: - | N9: - | O9: - | P9: - | Q9: - | R9: - | S9: - | T9: - | U9: - | V9: - | W9: - | X9: - | Y9: - | Z9: - | AA9: - | AB9: - | AC9: - | AD9: - | AE9: - | AF9: - | AG9: - | AH9: - | AI9: - | AJ9: - | AK9: - | AL9: - | AM9: - | AN9: - | AO9: -
C10: 5BL | D10: Total raw water exported (raw exports and non potable uses) | E10: sum(5.1BL+5.2BL+...) | F10: Ml/d | G10: 2 | H10: =SUM(H11:H13) -> 0 | I10: =SUM(I11:I13) -> 0 | J10: =SUM(J11:J13) -> 0 | K10: =SUM(K11:K13) -> 0 | L10: =SUM(L11:L13) -> 0 | M10: =SUM(M11:M13) -> 0 | N10: =SUM(N11:N13) -> 0 | O10: =SUM(O11:O13) -> 0 | ... AO10: =SUM(AO11:AO13) -> 0
C11: 5.1BL | D11: Non potable water supplied to: | E11: Input | F11: Ml/d | G11: 2 | H11: 0 | I11: 0 | J11: 0 | K11: 0 | L11: 0 | M11: 0 | N11: 0 | O11: 0 | P11: 0 | Q11: 0 | R11: 0 | S11: 0 | T11: 0 | U11: 0 | V11: 0 | W11: 0 | X11: 0 | Y11: 0 | Z11: 0 | AA11: 0 | AB11: 0 | AC11: 0 | AD11: 0 | AE11: 0 | AF11: 0 | AG11: 0 | AH11: 0 | AI11: 0 | AJ11: 0 | AK11: 0 | AL11: 0 | AM11: 0 | AN11: 0 | AO11: 0
C12: 5.2BL+ | D12: Raw water export to: None | E12: Input | F12: Ml/d | G12: 2 | H12: 0 | I12: 0 | J12: 0 | K12: 0 | L12: 0 | M12: 0 | N12: 0 | O12: 0 | P12: 0 | Q12: 0 | R12: 0 | S12: 0 | T12: 0 | U12: 0 | V12: 0 | W12: 0 | X12: 0 | Y12: 0 | Z12: 0 | AA12: 0 | AB12: 0 | AC12: 0 | AD12: 0 | AE12: 0 | AF12: 0 | AG12: 0 | AH12: 0 | AI12: 0 | AJ12: 0 | AK12: 0 | AL12: 0 | AM12: 0 | AN12: 0 | AO12: 0
C13: - | E13: - | F13: - | G13: 2 | H13: - | I13: - | J13: - | K13: - | L13: - | M13: - | N13: - | O13: - | P13: - | Q13: - | R13: - | S13: - | T13: - | U13: - | V13: - | W13: - | X13: - | Y13: - | Z13: - | AA13: - | AB13: - | AC13: - | AD13: - | AE13: - | AF13: - | AG13: - | AH13: - | AI13: - | AJ13: - | AK13: - | AL13: - | AM13: - | AN13: - | AO13: -
C14: 6BL | D14: Total potable water exported | E14: sum(6.1BL+6.2BL+6.3BL...) | F14: Ml/d | G14: 2 | H14: =SUM(H15:H16) -> 0.33838462 | I14: =SUM(I15:I16) -> 0.34674703 | J14: =SUM(J15:J16) -> 0.35525347 | K14: =SUM(K15:K16) -> 0.36051932 | L14: =SUM(L15:L16) -> 0.352846 | M14: =SUM(M15:M16) -> 0.34573316 | N14: =SUM(N15:N16) -> 0.33116064 | O14: =SUM(O15:O16) -> 0.31873701 | ... AO14: =SUM(AO15:AO16) -> 0.059389763
C15: 6.1BL+ | D15: Potable water export to: Barmouth | E15: Input | F15: Ml/d | G15: 2 | H15: 0.33838462 | I15: 0.34674703 | J15: 0.35525347 | K15: 0.36051932 | L15: 0.352846 | M15: 0.34573316 | N15: 0.33116064 | O15: 0.31873701 | P15: 0.31140028 | Q15: 0.28840716 | R15: 0.28246719 | S15: 0.28157874 | T15: 0.27785905 | U15: 0.27240976 | V15: 0.24661707 | W15: 0.23507738 | X15: 0.22331933 | Y15: 0.21202297 | Z15: 0.20033477 | AA15: 0.17951122 | AB15: 0.17160001 | AC15: 0.16295243 | AD15: 0.15531268 | AE15: 0.14809442 | AF15: 0.1281841 | AG15: 0.12022771 | AH15: 0.11330718 | AI15: 0.10557482 | AJ15: 0.097326203 | AK15: 0.089594054 | AL15: 0.082840847 | AM15: 0.074806192 | AN15: 0.0671159 | AO15: 0.059389763
C16: - | E16: - | F16: Ml/d | G16: 2 | H16: - | I16: - | J16: - | K16: - | L16: - | M16: - | N16: - | O16: - | P16: - | Q16: - | R16: - | S16: - | T16: - | U16: - | V16: - | W16: - | X16: - | Y16: - | Z16: - | AA16: - | AB16: - | AC16: - | AD16: - | AE16: - | AF16: - | AG16: - | AH16: - | AI16: - | AJ16: - | AK16: - | AL16: - | AM16: - | AN16: - | AO16: -
C17: 7BL | D17: Deployable Output (baseline profile without reductions) | E17: sum(0.1Bl+0.2BL+0.3BL+0.4BL) | F17: Ml/d | G17: 2 | H17: =SUM('1. BL Licences'!H4,'1. BL Licences'!H11,'1. BL Licences'!H19,'1. BL Licences'!H24) -> 17.443 | I17: =L17 -> 17.443 | J17: =M17 -> 17.443 | K17: =N17 -> 17.443 | L17: =$H$17 -> 17.443 | M17: =$H$17 -> 17.443 | N17: =$H$17 -> 17.443 | O17: =$H$17 -> 17.443 | P17: =$H$17 -> 17.443 | Q17: =$H$17 -> 17.443 | R17: =$H$17 -> 17.443 | S17: =$H$17 -> 17.443 | ... AO17: =$H$17 -> 17.443
B18: Resource (and process) Losses | C18: 8BL | D18: Baseline forecast changes to Deployable Output | E18: sum(8.1BL+8.2BL+8.3BL) | F18: Ml/d | G18: 2 | H18: =H19+H20+H23 -> 0 | I18: =I19+I20+I23 -> -0.031240667 | J18: =J19+J20+J23 -> -0.062481333 | K18: =K19+K20+K23 -> -0.093722 | L18: =L19+L20+L23 -> -0.12496267 | M18: =M19+M20+M23 -> -0.15620333 | N18: =N19+N20+N23 -> -0.187444 | O18: =O19+O20+O23 -> -0.21868467 | ... AO18: =AO19+AO20+AO23 -> -0.57795233
C19: 8.1BL | D19: Change in DO due to climate change | E19: Input (reductions must be expressed as -ve) | F19: Ml/d | G19: 2 | H19: 0 | I19: -0.031240667 | J19: -0.062481333 | K19: -0.093722 | L19: -0.12496267 | M19: -0.15620333 | N19: -0.187444 | O19: -0.21868467 | P19: -0.24992533 | Q19: -0.281166 | R19: -0.31240667 | S19: -0.34364733 | T19: -0.374888 | U19: -0.40612867 | V19: -0.42955917 | W19: -0.43736933 | X19: -0.4451795 | Y19: -0.45298967 | Z19: -0.46079983 | AA19: -0.46861 | AB19: -0.47642017 | AC19: -0.48423033 | AD19: -0.4920405 | AE19: -0.49985067 | AF19: -0.50766083 | AG19: -0.515471 | AH19: -0.52328117 | AI19: -0.53109133 | AJ19: -0.5389015 | AK19: -0.54671167 | AL19: -0.55452183 | AM19: -0.562332 | AN19: -0.57014217 | AO19: -0.57795233
C20: 8.2BL | D20: Reductions to restore sustainable abstraction | E20: sum(8.2BL sub components) | F20: Ml/d | G20: 2 | H20: =SUM(H21:H22) -> 0 | I20: =SUM(I21:I22) -> 0 | J20: =SUM(J21:J22) -> 0 | K20: =SUM(K21:K22) -> 0 | L20: =SUM(L21:L22) -> 0 | M20: =SUM(M21:M22) -> 0 | N20: =SUM(N21:N22) -> 0 | O20: =SUM(O21:O22) -> 0 | ... AO20: =SUM(AO21:AO22) -> 0
C21: 8.2BL+ | D21: Total for the zone | E21: Input (zero or negative number) | F21: Ml/d | G21: 2 | H21: 0 | I21: 0 | J21: 0 | K21: 0 | L21: 0 | M21: 0 | N21: 0 | O21: 0 | P21: 0 | Q21: 0 | R21: 0 | S21: 0 | T21: 0 | U21: 0 | V21: 0 | W21: 0 | X21: 0 | Y21: 0 | Z21: 0 | AA21: 0 | AB21: 0 | AC21: 0 | AD21: 0 | AE21: 0 | AF21: 0 | AG21: 0 | AH21: 0 | AI21: 0 | AJ21: 0 | AK21: 0 | AL21: 0 | AM21: 0 | AN21: 0 | AO21: 0
C22: - | E22: - | F22: - | G22: 2 | H22: - | I22: - | J22: - | K22: - | L22: - | M22: - | N22: - | O22: - | P22: - | Q22: - | R22: - | S22: - | T22: - | U22: - | V22: - | W22: - | X22: - | Y22: - | Z22: - | AA22: - | AB22: - | AC22: - | AD22: - | AE22: - | AF22: - | AG22: - | AH22: - | AI22: - | AJ22: - | AK22: - | AL22: - | AM22: - | AN22: - | AO22: -
C23: 8.3BL | D23: Total other changes to DO (specify, e.g. nitrates): None | E23: Input (reductions must be expressed as -ve) | F23: Ml/d | G23: 2 | H23: 0 | I23: 0 | J23: 0 | K23: 0 | L23: 0 | M23: 0 | N23: 0 | O23: 0 | P23: 0 | Q23: 0 | R23: 0 | S23: 0 | T23: 0 | U23: 0 | V23: 0 | W23: 0 | X23: 0 | Y23: 0 | Z23: 0 | AA23: 0 | AB23: 0 | AC23: 0 | AD23: 0 | AE23: 0 | AF23: 0 | AG23: 0 | AH23: 0 | AI23: 0 | AJ23: 0 | AK23: 0 | AL23: 0 | AM23: 0 | AN23: 0 | AO23: 0
C24: 9BL | D24: Raw water losses, treatment works losses and operational use | E24: Input | F24: Ml/d | G24: 2 | H24: 0.39233481 | I24: 0.87355425 | J24: 0.87280298 | K24: 0.8720517 | L24: 0.87130043 | M24: 0.87054916 | N24: 0.86979788 | O24: 0.86904661 | P24: 0.86829533 | Q24: 0.86754406 | R24: 0.86679279 | S24: 0.86604151 | T24: 0.86529024 | U24: 0.86453897 | V24: 0.86397551 | W24: 0.86378769 | X24: 0.86359987 | Y24: 0.86341205 | Z24: 0.86322424 | AA24: 0.86303642 | AB24: 0.8628486 | AC24: 0.86266078 | AD24: 0.86247296 | AE24: 0.86228514 | AF24: 0.86209732 | AG24: 0.86190951 | AH24: 0.86172169 | AI24: 0.86153387 | AJ24: 0.86134605 | AK24: 0.86115823 | AL24: 0.86097041 | AM24: 0.8607826 | AN24: 0.86059478 | AO24: 0.86040696
C25: 10BL | D25: Outage allowance | E25: Input | F25: Ml/d | G25: 2 | H25: 0.208835 | I25: 0.38379678 | J25: 0.38310907 | K25: 0.38242136 | L25: 0.38173365 | M25: 0.38104593 | N25: 0.38035822 | O25: 0.37967051 | P25: 0.3789828 | Q25: 0.37829509 | R25: 0.37760738 | S25: 0.37691967 | T25: 0.37623196 | U25: 0.37554425 | V25: 0.37502847 | W25: 0.37485654 | X25: 0.37468461 | Y25: 0.37451269 | Z25: 0.37434076 | AA25: 0.37416883 | AB25: 0.3739969 | AC25: 0.37382497 | AD25: 0.37365305 | AE25: 0.37348112 | AF25: 0.37330919 | AG25: 0.37313726 | AH25: 0.37296534 | AI25: 0.37279341 | AJ25: 0.37262148 | AK25: 0.37244955 | AL25: 0.37227763 | AM25: 0.3721057 | AN25: 0.37193377 | AO25: 0.37176184
D28: ='TITLE PAGE'!B9 -> Company: | E28: ='TITLE PAGE'!D9 -> Dŵr Cymru Welsh Water
D29: ='TITLE PAGE'!B10 -> Resource Zone Name: | E29: ='TITLE PAGE'!D10 -> Lleyn Harlech
D30: ='TITLE PAGE'!B11 -> Resource Zone Number: | E30: ='TITLE PAGE'!D11 -> 8034
D31: ='TITLE PAGE'!B12 -> Planning Scenario Name: | E31: ='TITLE PAGE'!D12 -> Dry Year Annual Average
D32: ='TITLE PAGE'!B13 -> Chosen Level of Service: | E32: ='TITLE PAGE'!D13 -> 1 in 20

Sheet 3. BL Demand
C1: Table 3: Baseline demand
C2: Row ref | D2: Component | E2: Derivation | F2: Unit | G2: Decimal places | H2: 2015-16 | I2: ='WRZ summary'!E5 -> For info 2017-18 | J2: ='WRZ summary'!F5 -> For info 2018-19 | K2: ='WRZ summary'!G5 -> For info 2019-20 | L2: ='WRZ summary'!H5 -> 2020-21 | M2: ='WRZ summary'!I5 -> 2021-22 | N2: ='WRZ summary'!J5 -> 2022-23 | O2: ='WRZ summary'!K5 -> 2023-24 | P2: ='WRZ summary'!L5 -> 2024-25 | ... AO2: ='WRZ summary'!AK5 -> 2049-50
B3: Consumption | C3: 19BL | D3: Water delivered measured non-household | E3: Input | F3: Ml/d | G3: 2 | H3: 3.3061347 | I3: 3.3294431 | J3: 3.3408608 | K3: 3.3458114 | L3: 3.3556708 | M3: 3.375231 | N3: 3.3471377 | O3: 3.3438611 | P3: 3.3405122 | Q3: 3.3373288 | R3: 3.3342115 | S3: 3.3310253 | T3: 3.3279391 | U3: 3.3248494 | V3: 3.3217868 | W3: 3.3187211 | X3: 3.315651 | Y3: 3.312576 | Z3: 3.3094961 | AA3: 3.3065494 | AB3: 3.3035996 | AC3: 3.3006466 | AD3: 3.2976906 | AE3: 3.2947315 | AF3: 3.2917694 | AG3: 3.2888045 | AH3: 3.285837 | AI3: 3.2828671 | AJ3: 3.2798949 | AK3: 3.2769743 | AL3: 3.2740524 | AM3: 3.271129 | AN3: 3.2682038 | AO3: 3.265277
C4: 20BL | D4: Water delivered unmeasured non- household | E4: Input | F4: Ml/d | G4: 2 | H4: 0.42858177 | I4: 0.41715994 | J4: 0.41170147 | K4: 0.40640698 | L4: 0.40126812 | M4: 0.39629301 | N4: 0.3914656 | O4: 0.38679441 | P4: 0.3822655 | Q4: 0.37788035 | R4: 0.37363696 | S4: 0.36952363 | T4: 0.36554569 | U4: 0.36169339 | V4: 0.35796452 | W4: 0.35435363 | X4: 0.350857 | Y4: 0.34747102 | Z4: 0.34419222 | AA4: 0.34102122 | AB4: 0.33795078 | AC4: 0.33497772 | AD4: 0.33209897 | AE4: 0.32931153 | AF4: 0.32661253 | AG4: 0.32399917 | AH4: 0.32146875 | AI4: 0.31901862 | AJ4: 0.31664626 | AK4: 0.31434919 | AL4: 0.31212506 | AM4: 0.30997153 | AN4: 0.30788636 | AO4: 0.30586737
C5: 21BL | D5: Water delivered measured household | E5: Input | F5: Ml/d | G5: 2 | H5: 1.3568623 | I5: 1.5348223 | J5: 1.5987322 | K5: 1.6624388 | L5: 1.7150493 | M5: 1.7543974 | N5: 1.802887 | O5: 1.8373881 | P5: 1.8821954 | Q5: 1.9388362 | R5: 1.9816195 | S5: 2.0376821 | T5: 2.0789591 | U5: 2.1186574 | V5: 2.1410654 | W5: 2.1610275 | X5: 2.1787581 | Y5: 2.1942191 | Z5: 2.2074302 | AA5: 2.2186417 | AB5: 2.2278246 | AC5: 2.2349676 | AD5: 2.2401 | AE5: 2.2432835 | AF5: 2.244591 | AG5: 2.2438686 | AH5: 2.2409774 | AI5: 2.2360286 | AJ5: 2.229153 | AK5: 2.220459 | AL5: 2.2098367 | AM5: 2.1972362 | AN5: 2.1830937 | AO5: 2.1676865
C6: 22BL | D6: Water delivered unmeasured household | E6: Input | F6: Ml/d | G6: 2 | H6: 3.9952074 | I6: 3.9089243 | J6: 3.8477958 | K6: 3.786985 | L6: 3.7027169 | M6: 3.5974625 | N6: 3.515548 | O6: 3.4136571 | P6: 3.3349145 | Q6: 3.2787254 | R6: 3.2026942 | S6: 3.1463607 | T6: 3.0707949 | U6: 2.9963495 | V6: 2.9047861 | W6: 2.8148136 | X6: 2.7266807 | Y6: 2.6404789 | Z6: 2.5562363 | AA6: 2.4741568 | AB6: 2.3940015 | AC6: 2.3157606 | AD6: 2.2394001 | AE6: 2.1649429 | AF6: 2.0922803 | AG6: 2.0214774 | AH6: 1.9525359 | AI6: 1.8854273 | AJ6: 1.8200643 | AK6: 1.7564489 | AL6: 1.6944913 | AM6: 1.6342866 | AN6: 1.5757477 | AO6: 1.5187674
C7: 23BL | D7: Measured Non Household - Consumption | E7: 19BL-34BL | F7: Ml/d | G7: 2 | H7: 3.2534315 | I7: 3.2763531 | J7: 3.2875915 | K7: 3.2923711 | L7: 3.3020668 | M7: 3.3214702 | N7: 3.2932262 | O7: 3.2898048 | P7: 3.2863163 | Q7: 3.2829984 | R7: 3.279751 | S7: 3.276439 | T7: 3.273231 | U7: 3.2700233 | V7: 3.2668462 | W7: 3.2636692 | X7: 3.260491 | Y7: 3.2573109 | Z7: 3.2541284 | AA7: 3.251082 | AB7: 3.2480349 | AC7: 3.244987 | AD7: 3.2419383 | AE7: 3.2388885 | AF7: 3.2358379 | AG7: 3.2327864 | AH7: 3.2297343 | AI7: 3.2266814 | AJ7: 3.223628 | AK7: 3.2206278 | AL7: 3.2176279 | AM7: 3.2146279 | AN7: 3.2116276 | AO7: 3.2086272
C8: 24BL | D8: Unmeasured Non Household - Consumption | E8: 20BL-35BL | F8: Ml/d | G8: 2 | H8: 0.41712213 | I8: 0.40640069 | J8: 0.40127619 | K8: 0.39630532 | L8: 0.39148001 | M8: 0.38680874 | N8: 0.38227572 | O8: 0.37788979 | P8: 0.37363729 | Q8: 0.36951997 | R8: 0.36553609 | S8: 0.36167422 | T8: 0.35793992 | U8: 0.35432371 | V8: 0.3508236 | W8: 0.34743437 | X8: 0.34415252 | Y8: 0.34097465 | Z8: 0.3378975 | AA8: 0.33492189 | AB8: 0.33204078 | AC8: 0.32925117 | AD8: 0.32655018 | AE8: 0.32393498 | AF8: 0.32140287 | AG8: 0.31895122 | AH8: 0.31657749 | AI8: 0.31427919 | AJ8: 0.31205394 | AK8: 0.30989943 | AL8: 0.30781342 | AM8: 0.30579373 | AN8: 0.30383823 | AO8: 0.30194491
C9: 25BL | D9: Measured Household - Consumption | E9: 21BL-36BL | F9: Ml/d | G9: 2 | H9: 1.1885987 | I9: 1.3554107 | J9: 1.413716 | K9: 1.4718689 | L9: 1.5188797 | M9: 1.5527566 | N9: 1.5958719 | O9: 1.6251285 | P9: 1.6647754 | Q9: 1.7163102 | R9: 1.7540472 | S9: 1.8051374 | T9: 1.8415103 | U9: 1.8763713 | V9: 1.8940073 | W9: 1.9092604 | X9: 1.9223423 | Y9: 1.9332248 | Z9: 1.9419405 | AA9: 1.948718 | AB9: 1.9535264 | AC9: 1.9563542 | AD9: 1.9572348 | AE9: 1.956227 | AF9: 1.9534021 | AG9: 1.9486312 | AH9: 1.9418061 | AI9: 1.9330386 | AJ9: 1.9224248 | AK9: 1.9100734 | AL9: 1.895869 | AM9: 1.8798439 | AN9: 1.8623365 | AO9: 1.843531
C10: 26BL | D10: Unmeasured Household - Consumption | E10: 22BL-37BL | F10: Ml/d | G10: 2 | H10: 3.680556 | I10: 3.6066231 | J10: 3.5514867 | K10: 3.4965493 | L10: 3.4180381 | M10: 3.3184265 | N10: 3.2420431 | O10: 3.1455735 | P10: 3.0721447 | Q10: 3.0211643 | R10: 2.9502384 | S10: 2.8989089 | T10: 2.828248 | U10: 2.7586104 | V10: 2.6717594 | W10: 2.5864059 | X10: 2.5028004 | Y10: 2.4210363 | Z10: 2.3411435 | AA10: 2.2633274 | AB10: 2.1873512 | AC10: 2.1132064 | AD10: 2.0408609 | AE10: 1.9703391 | AF10: 1.9015339 | AG10: 1.8345119 | AH10: 1.7692764 | AI10: 1.7058003 | AJ10: 1.6439978 | AK10: 1.5838724 | AL10: 1.5253355 | AM10: 1.4684838 | AN10: 1.4132314 | AO10: 1.3594725
C11: 27 - | D11: Percentage of consumption driven by climate change | E11: Input | F11: % | G11: 1 | H11: 0 | I11: 0.23224683 | J11: 0.26602537 | K11: 0.2995818 | L11: 0.3348729 | M11: 0.35296395 | N11: 0.36669028 | O11: 0.38373817 | P11: 0.399459 | Q11: 0.41361263 | R11: 0.42948364 | S11: 0.44371574 | T11: 0.45981548 | U11: 0.47606866 | V11: 0.49452074 | W11: 0.51380045 | X11: 0.53343792 | Y11: 0.55344141 | Z11: 0.57381925 | AA11: 0.59455413 | AB11: 0.61567249 | AC11: 0.63718776 | AD11: 0.65911262 | AE11: 0.68145261 | AF11: 0.70422393 | AG11: 0.72995611 | AH11: 0.75621437 | AI11: 0.78300874 | AJ11: 0.81035678 | AK11: 0.83827209 | AL11: 0.86679151 | AM11: 0.89592119 | AN11: 0.92564835 | AO11: 0.95597996
C12: 28 - | D12: Volume of consumption driven by climate change | F12: Ml/d | G12: 1 | H12: 0 | I12: 0.020077245 | J12: 0.023022023 | K12: 0.02593508 | L12: 0.028901087 | M12: 0.030282408 | N12: 0.031217873 | O12: 0.032381349 | P12: 0.033542068 | Q12: 0.03470207 | R12: 0.035860048 | S12: 0.037015475 | T12: 0.038168958 | U12: 0.039320076 | V12: 0.040468791 | W12: 0.041652621 | X12: 0.042833925 | Y12: 0.044012687 | Z12: 0.045188897 | AA12: 0.046363624 | AB12: 0.047535785 | AC12: 0.04870535 | AD12: 0.049872311 | AE12: 0.05103664 | AF12: 0.052198323 | AG12: 0.053541411 | AH12: 0.054881459 | AI12: 0.056218458 | AJ12: 0.057552385 | AK12: 0.058884196 | AL12: 0.060212937 | AM12: 0.06153858 | AN12: 0.062861092 | AO12: 0.064180437
B13: PCC and consumption by component | C13: 29BL | D13: Measured Household - PCC | E13: (25BL*1,000,000)/(51BL*1,000) | F13: l/h/d | G13: 1 | H13: 113.68921 | I13: 119.80085 | J13: 120.1686 | K13: 120.48313 | L13: 119.93034 | M13: 118.46382 | N13: 117.83729 | O13: 116.31573 | P13: 115.64382 | Q13: 115.84549 | R13: 115.17002 | S13: 115.42227 | T13: 114.78246 | U13: 114.11894 | V13: 112.4984 | W13: 110.8447 | X13: 109.1727 | Y13: 107.48448 | Z13: 105.77352 | AA13: 104.05655 | AB13: 102.32856 | AC13: 100.58892 | AD13: 98.837088 | AE13: 97.075154 | AF13: 95.309477 | AG13: 93.532249 | AH13: 91.736128 | AI13: 89.92115 | AJ13: 88.10166 | AK13: 86.268401 | AL13: 84.437632 | AM13: 82.577814 | AN13: 80.715372 | AO13: 78.878458
C14: 29.1BL | D14: Measured toilet flushing | E14: Input | F14: l/h/d | G14: 1 | H14: 28.148056 | I14: 29.661223 | J14: 29.752275 | K14: 29.830148 | L14: 29.693282 | M14: 29.33019 | N14: 29.17507 | O14: 28.798351 | P14: 28.631993 | Q14: 28.681925 | R14: 28.514686 | S14: 28.577141 | T14: 28.418733 | U14: 28.254452 | V14: 27.853226 | W14: 27.44379 | X14: 27.029824 | Y14: 26.611842 | Z14: 26.188228 | AA14: 25.763128 | AB14: 25.335298 | AC14: 24.904586 | AD14: 24.470853 | AE14: 24.034619 | AF14: 23.597459 | AG14: 23.157439 | AH14: 22.712742 | AI14: 22.263376 | AJ14: 21.812892 | AK14: 21.359 | AL14: 20.905724 | AM14: 20.445256 | AN14: 19.984138 | AO14: 19.52934
C15: 29.2BL | D15: Measured personal washing | E15: Input | F15: l/h/d | G15: 1 | H15: 43.712408 | I15: 46.062275 | J15: 46.203673 | K15: 46.324605 | L15: 46.112061 | M15: 45.548198 | N15: 45.307304 | O15: 44.722281 | P15: 44.463936 | Q15: 44.541477 | R15: 44.281764 | S15: 44.378753 | T15: 44.132754 | U15: 43.877635 | V15: 43.254552 | W15: 42.618721 | X15: 41.975854 | Y15: 41.32675 | Z15: 40.6689 | AA15: 40.008744 | AB15: 39.344346 | AC15: 38.675474 | AD15: 38.00191 | AE15: 37.324463 | AF15: 36.645577 | AG15: 35.96225 | AH15: 35.271659 | AI15: 34.573817 | AJ15: 33.874241 | AK15: 33.169371 | AL15: 32.465457 | AM15: 31.750375 | AN15: 31.034284 | AO15: 30.328009
C16: 29.3BL | D16: Measured clothes washing | E16: Input | F16: l/h/d | G16: 1 | H16: 13.817086 | I16: 14.559857 | J16: 14.604552 | K16: 14.642778 | L16: 14.575594 | M16: 14.397362 | N16: 14.321218 | O16: 14.136298 | P16: 14.054637 | Q16: 14.079147 | R16: 13.997054 | S16: 14.027712 | T16: 13.949954 | U16: 13.869313 | V16: 13.672362 | W16: 13.471382 | X16: 13.268178 | Y16: 13.063002 | Z16: 12.855062 | AA16: 12.646393 | AB16: 12.436383 | AC16: 12.224958 | AD16: 12.012051 | AE16: 11.797916 | AF16: 11.583327 | AG16: 11.367333 | AH16: 11.149044 | AI16: 10.928463 | AJ16: 10.707333 | AK16: 10.48453 | AL16: 10.26203 | AM16: 10.035999 | AN16: 9.8096491 | AO16: 9.5864019
C17: 29.4BL | D17: Measured dish washing | E17: Input | F17: l/h/d | G17: 1 | H17: 10.63904 | I17: 11.210967 | J17: 11.245381 | K17: 11.274815 | L17: 11.223084 | M17: 11.085847 | N17: 11.027217 | O17: 10.88483 | P17: 10.821952 | Q17: 10.840824 | R17: 10.777613 | S17: 10.801219 | T17: 10.741346 | U17: 10.679254 | V17: 10.527603 | W17: 10.37285 | X17: 10.216385 | Y17: 10.058401 | Z17: 9.8982888 | AA17: 9.7376153 | AB17: 9.5759093 | AC17: 9.4131144 | AD17: 9.2491775 | AE17: 9.0842958 | AF17: 8.9190636 | AG17: 8.7527506 | AH17: 8.5846696 | AI17: 8.4148238 | AJ17: 8.2445559 | AK17: 8.0729995 | AL17: 7.901676 | AM17: 7.7276342 | AN17: 7.5533469 | AO17: 7.3814484
C18: 29.5BL | D18: Measured miscellaneous internal use | E18: Input | F18: l/h/d | G18: 1 | H18: 15.645319 | I18: 16.486371 | J18: 16.53698 | K18: 16.580263 | L18: 16.50419 | M18: 16.302375 | N18: 16.216156 | O18: 16.006767 | P18: 15.914302 | Q18: 15.942055 | R18: 15.8491 | S18: 15.883814 | T18: 15.795767 | U18: 15.704456 | V18: 15.481446 | W18: 15.253872 | X18: 15.023781 | Y18: 14.791457 | Z18: 14.556002 | AA18: 14.319723 | AB18: 14.081925 | AC18: 13.842526 | AD18: 13.601447 | AE18: 13.358979 | AF18: 13.115995 | AG18: 12.871423 | AH18: 12.62425 | AI18: 12.374482 | AJ18: 12.124093 | AK18: 11.87181 | AL18: 11.619869 | AM18: 11.36393 | AN18: 11.107631 | AO18: 10.854844
C19: 29.6BL | D19: Measured external use | E19: Input | F19: l/h/d | G19: 1 | H19: 1.727301 | I19: 1.8201562 | J19: 1.8257436 | K19: 1.8305223 | L19: 1.8221235 | M19: 1.7998424 | N19: 1.7903235 | O19: 1.7672062 | P19: 1.7569977 | Q19: 1.7600617 | R19: 1.7497991 | S19: 1.7536317 | T19: 1.743911 | U19: 1.7338299 | V19: 1.7092088 | W19: 1.6840838 | X19: 1.6586808 | Y19: 1.6330314 | Z19: 1.6070364 | AA19: 1.5809503 | AB19: 1.5546965 | AC19: 1.5282659 | AD19: 1.50165 | AE19: 1.4748806 | AF19: 1.4480543 | AG19: 1.4210526 | AH19: 1.3937638 | AI19: 1.3661885 | AJ19: 1.3385446 | AK19: 1.3106916 | AL19: 1.2828764 | AM19: 1.2546198 | AN19: 1.2263234 | AO19: 1.1984148
C20: 30BL | D20: Unmeasured Household - PCC | E20: (26BL*1,000,000)/(52BL*1,000) | F20: l/h/d | G20: 1 | H20: 160.32989 | I20: 162.20572 | J20: 162.56295 | K20: 162.87873 | L20: 162.0761 | M20: 160.19256 | N20: 159.34756 | O20: 157.42047 | P20: 156.55096 | Q20: 156.7718 | R20: 155.9058 | S20: 156.01817 | T20: 155.02807 | U20: 154.00938 | V20: 151.92487 | W20: 149.79875 | X20: 147.646 | Y20: 145.47338 | Z20: 143.27918 | AA20: 141.08383 | AB20: 138.87359 | AC20: 136.65029 | AD20: 134.41305 | AE20: 132.16613 | AF20: 129.90628 | AG20: 127.63757 | AH20: 125.36008 | AI20: 123.07355 | AJ20: 120.78294 | AK20: 118.48651 | AL20: 116.189 | AM20: 113.88276 | AN20: 111.57427 | AO20: 109.27166
C21: 30.1BL | D21: Unmeasured toilet flushing | E21: Input | F21: l/h/d | G21: 1 | H21: 35.065037 | I21: 35.475291 | J21: 35.553419 | K21: 35.622483 | L21: 35.446943 | M21: 35.035002 | N21: 34.850196 | O21: 34.42873 | P21: 34.238564 | Q21: 34.286862 | R21: 34.097463 | S21: 34.12204 | T21: 33.905499 | U21: 33.682706 | V21: 33.226812 | W21: 32.761818 | X21: 32.290999 | Y21: 31.815835 | Z21: 31.335951 | AA21: 30.855816 | AB21: 30.372425 | AC21: 29.886178 | AD21: 29.39688 | AE21: 28.905465 | AF21: 28.411225 | AG21: 27.915045 | AH21: 27.416945 | AI21: 26.916869 | AJ21: 26.4159 | AK21: 25.913656 | AL21: 25.41118 | AM21: 24.906791 | AN21: 24.401913 | AO21: 23.898318
C22: 30.2BL | D22: Unmeasured personal washing | E22: Input | F22: l/h/d | G22: 1 | H22: 68.170919 | I22: 68.968505 | J22: 69.120396 | K22: 69.254666 | L22: 68.913393 | M22: 68.112529 | N22: 67.753241 | O22: 66.933858 | P22: 66.564151 | Q22: 66.658047 | R22: 66.289831 | S22: 66.337613 | T22: 65.91663 | U22: 65.483492 | V22: 64.597176 | W22: 63.693168 | X22: 62.777835 | Y22: 61.854055 | Z22: 60.921098 | AA22: 59.987654 | AB22: 59.047881 | AC22: 58.102554 | AD22: 57.151297 | AE22: 56.195923 | AF22: 55.235057 | AG22: 54.270421 | AH22: 53.302051 | AI22: 52.329837 | AJ22: 51.35589 | AK22: 50.379464 | AL22: 49.402585 | AM22: 48.421989 | AN22: 47.440442 | AO22: 46.461389
C23: 30.3BL | D23: Unmeasured clothes washing | E23: Input | F23: l/h/d | G23: 1 | H23: 19.197469 | I23: 19.422075 | J23: 19.464849 | K23: 19.50266 | L23: 19.406555 | M23: 19.181026 | N23: 19.079847 | O23: 18.849103 | P23: 18.74499 | Q23: 18.771432 | R23: 18.66774 | S23: 18.681195 | T23: 18.562643 | U23: 18.440668 | V23: 18.191074 | W23: 17.936499 | X23: 17.678734 | Y23: 17.41859 | Z23: 17.155862 | AA23: 16.892997 | AB23: 16.628349 | AC23: 16.362138 | AD23: 16.094256 | AE23: 15.825215 | AF23: 15.554628 | AG23: 15.282979 | AH23: 15.010278 | AI23: 14.736495 | AJ23: 14.462224 | AK23: 14.187255 | AL23: 13.912158 | AM23: 13.636014 | AN23: 13.359603 | AO23: 13.083894
C24: 30.4BL | D24: Unmeasured dish washing | E24: Input | F24: l/h/d | G24: 1 | H24: 15.275944 | I24: 15.45467 | J24: 15.488706 | K24: 15.518793 | L24: 15.44232 | M24: 15.26286 | N24: 15.18235 | O24: 14.99874 | P24: 14.915895 | Q24: 14.936935 | R24: 14.854424 | S24: 14.865132 | T24: 14.770796 | U24: 14.673737 | V24: 14.475129 | W24: 14.272556 | X24: 14.067446 | Y24: 13.860442 | Z24: 13.651383 | AA24: 13.442214 | AB24: 13.231626 | AC24: 13.019795 | AD24: 12.806634 | AE24: 12.592551 | AF24: 12.377237 | AG24: 12.161079 | AH24: 11.944084 | AI24: 11.726227 | AJ24: 11.507982 | AK24: 11.289182 | AL24: 11.07028 | AM24: 10.850545 | AN24: 10.630597 | AO24: 10.411208
C25: 30.5BL | D25: Unmeasured miscellaneous internal use | E25: Input | F25: l/h/d | G25: 1 | H25: 20.973602 | I25: 21.218989 | J25: 21.26572 | K25: 21.30703 | L25: 21.202033 | M25: 20.955638 | N25: 20.845098 | O25: 20.593005 | P25: 20.47926 | Q25: 20.508149 | R25: 20.394863 | S25: 20.409563 | T25: 20.280043 | U25: 20.146783 | V25: 19.874097 | W25: 19.595968 | X25: 19.314355 | Y25: 19.030143 | Z25: 18.743108 | AA25: 18.455922 | AB25: 18.16679 | AC25: 17.875949 | AD25: 17.583283 | AE25: 17.289351 | AF25: 16.993729 | AG25: 16.696947 | AH25: 16.399016 | AI25: 16.099903 | AJ25: 15.800256 | AK25: 15.499847 | AL25: 15.199299 | AM25: 14.897606 | AN25: 14.595622 | AO25: 14.294404
... C29: 33BL | D29: Distribution System Operational Use | E29: Input | F29: Ml/d | G29: 2 | H29: 0.10582608 | I29: 0.10629869 | J29: 0.1066002 | K29: 0.10690997 | L29: 0.10724988 | M29: 0.1075803 | N29: 0.10790532 | O29: 0.10822014 | P29: 0.10853275 | Q29: 0.10885169 | R29: 0.10917594 | S29: 0.10949953 | T29: 0.10982624 | U29: 0.11015438 | V29: 0.11048454 | W29: 0.1108164 | X29: 0.11115027 | Y29: 0.11148342 | Z29: 0.11181232 | AA29: 0.11214338 | AB29: 0.11247536 | AC29: 0.11280803 | AD29: 0.11314011 | AE29: 0.11347197 | AF29: 0.11380374 | AG29: 0.11412901 | AH29: 0.11444008 | AI29: 0.11473648 | AJ29: 0.11502643 | AK29: 0.11530957 | AL29: 0.11558694 | AM29: 0.11583837 | AN29: 0.1160873 | AO29: 0.11635628
B30: Leakage | C30: 34BL | D30: Measured Non Household - USPL | E30: Input | F30: Ml/d | G30: 2 | H30: 0.05270325 | I30: 0.053089968 | J30: 0.053269263 | K30: 0.05344037 | L30: 0.053604028 | M30: 0.053760878 | N30: 0.053911482 | O30: 0.054056333 | P30: 0.054195868 | Q30: 0.054330477 | R30: 0.054460507 | S30: 0.054586268 | T30: 0.05470804 | U30: 0.054826078 | V30: 0.054940611 | W30: 0.055051848 | X30: 0.055159978 | Y30: 0.055265177 | Z30: 0.055367605 | AA30: 0.055467408 | AB30: 0.055564723 | AC30: 0.055659673 | AD30: 0.055752376 | AE30: 0.055842938 | AF30: 0.055931459 | AG30: 0.056018033 | AH30: 0.056102746 | AI30: 0.056185679 | AJ30: 0.056266907 | AK30: 0.056346502 | AL30: 0.056424531 | AM30: 0.056501055 | AN30: 0.056576134 | AO30: 0.056649823
C31: 35BL | D31: Unmeasured Non Household - USPL | E31: Input | F31: Ml/d | G31: 2 | H31: 0.011459639 | I31: 0.01075925 | J31: 0.010425276 | K31: 0.010101668 | L31: 0.0097881054 | M31: 0.0094842758 | N31: 0.0091898774 | O31: 0.0089046172 | P31: 0.0086282117 | Q31: 0.0083603861 | R31: 0.0081008739 | S31: 0.0078494172 | T31: 0.0076057659 | U31: 0.0073696776 | V31: 0.0071409177 | W31: 0.0069192587 | X31: 0.0067044801 | Y31: 0.0064963684 | Z31: 0.0062947167 | AA31: 0.0060993243 | AB31: 0.0059099971 | AC31: 0.0057265467 | AD31: 0.0055487907 | AE31: 0.0053765524 | AF31: 0.0052096605 | AG31: 0.005047949 | AH31: 0.0048912572 | AI31: 0.0047394292 | AJ31: 0.0045923141 | AK31: 0.0044497655 | AL31: 0.0043116417 | AM31: 0.0041778053 | AN31: 0.0040481234 | AO31: 0.0039224668
C32: 36BL | D32: Measured Household - USPL | E32: Input | F32: Ml/d | G32: 2 | H32: 0.16826366 | I32: 0.17941162 | J32: 0.18501613 | K32: 0.19056988 | L32: 0.19616965 | M32: 0.20164076 | N32: 0.20701503 | O32: 0.21225955 | P32: 0.21741997 | Q32: 0.22252603 | R32: 0.22757226 | S32: 0.23254474 | T32: 0.2374488 | U32: 0.24228602 | V32: 0.24705805 | W32: 0.25176707 | X32: 0.25641574 | Y32: 0.26099433 | Z32: 0.26548963 | AA32: 0.26992372 | AB32: 0.27429822 | AC32: 0.27861338 | AD32: 0.28286526 | AE32: 0.28705652 | AF32: 0.29118893 | AG32: 0.29523737 | AH32: 0.29917129 | AI32: 0.30298995 | AJ32: 0.30672821 | AK32: 0.31038567 | AL32: 0.31396763 | AM32: 0.31739237 | AN32: 0.32075715 | AO32: 0.32415555
C33: 37BL | D33: Unmeasured Household - USPL | E33: Input | F33: Ml/d | G33: 2 | H33: 0.31465146 | I33: 0.30230121 | J33: 0.29630907 | K33: 0.29043571 | L33: 0.28467877 | M33: 0.27903594 | N33: 0.27350496 | O33: 0.26808362 | P33: 0.26276974 | Q33: 0.25756118 | R33: 0.25245587 | S33: 0.24745176 | T33: 0.24254683 | U33: 0.23773913 | V33: 0.23302673 | W33: 0.22840773 | X33: 0.22388029 | Y33: 0.2194426 | Z33: 0.21509286 | AA33: 0.21082935 | AB33: 0.20665034 | AC33: 0.20255417 | AD33: 0.1985392 | AE33: 0.1946038 | AF33: 0.19074642 | AG33: 0.18696549 | AH33: 0.18325951 | AI33: 0.17962699 | AJ33: 0.17606647 | AK33: 0.17257652 | AL33: 0.16915576 | AM33: 0.16580279 | AN33: 0.16251629 | AO33: 0.15929494
C34: 38BL | D34: Void Properties - USPL | E34: Input | F34: Ml/d | G34: 2 | H34: 0.043112341 | I34: 0.042324797 | J34: 0.042132688 | K34: 0.041947401 | L34: 0.041773615 | M34: 0.041602556 | N34: 0.041435668 | O34: 0.041271183 | P34: 0.041111218 | Q34: 0.040957101 | R34: 0.040808413 | S34: 0.040664316 | T34: 0.040524924 | U34: 0.040390165 | V34: 0.040259971 | W34: 0.040134303 | X34: 0.040013144 | Y34: 0.039895866 | Z34: 0.03978167 | AA34: 0.039671508 | AB34: 0.039565318 | AC34: 0.039462973 | AD34: 0.039364141 | AE34: 0.039268819 | AF34: 0.039176962 | AG34: 0.039087195 | AH34: 0.038997877 | AI34: 0.038908846 | AJ34: 0.038821703 | AK34: 0.038736307 | AL34: 0.038652802 | AM34: 0.038567023 | AN34: 0.038483671 | AO34: 0.038407269
C35: 39BL | D35: Distribution Losses | E35: Input | F35: Ml/d | G35: 2 | H35: 2.3562673 | I35: 2.4771163 | J35: 2.4778507 | K35: 2.4625096 | L35: 2.3457781 | M35: 2.2290556 | N35: 2.1123106 | O35: 1.99558 | P35: 1.878818 | Q35: 1.8103143 | R35: 1.7417581 | S35: 1.673166 | T35: 1.621758 | U35: 1.5703112 | V35: 1.5016024 | W35: 1.432855 | X35: 1.3640681 | Y35: 1.2952538 | Z35: 1.2264282 | AA35: 1.1920166 | AB35: 1.1575726 | AC35: 1.1230977 | AD35: 1.0885979 | AE35: 1.0540723 | AF35: 1.0195207 | AG35: 0.98497134 | AH35: 0.95045795 | AI35: 0.91598298 | AJ35: 0.88151152 | AK35: 0.8470456 | AL35: 0.81258124 | AM35: 0.77820581 | AN35: 0.74381872 | AO35: 0.70932329
C36: 40BL | D36: Total Leakage | E36: sum(34BL:39BL) | F36: Ml/d | G36: 2 | H36: 2.9464576 | I36: 3.0650032 | J36: 3.0650032 | K36: 3.0490046 | L36: 2.9317923 | M36: 2.81458 | N36: 2.6973677 | O36: 2.5801553 | P36: 2.462943 | Q36: 2.3940495 | R36: 2.325156 | S36: 2.2562625 | T36: 2.2045924 | U36: 2.1529222 | V36: 2.0840287 | W36: 2.0151352 | X36: 1.9462417 | Y36: 1.8773482 | Z36: 1.8084547 | AA36: 1.7740079 | AB36: 1.7395612 | AC36: 1.7051144 | AD36: 1.6706677 | AE36: 1.6362209 | AF36: 1.6017741 | AG36: 1.5673274 | AH36: 1.5328806 | AI36: 1.4984339 | AJ36: 1.4639871 | AK36: 1.4295404 | AL36: 1.3950936 | AM36: 1.3606469 | AN36: 1.3262001 | AO36: 1.2917533
C37: 41BL | D37: Total Leakage | E37: (40BL*1,000,000)/(48BL*1,000) | F37: l/prop/d | G37: 2 | H37: 147.68516 | I37: 152.9476 | J37: 152.51599 | K37: 151.28037 | L37: 145.00112 | M37: 138.77566 | N37: 132.59255 | O37: 126.46059 | P37: 120.36543 | Q37: 116.65376 | R37: 112.95957 | S37: 109.28684 | T37: 106.46629 | U37: 103.66114 | V37: 100.04448 | W37: 96.447878 | X37: 92.871061 | Y37: 89.316206 | Z37: 85.785767 | AA37: 83.904634 | AB37: 82.03387 | AC37: 80.173605 | AD37: 78.32465 | AE37: 76.486644 | AF37: 74.659387 | AG37: 72.846867 | AH37: 71.053444 | AI37: 69.278566 | AJ37: 67.51659 | AK37: 65.767327 | AL37: 64.029802 | AM37: 62.314512 | AN37: 60.607922 | AO37: 58.898449
B38: Customer: Properties | C38: 42BL | D38: Measured non-households - properties | E38: Input (total, excluding voids) | F38: 000's | G38: 2 | H38: 2.398322 | I38: 2.4159201 | J38: 2.4240791 | K38: 2.4318656 | L38: 2.439313 | M38: 2.4464506 | N38: 2.453304 | O38: 2.4598956 | P38: 2.4662454 | Q38: 2.4723709 | R38: 2.478288 | S38: 2.4840109 | T38: 2.4895524 | U38: 2.4949238 | V38: 2.5001357 | W38: 2.5051977 | X38: 2.5101183 | Y38: 2.5149055 | Z38: 2.5195666 | AA38: 2.5241083 | AB38: 2.5285367 | AC38: 2.5328575 | AD38: 2.537076 | AE38: 2.5411972 | AF38: 2.5452254 | AG38: 2.5491651 | AH38: 2.55302 | AI38: 2.556794 | AJ38: 2.5604904 | AK38: 2.5641125 | AL38: 2.5676632 | AM38: 2.5711456 | AN38: 2.5745621 | AO38: 2.5779154
C39: 43BL | D39: Unmeasured non-households - properties | E39: Input (total, excluding voids) | F39: 000's | G39: 2 | H39: 0.32958723 | I39: 0.30944357 | J39: 0.29983823 | K39: 0.29053104 | L39: 0.28151276 | M39: 0.27277441 | N39: 0.2643073 | O39: 0.25610302 | P39: 0.2481534 | Q39: 0.24045055 | R39: 0.2329868 | S39: 0.22575473 | T39: 0.21874714 | U39: 0.21195708 | V39: 0.20537779 | W39: 0.19900272 | X39: 0.19282554 | Y39: 0.1868401 | Z39: 0.18104045 | AA39: 0.17542083 | AB39: 0.16997565 | AC39: 0.16469949 | AD39: 0.1595871 | AE39: 0.15463341 | AF39: 0.14983348 | AG39: 0.14518254 | AH39: 0.14067598 | AI39: 0.1363093 | AJ39: 0.13207816 | AK39: 0.12797837 | AL39: 0.12400583 | AM39: 0.1201566 | AN39: 0.11642686 | AO39: 0.11281289
C40: 44BL | D40: All void non-households - properties | E40: Input (voids in each year) | F40: 000's | G40: 2 | H40: 0.27482426 | I40: 0.27165172 | J40: 0.27011962 | K40: 0.26862519 | L40: 0.26716906 | M40: 0.26575162 | N40: 0.26437296 | O40: 0.26303303 | P40: 0.26173161 | Q40: 0.26046833 | R40: 0.25924274 | S40: 0.25805433 | T40: 0.25690248 | U40: 0.25578656 | V40: 0.25470588 | W40: 0.25365972 | X40: 0.25264734 | Y40: 0.25166799 | Z40: 0.25072091 | AA40: 0.24980532 | AB40: 0.24892046 | AC40: 0.24806554 | AD40: 0.2472398 | AE40: 0.24644247 | AF40: 0.2456728 | AG40: 0.24493005 | AH40: 0.24421347 | AI40: 0.24352234 | AJ40: 0.24285595 | AK40: 0.2422136 | AL40: 0.2415946 | AM40: 0.24099829 | AN40: 0.24042399 | AO40: 0.23987107
C41: 45BL | D41: Total measured households - properties (excl void) | E41: Pre-plan year = input. Forecast years = Previous year 45BL + sum(45.1BL:45.6BL) | F41: 000's | G41: 2 | H41: 6.9821028 | I41: 7.4515519 | J41: 7.68827 | K41: 7.9231197 | L41: 8.1604002 | M41: 8.3923044 | N41: 8.6202365 | O41: 8.8427151 | P41: 9.0617632 | Q41: 9.2786964 | R41: 9.4932583 | S41: 9.7048184 | T41: 9.9136036 | U41: 10.119675 | V41: 10.323098 | W41: 10.52396 | X41: 10.722372 | Y41: 10.917892 | Z41: 11.109924 | AA41: 11.299446 | AB41: 11.486522 | AC41: 11.671157 | AD41: 11.85317 | AE41: 12.032674 | AF41: 12.20974 | AG41: 12.383244 | AH41: 12.551817 | AI41: 12.715421 | AJ41: 12.875606 | AK41: 13.032349 | AL41: 13.185884 | AM41: 13.332558 | AN41: 13.476707 | AO41: 13.622502
C42: 45.1BL | D42: New build properties - properties | E42: Input (new builds in each year) | F42: 000's | G42: 2 | H42: 0.038577192 | I42: 0.069258339 | J42: 0.063186429 | K42: 0.064757742 | L42: 0.070560102 | M42: 0.068488477 | N42: 0.067755555 | O42: 0.065477018 | P42: 0.065158616 | Q42: 0.066094006 | R42: 0.066712625 | S42: 0.066641488 | T42: 0.066739128 | U42: 0.06684124 | V42: 0.066951539 | W42: 0.067096677 | X42: 0.067298108 | Y42: 0.067005085 | Z42: 0.066063929 | AA42: 0.066050481 | AB42: 0.066052655 | AC42: 0.066010565 | AD42: 0.065740113 | AE42: 0.065534688 | AF42: 0.06535707 | AG42: 0.064008572 | AH42: 0.061247775 | AI42: 0.058406599 | AJ42: 0.057072835 | AK42: 0.055675093 | AL42: 0.054469204 | AM42: 0.04957272 | AN42: 0.048972761 | AO42: 0.052504737
C43: 45.2BL | D43: Meter optants - properties | E43: Input (meter optants in each year) | F43: 000's | G43: 2 | H43: 0.14613879 | I43: 0.16286815 | J43: 0.15963982 | K43: 0.15647548 | L43: 0.15337387 | M43: 0.15033373 | N43: 0.14735385 | O43: 0.14443304 | P43: 0.14157013 | Q43: 0.13876396 | R43: 0.13601342 | S43: 0.1333174 | T43: 0.13067481 | U43: 0.12808461 | V43: 0.12554575 | W43: 0.12305722 | X43: 0.12061801 | Y43: 0.11822715 | Z43: 0.11588368 | AA43: 0.11358667 | AB43: 0.11133518 | AC43: 0.10912832 | AD43: 0.10696521 | AE43: 0.10484497 | AF43: 0.10276676 | AG43: 0.10072975 | AH43: 0.098733108 | AI43: 0.096776046 | AJ43: 0.094857776 | AK43: 0.09297753 | AL43: 0.091134553 | AM43: 0.089328108 | AN43: 0.087557469 | AO43: 0.085821928
C44: 45.3BL | D44: Compulsory metering - properties | E44: Input (compulsory meters in each year) | F44: 000's | G44: 2 | H44: 0 | I44: 0 | J44: 0 | K44: 0 | L44: 0 | M44: 0 | N44: 0 | O44: 0 | P44: 0 | Q44: 0 | R44: 0 | S44: 0 | T44: 0 | U44: 0 | V44: 0 | W44: 0 | X44: 0 | Y44: 0 | Z44: 0 | AA44: 0 | AB44: 0 | AC44: 0 | AD44: 0 | AE44: 0 | AF44: 0 | AG44: 0 | AH44: 0 | AI44: 0 | AJ44: 0 | AK44: 0 | AL44: 0 | AM44: 0 | AN44: 0 | AO44: 0
C45: 45.4BL | D45: Metering on change of occupancy - properties | E45: Input (change of occupancy meters in each year) | F45: 000's | G45: 2 | H45: 0 | I45: 0 | J45: 0 | K45: 0 | L45: 0 | M45: 0 | N45: 0 | O45: 0 | P45: 0 | Q45: 0 | R45: 0 | S45: 0 | T45: 0 | U45: 0 | V45: 0 | W45: 0 | X45: 0 | Y45: 0 | Z45: 0 | AA45: 0 | AB45: 0 | AC45: 0 | AD45: 0 | AE45: 0 | AF45: 0 | AG45: 0 | AH45: 0 | AI45: 0 | AJ45: 0 | AK45: 0 | AL45: 0 | AM45: 0 | AN45: 0 | AO45: 0
C46: 45.5BL | D46: Selective metering - properties | E46: Input (selective meters in each year) | F46: 000's | G46: 2 | H46: 0 | I46: 0 | J46: 0 | K46: 0 | L46: 0 | M46: 0 | N46: 0 | O46: 0 | P46: 0 | Q46: 0 | R46: 0 | S46: 0 | T46: 0 | U46: 0 | V46: 0 | W46: 0 | X46: 0 | Y46: 0 | Z46: 0 | AA46: 0 | AB46: 0 | AC46: 0 | AD46: 0 | AE46: 0 | AF46: 0 | AG46: 0 | AH46: 0 | AI46: 0 | AJ46: 0 | AK46: 0 | AL46: 0 | AM46: 0 | AN46: 0 | AO46: 0
C47: 45.6BL | D47: Other changes to existing metering - properties | E47: Input (other changes to meters in each year) | F47: 000's | G47: 2 | H47: 0.018262369 | I47: 0.014172737 | J47: 0.013891808 | K47: 0.013616448 | L47: 0.013346547 | M47: 0.013081995 | N47: 0.012822687 | O47: 0.012568519 | P47: 0.012319389 | Q47: 0.012075197 | R47: 0.011835846 | S47: 0.011601239 | T47: 0.011371282 | U47: 0.011145884 | V47: 0.010924953 | W47: 0.010708401 | X47: 0.010496142 | Y47: 0.01028809 | Z47: 0.010084162 | AA47: 0.0098842766 | AB47: 0.0096883531 | AC47: 0.009496313 | AD47: 0.0093080796 | AE47: 0.0091235772 | AF47: 0.0089427321 | AG47: 0.0087654715 | AH47: 0.0085917246 | AI47: 0.0084214217 | AJ47: 0.0082544944 | AK47: 0.008090876 | AL47: 0.0079305007 | AM47: 0.0077733044 | AN47: 0.007619224 | AO47: 0.0074681977
C48: 45.7BL | D48: Measured void households - properties | E48: Input (voids in each year) | F48: 000's | G48: 2 | H48: 0.28201254 | I48: 0.26004188 | J48: 0.2679688 | K48: 0.27581024 | L48: 0.28369247 | M48: 0.29138988 | N48: 0.29894442 | O48: 0.30631414 | P48: 0.31355882 | Q48: 0.32071763 | R48: 0.32778403 | S48: 0.33474052 | T48: 0.3415945 | U48: 0.34834849 | V48: 0.35500508 | W48: 0.36156753 | X48: 0.3680397 | Y48: 0.37440934 | Z48: 0.38065972 | AA48: 0.3868198 | AB48: 0.39289204 | AC48: 0.39887705 | AD48: 0.40477008 | AE48: 0.41057485 | AF48: 0.41629394 | AG48: 0.42189506 | AH48: 0.42733888 | AI48: 0.4326247 | AJ48: 0.43779795 | AK48: 0.44285834 | AL48: 0.44781299 | AM48: 0.45255615 | AN48: 0.45721414 | AO48: 0.46190847
C49: 46BL | D49: Unmeasured households - properties (excl void) | E49: Input (total) | F49: 000's | G49: 2 | H49: 9.112273 | I49: 8.754611 | J49: 8.5810794 | K49: 8.4109874 | L49: 8.244267 | M49: 8.0808513 | N49: 7.9206747 | O49: 7.7636732 | P49: 7.6097837 | Q49: 7.4589445 | R49: 7.3110952 | S49: 7.1661766 | T49: 7.0241305 | U49: 6.8849 | V49: 6.7484293 | W49: 6.6146637 | X49: 6.4835495 | Y49: 6.3550343 | Z49: 6.2290664 | AA49: 6.1055955 | AB49: 5.984572 | AC49: 5.8659473 | AD49: 5.749674 | AE49: 5.6357055 | AF49: 5.523996 | AG49: 5.4145008 | AH49: 5.3071759 | AI49: 5.2019785 | AJ49: 5.0988662 | AK49: 4.9977978 | AL49: 4.8987327 | AM49: 4.8016313 | AN49: 4.7064546 | AO49: 4.6131645
C50: 47BL | D50: Unmeasured void households - properties | E50: Input (voids in each year) | F50: 000's | G50: 2 | H50: 0.57181772 | I50: 0.57634351 | J50: 0.56491938 | K50: 0.55372169 | L50: 0.54274597 | M50: 0.5319878 | N50: 0.52144287 | O50: 0.51110697 | P50: 0.50097594 | Q50: 0.49104572 | R50: 0.48131234 | S50: 0.47177189 | T50: 0.46242055 | U50: 0.45325457 | V50: 0.44427028 | W50: 0.43546407 | X50: 0.42683241 | Y50: 0.41837185 | Z50: 0.41007899 | AA50: 0.40195051 | AB50: 0.39398315 | AC50: 0.38617372 | AD50: 0.37851908 | AE50: 0.37101618 | AF50: 0.36366199 | AG50: 0.35645358 | AH50: 0.34938805 | AI50: 0.34246257 | AJ50: 0.33567436 | AK50: 0.32902071 | AL50: 0.32249895 | AM50: 0.31610646 | AN50: 0.30984068 | AO50: 0.3036991
C51: 48BL | D51: Total Resource Zone Properties (incl voids) | E51: SUM(42BL:45BL)+45.7BL+46BL+47BL | F51: 000's | G51: 2 | H51: 19.95094 | I51: 20.039564 | J51: 20.096274 | K51: 20.154661 | L51: 20.2191 | M51: 20.28151 | N51: 20.343283 | O51: 20.402841 | P51: 20.462212 | Q51: 20.522694 | R51: 20.583967 | S51: 20.645327 | T51: 20.706951 | U51: 20.768846 | V51: 20.831022 | W51: 20.893515 | X51: 20.956385 | Y51: 21.019122 | Z51: 21.081057 | AA51: 21.143146 | AB51: 21.205402 | AC51: 21.267778 | AD51: 21.330037 | AE51: 21.392243 | AF51: 21.454424 | AG51: 21.515371 | AH51: 21.573629 | AI51: 21.629112 | AJ51: 21.683369 | AK51: 21.736331 | AL51: 21.788192 | AM51: 21.835152 | AN51: 21.88163 | AO51: 21.931873
B52: Customer: Population | C52: 49BL | D52: Measured Non Household - Population | E52: Input (total) | F52: 000's | G52: 2 | H52: 0.70478352 | I52: 0.71796427 | J52: 0.72549812 | K52: 0.73167504 | L52: 0.73779925 | M52: 0.74666784 | N52: 0.75557288 | O52: 0.76432828 | P52: 0.77204635 | Q52: 0.77870692 | R52: 0.787121 | S52: 0.7972035 | T52: 0.80873712 | U52: 0.818 | V52: 0.82800704 | W52: 0.84195325 | X52: 0.85524759 | Y52: 0.86664785 | Z52: 0.87532253 | AA52: 0.88251165 | AB52: 0.88944192 | AC52: 0.89603199 | AD52: 0.90238737 | AE52: 0.90834601 | AF52: 0.91412486 | AG52: 0.91978142 | AH52: 0.92527358 | AI52: 0.93065269 | AJ52: 0.93597235 | AK52: 0.94121224 | AL52: 0.94633891 | AM52: 0.95123784 | AN52: 0.95623188 | AO52: 0.96136596
C53: 50BL | D53: Unmeasured Non Household - Population | E53: Input (total) | F53: 000's | G53: 2 | H53: 0 | I53: 0 | J53: 0 | K53: 0 | L53: 0 | M53: 0 | N53: 0 | O53: 0 | P53: 0 | Q53: 0 | R53: 0 | S53: 0 | T53: 0 | U53: 0 | V53: 0 | W53: 0 | X53: 0 | Y53: 0 | Z53: 0 | AA53: 0 | AB53: 0 | AC53: 0 | AD53: 0 | AE53: 0 | AF53: 0 | AG53: 0 | AH53: 0 | AI53: 0 | AJ53: 0 | AK53: 0 | AL53: 0 | AM53: 0 | AN53: 0 | AO53: 0
C54: 51BL | D54: Measured Household - Population | E54: Input (total) | F54: 000's | G54: 2 | H54: 10.454806 | I54: 11.313865 | J54: 11.764437 | K54: 12.21639 | L54: 12.664683 | M54: 13.107434 | N54: 13.543013 | O54: 13.9717 | P54: 14.395714 | Q54: 14.815511 | R54: 15.230068 | S54: 15.63942 | T54: 16.043481 | U54: 16.442243 | V54: 16.83586 | W54: 17.224643 | X54: 17.608269 | Y54: 17.986082 | Z54: 18.359421 | AA54: 18.72749 | AB54: 19.090725 | AC54: 19.449002 | AD54: 19.802635 | AE54: 20.151675 | AF54: 20.495361 | AG54: 20.83379 | AH54: 21.1673 | AI54: 21.497041 | AJ54: 21.820528 | AK54: 22.141055 | AL54: 22.452892 | AM54: 22.764515 | AN54: 23.072885 | AO54: 23.371793
C55: 52BL | D55: Unmeasured Household - Population | E55: Input (total) | F55: 000's | G55: 2 | H55: 22.956144 | I55: 22.23487 | J55: 21.84684 | K55: 21.467194 | L55: 21.089094 | M55: 20.715235 | N55: 20.345734 | O55: 19.981985 | P55: 19.623928 | Q55: 19.271095 | R55: 18.923212 | S55: 18.580585 | T55: 18.243458 | U55: 17.911963 | V55: 17.586057 | W55: 17.265871 | X55: 16.95136 | Y55: 16.64247 | Z55: 16.339733 | AA55: 16.04243 | AB55: 15.750664 | AC55: 15.464338 | AD55: 15.183503 | AE55: 14.908049 | AF55: 14.637736 | AG55: 14.37282 | AH55: 14.113555 | AI55: 13.860007 | AJ55: 13.611175 | AK55: 13.367534 | AL55: 13.128054 | AM55: 12.894698 | AN55: 12.666284 | AO55: 12.441218
C56: 53BL | D56: Total Resource Zone Population | E56: Sum(49BL:52BL) | F56: 000's | G56: 2 | H56: 34.115733 | I56: 34.266699 | J56: 34.336776 | K56: 34.415259 | L56: 34.491576 | M56: 34.569336 | N56: 34.64432 | O56: 34.718013 | P56: 34.791688 | Q56: 34.865314 | R56: 34.940401 | S56: 35.017208 | T56: 35.095676 | U56: 35.172206 | V56: 35.249924 | W56: 35.332467 | X56: 35.414877 | Y56: 35.4952 | Z56: 35.574476 | AA56: 35.652431 | AB56: 35.730831 | AC56: 35.809373 | AD56: 35.888525 | AE56: 35.96807 | AF56: 36.047222 | AG56: 36.126392 | AH56: 36.206129 | AI56: 36.2877 | AJ56: 36.367676 | AK56: 36.449801 | AL56: 36.527285 | AM56: 36.610451 | AN56: 36.695401 | AO56: 36.774377
B57: Occupancy | C57: 54BL | D57: Measured Household - Occupancy Rate (average) (excl voids) | E57: 51BL/45BL | F57: h/prop | G57: 1 | H57: 1.4973721 | I57: 1.5183233 | J57: 1.5301801 | K57: 1.5418662 | L57: 1.5519683 | M57: 1.5618396 | N57: 1.5710721 | O57: 1.5800237 | P57: 1.5886218 | Q57: 1.5967234 | R57: 1.6043036 | S57: 1.6115108 | T57: 1.6183299 | U57: 1.6247797 | V57: 1.6308923 | W57: 1.6367074 | X57: 1.6421991 | Y57: 1.6473951 | Z57: 1.6525244 | AA57: 1.6573813 | AB57: 1.662011 | AC57: 1.666416 | AD57: 1.6706614 | AE57: 1.6747462 | AF57: 1.6786074 | AG57: 1.6824178 | AH57: 1.6863933 | AI57: 1.6906276 | AJ57: 1.6947186 | AK57: 1.6989304 | AL57: 1.7027977 | AM57: 1.7074379 | AN57: 1.7120566 | AO57: 1.7156755
C58: 55BL | D58: Unmeasured Household - Occupancy Rate | E58: 52BL/46BL | F58: h/prop | G58: 1 | H58: 2.5192555 | I58: 2.5397896 | J58: 2.5459315 | K58: 2.5522798 | L58: 2.5580314 | M58: 2.5634966 | N58: 2.5686869 | O58: 2.5737798 | P58: 2.578776 | Q58: 2.5836223 | R58: 2.5882869 | S58: 2.5928171 | T58: 2.5972549 | U58: 2.6016301 | V58: 2.6059481 | W58: 2.6102417 | X58: 2.6145184 | Y58: 2.6187852 | Z58: 2.6231431 | AA58: 2.6274964 | AB58: 2.6318781 | AC58: 2.63629 | AD58: 2.6407589 | AE58: 2.6452853 | AF58: 2.6498456 | AG58: 2.6545051 | AH58: 2.6593344 | AI58: 2.6643722 | AJ58: 2.6694514 | AK58: 2.6746848 | AL58: 2.6798878 | AM58: 2.6854828 | AN58: 2.691258 | AO58: 2.6968945
B59: Metering | C59: 56BL | D59: Total Household Metering penetration (excl. voids) | E59: 45BL/45BL+46BL | F59: % | G59: 0 | H59: 0.43382253 | I59: 0.45979742 | J59: 0.47256161 | K59: 0.48506598 | L59: 0.49744381 | M59: 0.50945335 | N59: 0.52114641 | O59: 0.53248876 | P59: 0.54354664 | Q59: 0.55436106 | R59: 0.5649285 | S59: 0.57523687 | T59: 0.58529692 | U59: 0.59511485 | V59: 0.60469679 | W59: 0.6140493 | X59: 0.62317918 | Y59: 0.63208121 | Z59: 0.64074804 | AA59: 0.64920534 | AB59: 0.65745866 | AC59: 0.66551221 | AD59: 0.67336676 | AE59: 0.68102872 | AF59: 0.68850354 | AG59: 0.69577602 | AH59: 0.70282893 | AI59: 0.70966889 | AJ59: 0.71632734 | AK59: 0.72280882 | AL59: 0.72912156 | AM59: 0.73521665 | AN59: 0.74116412 | AO59: 0.74702518
C60: 57BL | D60: Total Household Metering penetration (incl. voids) | E60: 45BL/(45BL+45.7BL+46BL+47BL) | F60: % | G60: 0 | H60: 0.41196707 | I60: 0.43723226 | J60: 0.44954761 | K60: 0.46162237 | L60: 0.47358541 | M60: 0.48520153 | N60: 0.49652026 | O60: 0.50750757 | P60: 0.5182272 | Q60: 0.5287186 | R60: 0.53897779 | S60: 0.54899247 | T60: 0.55877262 | U60: 0.56832382 | V60: 0.5776516 | W60: 0.58676194 | X60: 0.59566107 | Y60: 0.60434346 | Z60: 0.61280144 | AA60: 0.62105984 | AB60: 0.62912375 | AC60: 0.63699696 | AD60: 0.64467988 | AE60: 0.65217849 | AF60: 0.65949785 | AG60: 0.66662262 | AH60: 0.67353539 | AI60: 0.68024234 | AJ60: 0.68677427 | AK60: 0.69313537 | AL60: 0.69933353 | AM60: 0.70531991 | AN60: 0.71116375 | AO60: 0.71692572
D62: ='TITLE PAGE'!B9 -> Company: | E62: ='TITLE PAGE'!D9 -> Dŵr Cymru Welsh Water
D63: ='TITLE PAGE'!B10 -> Resource Zone Name: | E63: ='TITLE PAGE'!D10 -> Lleyn Harlech
D64: ='TITLE PAGE'!B11 -> Resource Zone Number: | E64: ='TITLE PAGE'!D11 -> 8034
D65: ='TITLE PAGE'!B12 -> Planning Scenario Name: | E65: ='TITLE PAGE'!D12 -> Dry Year Annual Average
D66: ='TITLE PAGE'!B13 -> Chosen Level of Service: | E66: ='TITLE PAGE'!D13 -> 1 in 20

Sheet 4. BL SDB
C1: Table 4: Baseline supply demand balance
C2: Row ref | D2: Component | E2: Derivation | F2: Unit | G2: Decimal places | H2: ='TITLE PAGE'!D14 -> 2015-16 | I2: ='WRZ summary'!E5 -> For info 2017-18 | J2: ='WRZ summary'!F5 -> For info 2018-19 | K2: ='WRZ summary'!G5 -> For info 2019-20 | L2: ='WRZ summary'!H5 -> 2020-21 | M2: ='WRZ summary'!I5 -> 2021-22 | N2: ='WRZ summary'!J5 -> 2022-23 | O2: ='WRZ summary'!K5 -> 2023-24 | P2: ='WRZ summary'!L5 -> 2024-25 | ... AO2: ='WRZ summary'!AK5 -> 2049-50
B3: SDB | C3: 11BL | D3: Distribution input | E3: 19BL+20BL+21BL+22BL+32BL+33BL+38BL+39BL | F3: Ml/d | G3: 2 | H3: =SUM('3. BL Demand'!H3:H6,'3. BL Demand'!H28:H29,'3. BL Demand'!H34:H35) -> 11.762183 | I3: =SUM('3. BL Demand'!I3:I6,'3. BL Demand'!I28:I29,'3. BL Demand'!I34:I35) -> 11.987041 | J3: =SUM('3. BL Demand'!J3:J6,'3. BL Demand'!J28:J29,'3. BL Demand'!J34:J35) -> 11.99711 | K3: =SUM('3. BL Demand'!K3:K6,'3. BL Demand'!K28:K29,'3. BL Demand'!K34:K35) -> 11.984943 | L3: =SUM('3. BL Demand'!L3:L6,'3. BL Demand'!L28:L29,'3. BL Demand'!L34:L35) -> 11.841988 | M3: =SUM('3. BL Demand'!M3:M6,'3. BL Demand'!M28:M29,'3. BL Demand'!M34:M35) -> 11.674635 | N3: =SUM('3. BL Demand'!N3:N6,'3. BL Demand'!N28:N29,'3. BL Demand'!N34:N35) -> 11.492225 | O3: =SUM('3. BL Demand'!O3:O6,'3. BL Demand'!O28:O29,'3. BL Demand'!O34:O35) -> 11.300813 | ... AO3: =SUM('3. BL Demand'!AO3:AO6,'3. BL Demand'!AO28:AO29,'3. BL Demand'!AO34:AO35) -> 8.3088111
C4: 12BL | D4: Water Available For Use (own sources) | E4: (7BL+8BL)-(9BL+10BL) | F4: Ml/d | G4: 2 | H4: =('2. BL Supply'!H17+'2. BL Supply'!H18)-('2. BL Supply'!H24+'2. BL Supply'!H25) -> 16.84183 | I4: =('2. BL Supply'!I17+'2. BL Supply'!I18)-('2. BL Supply'!I24+'2. BL Supply'!I25) -> 16.154408 | J4: =('2. BL Supply'!J17+'2. BL Supply'!J18)-('2. BL Supply'!J24+'2. BL Supply'!J25) -> 16.124607 | K4: =('2. BL Supply'!K17+'2. BL Supply'!K18)-('2. BL Supply'!K24+'2. BL Supply'!K25) -> 16.094805 | L4: =('2. BL Supply'!L17+'2. BL Supply'!L18)-('2. BL Supply'!L24+'2. BL Supply'!L25) -> 16.065003 | M4: =('2. BL Supply'!M17+'2. BL Supply'!M18)-('2. BL Supply'!M24+'2. BL Supply'!M25) -> 16.035202 | N4: =('2. BL Supply'!N17+'2. BL Supply'!N18)-('2. BL Supply'!N24+'2. BL Supply'!N25) -> 16.0054 | O4: =('2. BL Supply'!O17+'2. BL Supply'!O18)-('2. BL Supply'!O24+'2. BL Supply'!O25) -> 15.975598 | ... AO4: =('2. BL Supply'!AO17+'2. BL Supply'!AO18)-('2. BL Supply'!AO24+'2. BL Supply'!AO25) -> 15.632879
C5: 13BL | D5: Total Water Available For Use | E5: 12BL+(2BL+3BL)-(5BL+6BL) | F5: Ml/d | G5: 2 | H5: =H4+('2. BL Supply'!H4+'2. BL Supply'!H7)-('2. BL Supply'!H10+'2. BL Supply'!H14) -> 16.77906 | I5: =I4+('2. BL Supply'!I4+'2. BL Supply'!I7)-('2. BL Supply'!I10+'2. BL Supply'!I14) -> 15.807661 | J5: =J4+('2. BL Supply'!J4+'2. BL Supply'!J7)-('2. BL Supply'!J10+'2. BL Supply'!J14) -> 15.769353 | K5: =K4+('2. BL Supply'!K4+'2. BL Supply'!K7)-('2. BL Supply'!K10+'2. BL Supply'!K14) -> 15.734286 | L5: =L4+('2. BL Supply'!L4+'2. BL Supply'!L7)-('2. BL Supply'!L10+'2. BL Supply'!L14) -> 15.712157 | M5: =M4+('2. BL Supply'!M4+'2. BL Supply'!M7)-('2. BL Supply'!M10+'2. BL Supply'!M14) -> 15.689468 | N5: =N4+('2. BL Supply'!N4+'2. BL Supply'!N7)-('2. BL Supply'!N10+'2. BL Supply'!N14) -> 15.674239 | O5: =O4+('2. BL Supply'!O4+'2. BL Supply'!O7)-('2. BL Supply'!O10+'2. BL Supply'!O14) -> 15.656861 | ... AO5: =AO4+('2. BL Supply'!AO4+'2. BL Supply'!AO7)-('2. BL Supply'!AO10+'2. BL Supply'!AO14) -> 15.573489
C6: 14BL | D6: Target headroom (climate change component) | E6: Input | F6: Ml/d | G6: 2 | H6: 0.0016218053 | I6: 0.078302179 | J6: 0.15615956 | K6: 0.23395658 | L6: 0.31169399 | M6: 0.38942832 | N6: 0.46703989 | O6: 0.5450978 | P6: 0.62293765 | Q6: 0.68484762 | R6: 0.76108268 | S6: 0.83740918 | T6: 0.91405558 | U6: 0.99088249 | V6: 0.95207966 | W6: 0.96975827 | X6: 0.9875793 | Y6: 1.0055833 | Z6: 1.022242 | AA6: 1.0137306 | AB6: 1.0303001 | AC6: 1.0463912 | AD6: 1.0636678 | AE6: 1.0810283 | AF6: 1.0075934 | AG6: 1.0230022 | AH6: 1.0394762 | AI6: 1.0554017 | AJ6: 1.0705115 | AK6: 1.0862181 | AL6: 1.1009925 | AM6: 1.1166453 | AN6: 1.1322466 | AO6: 1.1465493
C7: 15BL | D7: Target headroom (All other components) | E7: Input | F7: Ml/d | G7: 2 | H7: 0.70020682 | I7: 0.71552839 | J7: 0.71921669 | K7: 0.73139823 | L7: 0.73579891 | M7: 0.74635377 | N7: 0.7478124 | O7: 0.74624379 | P7: 0.75071707 | Q7: 0.60632112 | R7: 0.6103172 | S7: 0.61557236 | T7: 0.61547678 | U7: 0.62124786 | V7: 0.52200329 | W7: 0.55192865 | X7: 0.57921107 | Y7: 0.60932142 | Z7: 0.64181771 | AA7: 0.58070757 | AB7: 0.61427749 | AC7: 0.6409094 | AD7: 0.67705297 | AE7: 0.70941093 | AF7: 0.65749053 | AG7: 0.68542085 | AH7: 0.7226318 | AI7: 0.76172505 | AJ7: 0.80105924 | AK7: 0.82801771 | AL7: 0.86050501 | AM7: 0.89144624 | AN7: 0.93045142 | AO7: 0.96701407
C8: 16BL | D8: Target Headroom | E8: 14BL+15BL | F8: Ml/d | G8: 2 | H8: =H6+H7 -> 0.70182863 | I8: =I6+I7 -> 0.79383057 | J8: =J6+J7 -> 0.87537625 | K8: =K6+K7 -> 0.96535481 | L8: =L6+L7 -> 1.0474929 | M8: =M6+M7 -> 1.1357821 | N8: =N6+N7 -> 1.2148523 | O8: =O6+O7 -> 1.2913416 | ... AO8: =AO6+AO7 -> 2.1135634
C9: 17BL | D9: Available Headroom | E9: 13BL-11BL | F9: Ml/d | G9: 2 | H9: =H5-H3 -> 5.0168774 | I9: =I5-I3 -> 3.8206207 | J9: =J5-J3 -> 3.7722433 | K9: =K5-K3 -> 3.7493422 | L9: =L5-L3 -> 3.8701697 | M9: =M5-M3 -> 4.0148338 | N9: =N5-N3 -> 4.1820143 | O9: =O5-O3 -> 4.3560479 | P9: =P5-P3 -> 4.4915027 | Q9: ='4. BL SDB'!Q5-'4. BL SDB'!Q3 -> 4.5596368 | R9: ='4. BL SDB'!R5-'4. BL SDB'!R3 -> 4.644243 | S9: ='4. BL SDB'!S5-'4. BL SDB'!S3 -> 4.6907924 | T9: ='4. BL SDB'!T5-'4. BL SDB'!T3 -> 4.7567587 | U9: ='4. BL SDB'!U5-'4. BL SDB'!U3 -> 4.8248211 | V9: ='4. BL SDB'!V5-'4. BL SDB'!V3 -> 4.9721871 | W9: ='4. BL SDB'!W5-'4. BL SDB'!W3 -> 5.1209709 | X9: ='4. BL SDB'!X5-'4. BL SDB'!X3 -> 5.2702849 | ... AO9: ='4. BL SDB'!AO5-'4. BL SDB'!AO3 -> 7.264678
C10: 18BL | D10: Supply Demand Balance | E10: 17BL-16BL | F10: Ml/d | G10: 2 | H10: =H9-H8 -> 4.3150488 | I10: =I9-I8 -> 3.0267902 | J10: =J9-J8 -> 2.896867 | K10: =K9-K8 -> 2.7839874 | L10: =L9-L8 -> 2.8226768 | M10: =M9-M8 -> 2.8790518 | N10: =N9-N8 -> 2.967162 | O10: =O9-O8 -> 3.0647063 | ... AO10: =AO9-AO8 -> 5.1511146
D13: ='TITLE PAGE'!B9 -> Company: | E13: ='TITLE PAGE'!D9 -> Dŵr Cymru Welsh Water
D14: ='TITLE PAGE'!B10 -> Resource Zone Name: | E14: ='TITLE PAGE'!D10 -> Lleyn Harlech
D15: ='TITLE PAGE'!B11 -> Resource Zone Number: | E15: ='TITLE PAGE'!D11 -> 8034
D16: ='TITLE PAGE'!B12 -> Planning Scenario Name: | E16: ='TITLE PAGE'!D12 -> Dry Year Annual Average
D17: ='TITLE PAGE'!B13 -> Chosen Level of Service: | E17: ='TITLE PAGE'!D13 -> 1 in 20
D20: README

Sheet 5. Feasible Options
B1: Table 5: Feasible options detailed costs | U1: ENTER DISCOUNT RATE % | Y1: 0.035 | Z1: 0.035 | AA1: 0.035 | AB1: 0.035 | AC1: 0.035 | AD1: 0.035 | AE1: 0.035 | AF1: 0.035 | AG1: 0.035 | AH1: 0.035 | AI1: 0.035 | AJ1: 0.035 | AK1: 0.035 | AL1: 0.035 | AM1: 0.035 | AN1: 0.035 | AO1: 0.035 | AP1: 0.035 | AQ1: 0.035 | AR1: 0.035 | AS1: 0.035 | AT1: 0.035 | AU1: 0.035 | AV1: 0.035 | AW1: 0.035 | AX1: 0.035 | AY1: 0.035 | AZ1: 0.035 | BA1: 0.035 | BB1: 0.03 | BC1: 0.03 | BD1: 0.03 | BE1: 0.03 | BF1: 0.03 | BG1: 0.03 | BH1: 0.03 | BI1: 0.03 | BJ1: 0.03 | BK1: 0.03 | BL1: 0.03 | BM1: 0.03 | BN1: 0.03 | BO1: 0.03 | BP1: 0.03 | BQ1: 0.03 | BR1: 0.03 | BS1: 0.03 | BT1: 0.03 | BU1: 0.03 | BV1: 0.03 | BW1: 0.03 | BX1: 0.03 | BY1: 0.03 | BZ1: 0.03 | CA1: 0.03 | CB1: 0.03 | CC1: 0.03 | CD1: 0.03 | CE1: 0.03 | CF1: 0.03 | CG1: 0.03 | CH1: 0.03 | CI1: 0.03 | CJ1: 0.03 | CK1: 0.03 | CL1: 0.03 | CM1: 0.03 | CN1: 0.03 | CO1: 0.03 | CP1: 0.03 | CQ1: 0.03 | CR1: 0.03 | CS1: 0.03 | CT1: 0.03 | CU1: 0.025 | CV1: 0.025 | CW1: 0.025 | CX1: 0.025 | CY1: 0.025 | CZ1: 0.025 | DA1: 0.025 | DB1: 0.025 | DC1: 0.025 | DD1: 0.025 | DE1: 0.025 | DF1: 0.025 | DG1: 0.025 | DH1: 0.025 | DI1: 0.025 | DJ1: 0.025 | DK1: 0.025 | DL1: 0.025 | DM1: 0.025 | DN1: 0.025 | DO1: 0.025 | DP1: 0.025 | DQ1: 0.025 | DR1: 0.025 | DS1: 0.025 | DT1: 0.025 | DU1: 0.025 | DV1: 0.025 | DW1: 0.025
B2: Detail the gains in WAFU / savings in demand, and the costs of feasible options under capacity use scenario | U2: ENTER DISCOUNT PERIOD (YRS) | V2: 80 | X2: 1 | Y2: =IF(Y3>$V2,0,X2/(1+Y1)) -> 0.96618357 | Z2: =IF(Z3>$V2,0,Y2/(1+Z1)) -> 0.9335107 | AA2: =IF(AA3>$V2,0,Z2/(1+AA1)) -> 0.90194271 | AB2: =IF(AB3>$V2,0,AA2/(1+AB1)) -> 0.87144223 | AC2: =IF(AC3>$V2,0,AB2/(1+AC1)) -> 0.84197317 | AD2: =IF(AD3>$V2,0,AC2/(1+AD1)) -> 0.81350064 | AE2: =IF(AE3>$V2,0,AD2/(1+AE1)) -> 0.78599096 | AF2: =IF(AF3>$V2,0,AE2/(1+AF1)) -> 0.75941156 | ... CY2: =IF(CY3>$V2,0,CX2/(1+CY1)) -> 0.08618574 | CZ2: Note: If option costs are required from beyond year 80 then the NPV calculation formula must be amended manually to cover the extended period
X3: 1 | Y3: =X3+1 -> 2 | Z3: =Y3+1 -> 3 | AA3: =Z3+1 -> 4 | AB3: =AA3+1 -> 5 | AC3: =AB3+1 -> 6 | AD3: =AC3+1 -> 7 | AE3: =AD3+1 -> 8 | AF3: =AE3+1 -> 9 | ... DW3: =DV3+1 -> 104
B4: Row ref | C4: Option name | D4: Option reference no. | E4: Type of option | F4: Preferred Option (Y/N) | G4: Earliest potential option start date (Year) | H4: Costs based on capacity | I4: WAFU on full implementation (Ml/d) | J4: NPV of WAFU (Ml) | K4: CAPEX NPV (£000) | L4: OPEX NPV (£000) | M4: NPV of opex savings (£000) | N4: NPV of carbon (£000) | O4: Social & Env. NPV (£000) | P4: TOTAL NPV (£000) | Q4: AIC (p/m3) | R4: AISC (p/m3) | S4: Scope confidence (score 1 to 5) | T4: Cost confidence (score 1 to 5) | U4: Cost component | V4: Derivation | W4: Unit | X4: Year 1 | Y4: Year 2 | Z4: Year 3 | AA4: Year 4 | AB4: Year 5 | AC4: Year 6 | AD4: Year 7 | AE4: Year 8 | AF4: Year 9 | AG4: Year 10 | AH4: Year 11 | AI4: Year 12 | AJ4: Year 13 | AK4: Year 14 | AL4: Year 15 | AM4: Year 16 | AN4: Year 17 | AO4: Year 18 | AP4: Year 19 | AQ4: Year 20 | AR4: Year 21 | AS4: Year 22 | AT4: Year 23 | AU4: Year 24 | AV4: Year 25 | AW4: Year 26 | AX4: Year 27 | AY4: Year 28 | AZ4: Year 29 | BA4: Year 30 | BB4: Year 31 | BC4: Year 32 | BD4: Year 33 | BE4: Year 34 | BF4: Year 35 | BG4: Year 36 | BH4: Year 37 | BI4: Year 38 | BJ4: Year 39 | BK4: Year 40 | BL4: Year 41 | BM4: Year 42 | BN4: Year 43 | BO4: Year 44 | BP4: Year 45 | BQ4: Year 46 | BR4: Year 47 | BS4: Year 48 | BT4: Year 49 | BU4: Year 50 | BV4: Year 51 | BW4: Year 52 | BX4: Year 53 | BY4: Year 54 | BZ4: Year 55 | CA4: Year 56 | CB4: Year 57 | CC4: Year 58 | CD4: Year 59 | CE4: Year 60 | CF4: Year 61 | CG4: Year 62 | CH4: Year 63 | CI4: Year 64 | CJ4: Year 65 | CK4: Year 66 | CL4: Year 67 | CM4: Year 68 | CN4: Year 69 | CO4: Year 70 | CP4: Year 71 | CQ4: Year 72 | CR4: Year 73 | CS4: Year 74 | CT4: Year 75 | CU4: Year 76 | CV4: Year 77 | CW4: Year 78 | CX4: Year 79 | CY4: Year 80 | CZ4: Year 81 | DA4: Year 82 | DB4: Year 83 | DC4: Year 84 | DD4: Year 85 | DE4: Year 86 | DF4: Year 87 | DG4: Year 88 | DH4: Year 89 | DI4: Year 90 | DJ4: Year 91 | DK4: Year 92 | DL4: Year 93 | DM4: Year 94 | DN4: Year 95 | DO4: Year 96 | DP4: Year 97 | DQ4: Year 98 | DR4: Year 99 | DS4: Year 100 | DT4: Year 101 | DU4: Year 102 | DV4: Year 103 | DW4: Year 104
B5: 58a | C5: RESOURCE SIDE
B6: 58.1a | C6: Options to increase raw water abstractions | U6: Total Mld for SDB component | X6: =SUMIF($C:$C,"58.1x",X:X) -> 0 | Y6: =SUMIF($C:$C,"58.1x",Y:Y) -> 0 | Z6: =SUMIF($C:$C,"58.1x",Z:Z) -> 0 | AA6: =SUMIF($C:$C,"58.1x",AA:AA) -> 0 | AB6: =SUMIF($C:$C,"58.1x",AB:AB) -> 0 | AC6: =SUMIF($C:$C,"58.1x",AC:AC) -> 0 | AD6: =SUMIF($C:$C,"58.1x",AD:AD) -> 0 | AE6: =SUMIF($C:$C,"58.1x",AE:AE) -> 0 | AF6: =SUMIF($C:$C,"58.1x",AF:AF) -> 0 | AG6: =SUMIF($C:$C,"58.1x",AG:AG) -> 0 | AH6: =SUMIF($C:$C,"58.1x",AH:AH) -> 0 | AI6: =SUMIF($C:$C,"58.1x",AI:AI) -> 0 | AJ6: =SUMIF($C:$C,"58.1x",AJ:AJ) -> 0 | AK6: =SUMIF($C:$C,"58.1x",AK:AK) -> 0 | AL6: =SUMIF($C:$C,"58.1x",AL:AL) -> 0 | AM6: =SUMIF($C:$C,"58.1x",AM:AM) -> 0 | AN6: =SUMIF($C:$C,"58.1x",AN:AN) -> 0 | AO6: =SUMIF($C:$C,"58.1x",AO:AO) -> 0 | AP6: =SUMIF($C:$C,"58.1x",AP:AP) -> 0 | AQ6: =SUMIF($C:$C,"58.1x",AQ:AQ) -> 0 | AR6: =SUMIF($C:$C,"58.1x",AR:AR) -> 0 | AS6: =SUMIF($C:$C,"58.1x",AS:AS) -> 0 | AT6: =SUMIF($C:$C,"58.1x",AT:AT) -> 0 | AU6: =SUMIF($C:$C,"58.1x",AU:AU) -> 0 | AV6: =SUMIF($C:$C,"58.1x",AV:AV) -> 0 | AW6: =SUMIF($C:$C,"58.1x",AW:AW) -> 0 | AX6: =SUMIF($C:$C,"58.1x",AX:AX) -> 0 | AY6: =SUMIF($C:$C,"58.1x",AY:AY) -> 0 | AZ6: =SUMIF($C:$C,"58.1x",AZ:AZ) -> 0 | BA6: =SUMIF($C:$C,"58.1x",BA:BA) -> 0 | BB6: =SUMIF($C:$C,"58.1x",BB:BB) -> 0 | BC6: =SUMIF($C:$C,"58.1x",BC:BC) -> 0 | BD6: =SUMIF($C:$C,"58.1x",BD:BD) -> 0 | BE6: =SUMIF($C:$C,"58.1x",BE:BE) -> 0 | BF6: =SUMIF($C:$C,"58.1x",BF:BF) -> 0 | BG6: =SUMIF($C:$C,"58.1x",BG:BG) -> 0 | BH6: =SUMIF($C:$C,"58.1x",BH:BH) -> 0 | BI6: =SUMIF($C:$C,"58.1x",BI:BI) -> 0 | BJ6: =SUMIF($C:$C,"58.1x",BJ:BJ) -> 0 | BK6: =SUMIF($C:$C,"58.1x",BK:BK) -> 0 | BL6: =SUMIF($C:$C,"58.1x",BL:BL) -> 0 | BM6: =SUMIF($C:$C,"58.1x",BM:BM) -> 0 | BN6: =SUMIF($C:$C,"58.1x",BN:BN) -> 0 | BO6: =SUMIF($C:$C,"58.1x",BO:BO) -> 0 | BP6: =SUMIF($C:$C,"58.1x",BP:BP) -> 0 | BQ6: =SUMIF($C:$C,"58.1x",BQ:BQ) -> 0 | BR6: =SUMIF($C:$C,"58.1x",BR:BR) -> 0 | BS6: =SUMIF($C:$C,"58.1x",BS:BS) -> 0 | BT6: =SUMIF($C:$C,"58.1x",BT:BT) -> 0 | BU6: =SUMIF($C:$C,"58.1x",BU:BU) -> 0 | BV6: =SUMIF($C:$C,"58.1x",BV:BV) -> 0 | BW6: =SUMIF($C:$C,"58.1x",BW:BW) -> 0 | BX6: =SUMIF($C:$C,"58.1x",BX:BX) -> 0 | BY6: =SUMIF($C:$C,"58.1x",BY:BY) -> 0 | BZ6: =SUMIF($C:$C,"58.1x",BZ:BZ) -> 0 | CA6: =SUMIF($C:$C,"58.1x",CA:CA) -> 0 | CB6: =SUMIF($C:$C,"58.1x",CB:CB) -> 0 | CC6: =SUMIF($C:$C,"58.1x",CC:CC) -> 0 | CD6: =SUMIF($C:$C,"58.1x",CD:CD) -> 0 | CE6: =SUMIF($C:$C,"58.1x",CE:CE) -> 0 | CF6: =SUMIF($C:$C,"58.1x",CF:CF) -> 0 | CG6: =SUMIF($C:$C,"58.1x",CG:CG) -> 0 | CH6: =SUMIF($C:$C,"58.1x",CH:CH) -> 0 | CI6: =SUMIF($C:$C,"58.1x",CI:CI) -> 0 | CJ6: =SUMIF($C:$C,"58.1x",CJ:CJ) -> 0 | CK6: =SUMIF($C:$C,"58.1x",CK:CK) -> 0 | CL6: =SUMIF($C:$C,"58.1x",CL:CL) -> 0 | CM6: =SUMIF($C:$C,"58.1x",CM:CM) -> 0 | CN6: =SUMIF($C:$C,"58.1x",CN:CN) -> 0 | CO6: =SUMIF($C:$C,"58.1x",CO:CO) -> 0 | CP6: =SUMIF($C:$C,"58.1x",CP:CP) -> 0 | CQ6: =SUMIF($C:$C,"58.1x",CQ:CQ) -> 0 | CR6: =SUMIF($C:$C,"58.1x",CR:CR) -> 0 | CS6: =SUMIF($C:$C,"58.1x",CS:CS) -> 0 | CT6: =SUMIF($C:$C,"58.1x",CT:CT) -> 0 | CU6: =SUMIF($C:$C,"58.1x",CU:CU) -> 0 | CV6: =SUMIF($C:$C,"58.1x",CV:CV) -> 0 | CW6: =SUMIF($C:$C,"58.1x",CW:CW) -> 0 | CX6: =SUMIF($C:$C,"58.1x",CX:CX) -> 0 | CY6: =SUMIF($C:$C,"58.1x",CY:CY) -> 0 | CZ6: =SUMIF($C:$C,"58.1x",CZ:CZ) -> 0 | DA6: =SUMIF($C:$C,"58.1x",DA:DA) -> 0 | DB6: =SUMIF($C:$C,"58.1x",DB:DB) -> 0 | DC6: =SUMIF($C:$C,"58.1x",DC:DC) -> 0 | DD6: =SUMIF($C:$C,"58.1x",DD:DD) -> 0 | DE6: =SUMIF($C:$C,"58.1x",DE:DE) -> 0 | DF6: =SUMIF($C:$C,"58.1x",DF:DF) -> 0 | DG6: =SUMIF($C:$C,"58.1x",DG:DG) -> 0 | DH6: =SUMIF($C:$C,"58.1x",DH:DH) -> 0 | DI6: =SUMIF($C:$C,"58.1x",DI:DI) -> 0 | DJ6: =SUMIF($C:$C,"58.1x",DJ:DJ) -> 0 | DK6: =SUMIF($C:$C,"58.1x",DK:DK) -> 0 | DL6: =SUMIF($C:$C,"58.1x",DL:DL) -> 0 | DM6: =SUMIF($C:$C,"58.1x",DM:DM) -> 0 | DN6: =SUMIF($C:$C,"58.1x",DN:DN) -> 0 | DO6: =SUMIF($C:$C,"58.1x",DO:DO) -> 0 | DP6: =SUMIF($C:$C,"58.1x",DP:DP) -> 0 | DQ6: =SUMIF($C:$C,"58.1x",DQ:DQ) -> 0 | DR6: =SUMIF($C:$C,"58.1x",DR:DR) -> 0 | DS6: =SUMIF($C:$C,"58.1x",DS:DS) -> 0 | DT6: =SUMIF($C:$C,"58.1x",DT:DT) -> 0 | DU6: =SUMIF($C:$C,"58.1x",DU:DU) -> 0 | DV6: =SUMIF($C:$C,"58.1x",DV:DV) -> 0 | DW6: =SUMIF($C:$C,"58.1x",DW:DW) -> 0
B7: 58.1x | H7: Capacity | I7: =MAX(X7:AV7) -> 0 | J7: =SUMPRODUCT($X$2:$CY$2,$X7:$CY7)*365 -> 0 | K7: =SUMPRODUCT($X$2:$CY$2,$X8:$CY8)+SUMPRODUCT($X$2:$CY$2,$X9:$CY9)+SUMPRODUCT($X$2:$CY$2,$X10:$CY10) -> 0 | L7: =SUMPRODUCT($X$2:$CY$2,$X11:$CY11) +SUMPRODUCT($X$2:$CY$2,$X12:$CY12) -> 0 | M7: =SUMPRODUCT($X$2:$CY$2,$X13:$CY13) -> 0 | N7: =SUMPRODUCT($X$2:$CY$2,$X16:$CY16) +SUMPRODUCT($X$2:$CY$2,$X17:$CY17) -> 0 | O7: =SUMPRODUCT($X$2:$CY$2,$X14:$CY14) +SUMPRODUCT($X$2:$CY$2,$X15:$CY15) +SUMPRODUCT($X$2:$CY$2,$X18:$CY18) -> 0 | P7: =SUM(K7:O7) -> 0 | Q7: =(SUM(K7:M7)*100000)/(J7*1000) -> #DIV/0! | R7: =(P7*100000)/(J7*1000) -> #DIV/0! | U7: Gains in WAFU / Savings in demand | V7: Input | W7: Ml/d | CZ7: 0 | DA7: 0 | DB7: 0 | DC7: 0 | DD7: 0 | DE7: 0 | DF7: 0 | DG7: 0 | DH7: 0 | DI7: 0 | DJ7: 0 | DK7: 0 | DL7: 0 | DM7: 0 | DN7: 0 | DO7: 0 | DP7: 0 | DQ7: 0 | DR7: 0 | DS7: 0 | DT7: 0 | DU7: 0 | DV7: 0 | DW7: 0
U8: Fixed capex | V8: Input | W8: £000s | CZ8: 0 | DA8: 0 | DB8: 0 | DC8: 0 | DD8: 0 | DE8: 0 | DF8: 0 | DG8: 0 | DH8: 0 | DI8: 0 | DJ8: 0 | DK8: 0 | DL8: 0 | DM8: 0 | DN8: 0 | DO8: 0 | DP8: 0 | DQ8: 0 | DR8: 0 | DS8: 0 | DT8: 0 | DU8: 0 | DV8: 0 | DW8: 0
U9: Variable capex | V9: Input | W9: £000s | CZ9: 0 | DA9: 0 | DB9: 0 | DC9: 0 | DD9: 0 | DE9: 0 | DF9: 0 | DG9: 0 | DH9: 0 | DI9: 0 | DJ9: 0 | DK9: 0 | DL9: 0 | DM9: 0 | DN9: 0 | DO9: 0 | DP9: 0 | DQ9: 0 | DR9: 0 | DS9: 0 | DT9: 0 | DU9: 0 | DV9: 0 | DW9: 0
U10: Financing costs | V10: Input | W10: £000s
U11: Fixed opex | V11: Input | W11: £000s | CZ11: 0 | DA11: 0 | DB11: 0 | DC11: 0 | DD11: 0 | DE11: 0 | DF11: 0 | DG11: 0 | DH11: 0 | DI11: 0 | DJ11: 0 | DK11: 0 | DL11: 0 | DM11: 0 | DN11: 0 | DO11: 0 | DP11: 0 | DQ11: 0 | DR11: 0 | DS11: 0 | DT11: 0 | DU11: 0 | DV11: 0 | DW11: 0
C12: NO DEFICIT | U12: Variable opex | V12: Input | W12: £000s | CZ12: 0 | DA12: 0 | DB12: 0 | DC12: 0 | DD12: 0 | DE12: 0 | DF12: 0 | DG12: 0 | DH12: 0 | DI12: 0 | DJ12: 0 | DK12: 0 | DL12: 0 | DM12: 0 | DN12: 0 | DO12: 0 | DP12: 0 | DQ12: 0 | DR12: 0 | DS12: 0 | DT12: 0 | DU12: 0 | DV12: 0 | DW12: 0
U13: Opex savings | V13: Input | W13: £000s | CZ13: 0 | DA13: 0 | DB13: 0 | DC13: 0 | DD13: 0 | DE13: 0 | DF13: 0 | DG13: 0 | DH13: 0 | DI13: 0 | DJ13: 0 | DK13: 0 | DL13: 0 | DM13: 0 | DN13: 0 | DO13: 0 | DP13: 0 | DQ13: 0 | DR13: 0 | DS13: 0 | DT13: 0 | DU13: 0 | DV13: 0 | DW13: 0
U14: Fixed env & social | V14: Input | W14: £000s | CZ14: 0 | DA14: 0 | DB14: 0 | DC14: 0 | DD14: 0 | DE14: 0 | DF14: 0 | DG14: 0 | DH14: 0 | DI14: 0 | DJ14: 0 | DK14: 0 | DL14: 0 | DM14: 0 | DN14: 0 | DO14: 0 | DP14: 0 | DQ14: 0 | DR14: 0 | DS14: 0 | DT14: 0 | DU14: 0 | DV14: 0 | DW14: 0
U15: Variable env & social | V15: Input | W15: £000s | CZ15: 0 | DA15: 0 | DB15: 0 | DC15: 0 | DD15: 0 | DE15: 0 | DF15: 0 | DG15: 0 | DH15: 0 | DI15: 0 | DJ15: 0 | DK15: 0 | DL15: 0 | DM15: 0 | DN15: 0 | DO15: 0 | DP15: 0 | DQ15: 0 | DR15: 0 | DS15: 0 | DT15: 0 | DU15: 0 | DV15: 0 | DW15: 0
U16: Fixed carbon costs | V16: Input | W16: £000s | CZ16: 0 | DA16: 0 | DB16: 0 | DC16: 0 | DD16: 0 | DE16: 0 | DF16: 0 | DG16: 0 | DH16: 0 | DI16: 0 | DJ16: 0 | DK16: 0 | DL16: 0 | DM16: 0 | DN16: 0 | DO16: 0 | DP16: 0 | DQ16: 0 | DR16: 0 | DS16: 0 | DT16: 0 | DU16: 0 | DV16: 0 | DW16: 0
U17: Variable carbon costs | V17: Input | W17: £000s | CZ17: 0 | DA17: 0 | DB17: 0 | DC17: 0 | DD17: 0 | DE17: 0 | DF17: 0 | DG17: 0 | DH17: 0 | DI17: 0 | DJ17: 0 | DK17: 0 | DL17: 0 | DM17: 0 | DN17: 0 | DO17: 0 | DP17: 0 | DQ17: 0 | DR17: 0 | DS17: 0 | DT17: 0 | DU17: 0 | DV17: 0 | DW17: 0
U18: Customer willingness to pay | V18: Input | W18: £000s | CZ18: 0 | DA18: 0 | DB18: 0 | DC18: 0 | DD18: 0 | DE18: 0 | DF18: 0 | DG18: 0 | DH18: 0 | DI18: 0 | DJ18: 0 | DK18: 0 | DL18: 0 | DM18: 0 | DN18: 0 | DO18: 0 | DP18: 0 | DQ18: 0 | DR18: 0 | DS18: 0 | DT18: 0 | DU18: 0 | DV18: 0 | DW18: 0
U19: Total | V19: Sum of above (excl WAFU) | W19: £000s | X19: =SUM(X8:X18) -> 0 | Y19: =SUM(Y8:Y18) -> 0 | Z19: =SUM(Z8:Z18) -> 0 | AA19: =SUM(AA8:AA18) -> 0 | AB19: =SUM(AB8:AB18) -> 0 | AC19: =SUM(AC8:AC18) -> 0 | AD19: =SUM(AD8:AD18) -> 0 | AE19: =SUM(AE8:AE18) -> 0 | ... DW19: =SUM(DW8:DW18) -> 0
B20: 58.2a | C20: Options to increase raw imports | X20: =SUMIF($C:$C,"58.2x",X:X) -> 0 | Y20: =SUMIF($C:$C,"58.2x",Y:Y) -> 0 | Z20: =SUMIF($C:$C,"58.2x",Z:Z) -> 0 | AA20: =SUMIF($C:$C,"58.2x",AA:AA) -> 0 | AB20: =SUMIF($C:$C,"58.2x",AB:AB) -> 0 | AC20: =SUMIF($C:$C,"58.2x",AC:AC) -> 0 | AD20: =SUMIF($C:$C,"58.2x",AD:AD) -> 0 | AE20: =SUMIF($C:$C,"58.2x",AE:AE) -> 0 | AF20: =SUMIF($C:$C,"58.2x",AF:AF) -> 0 | AG20: =SUMIF($C:$C,"58.2x",AG:AG) -> 0 | AH20: =SUMIF($C:$C,"58.2x",AH:AH) -> 0 | AI20: =SUMIF($C:$C,"58.2x",AI:AI) -> 0 | AJ20: =SUMIF($C:$C,"58.2x",AJ:AJ) -> 0 | AK20: =SUMIF($C:$C,"58.2x",AK:AK) -> 0 | AL20: =SUMIF($C:$C,"58.2x",AL:AL) -> 0 | AM20: =SUMIF($C:$C,"58.2x",AM:AM) -> 0 | AN20: =SUMIF($C:$C,"58.2x",AN:AN) -> 0 | AO20: =SUMIF($C:$C,"58.2x",AO:AO) -> 0 | AP20: =SUMIF($C:$C,"58.2x",AP:AP) -> 0 | AQ20: =SUMIF($C:$C,"58.2x",AQ:AQ) -> 0 | AR20: =SUMIF($C:$C,"58.2x",AR:AR) -> 0 | AS20: =SUMIF($C:$C,"58.2x",AS:AS) -> 0 | AT20: =SUMIF($C:$C,"58.2x",AT:AT) -> 0 | AU20: =SUMIF($C:$C,"58.2x",AU:AU) -> 0 | AV20: =SUMIF($C:$C,"58.2x",AV:AV) -> 0 | AW20: =SUMIF($C:$C,"58.2x",AW:AW) -> 0 | AX20: =SUMIF($C:$C,"58.2x",AX:AX) -> 0 | AY20: =SUMIF($C:$C,"58.2x",AY:AY) -> 0 | AZ20: =SUMIF($C:$C,"58.2x",AZ:AZ) -> 0 | BA20: =SUMIF($C:$C,"58.2x",BA:BA) -> 0 | BB20: =SUMIF($C:$C,"58.2x",BB:BB) -> 0 | BC20: =SUMIF($C:$C,"58.2x",BC:BC) -> 0 | BD20: =SUMIF($C:$C,"58.2x",BD:BD) -> 0 | BE20: =SUMIF($C:$C,"58.2x",BE:BE) -> 0 | BF20: =SUMIF($C:$C,"58.2x",BF:BF) -> 0 | BG20: =SUMIF($C:$C,"58.2x",BG:BG) -> 0 | BH20: =SUMIF($C:$C,"58.2x",BH:BH) -> 0 | BI20: =SUMIF($C:$C,"58.2x",BI:BI) -> 0 | BJ20: =SUMIF($C:$C,"58.2x",BJ:BJ) -> 0 | BK20: =SUMIF($C:$C,"58.2x",BK:BK) -> 0 | BL20: =SUMIF($C:$C,"58.2x",BL:BL) -> 0 | BM20: =SUMIF($C:$C,"58.2x",BM:BM) -> 0 | BN20: =SUMIF($C:$C,"58.2x",BN:BN) -> 0 | BO20: =SUMIF($C:$C,"58.2x",BO:BO) -> 0 | BP20: =SUMIF($C:$C,"58.2x",BP:BP) -> 0 | BQ20: =SUMIF($C:$C,"58.2x",BQ:BQ) -> 0 | BR20: =SUMIF($C:$C,"58.2x",BR:BR) -> 0 | BS20: =SUMIF($C:$C,"58.2x",BS:BS) -> 0 | BT20: =SUMIF($C:$C,"58.2x",BT:BT) -> 0 | BU20: =SUMIF($C:$C,"58.2x",BU:BU) -> 0 | BV20: =SUMIF($C:$C,"58.2x",BV:BV) -> 0 | BW20: =SUMIF($C:$C,"58.2x",BW:BW) -> 0 | BX20: =SUMIF($C:$C,"58.2x",BX:BX) -> 0 | BY20: =SUMIF($C:$C,"58.2x",BY:BY) -> 0 | BZ20: =SUMIF($C:$C,"58.2x",BZ:BZ) -> 0 | CA20: =SUMIF($C:$C,"58.2x",CA:CA) -> 0 | CB20: =SUMIF($C:$C,"58.2x",CB:CB) -> 0 | CC20: =SUMIF($C:$C,"58.2x",CC:CC) -> 0 | CD20: =SUMIF($C:$C,"58.2x",CD:CD) -> 0 | CE20: =SUMIF($C:$C,"58.2x",CE:CE) -> 0 | CF20: =SUMIF($C:$C,"58.2x",CF:CF) -> 0 | CG20: =SUMIF($C:$C,"58.2x",CG:CG) -> 0 | CH20: =SUMIF($C:$C,"58.2x",CH:CH) -> 0 | CI20: =SUMIF($C:$C,"58.2x",CI:CI) -> 0 | CJ20: =SUMIF($C:$C,"58.2x",CJ:CJ) -> 0 | CK20: =SUMIF($C:$C,"58.2x",CK:CK) -> 0 | CL20: =SUMIF($C:$C,"58.2x",CL:CL) -> 0 | CM20: =SUMIF($C:$C,"58.2x",CM:CM) -> 0 | CN20: =SUMIF($C:$C,"58.2x",CN:CN) -> 0 | CO20: =SUMIF($C:$C,"58.2x",CO:CO) -> 0 | CP20: =SUMIF($C:$C,"58.2x",CP:CP) -> 0 | CQ20: =SUMIF($C:$C,"58.2x",CQ:CQ) -> 0 | CR20: =SUMIF($C:$C,"58.2x",CR:CR) -> 0 | CS20: =SUMIF($C:$C,"58.2x",CS:CS) -> 0 | CT20: =SUMIF($C:$C,"58.2x",CT:CT) -> 0 | CU20: =SUMIF($C:$C,"58.2x",CU:CU) -> 0 | CV20: =SUMIF($C:$C,"58.2x",CV:CV) -> 0 | CW20: =SUMIF($C:$C,"58.2x",CW:CW) -> 0 | CX20: =SUMIF($C:$C,"58.2x",CX:CX) -> 0 | CY20: =SUMIF($C:$C,"58.2x",CY:CY) -> 0 | CZ20: =SUMIF($C:$C,"58.2x",CZ:CZ) -> 0 | DA20: =SUMIF($C:$C,"58.2x",DA:DA) -> 0 | DB20: =SUMIF($C:$C,"58.2x",DB:DB) -> 0 | DC20: =SUMIF($C:$C,"58.2x",DC:DC) -> 0 | DD20: =SUMIF($C:$C,"58.2x",DD:DD) -> 0 | DE20: =SUMIF($C:$C,"58.2x",DE:DE) -> 0 | DF20: =SUMIF($C:$C,"58.2x",DF:DF) -> 0 | DG20: =SUMIF($C:$C,"58.2x",DG:DG) -> 0 | DH20: =SUMIF($C:$C,"58.2x",DH:DH) -> 0 | DI20: =SUMIF($C:$C,"58.2x",DI:DI) -> 0 | DJ20: =SUMIF($C:$C,"58.2x",DJ:DJ) -> 0 | DK20: =SUMIF($C:$C,"58.2x",DK:DK) -> 0 | DL20: =SUMIF($C:$C,"58.2x",DL:DL) -> 0 | DM20: =SUMIF($C:$C,"58.2x",DM:DM) -> 0 | DN20: =SUMIF($C:$C,"58.2x",DN:DN) -> 0 | DO20: =SUMIF($C:$C,"58.2x",DO:DO) -> 0 | DP20: =SUMIF($C:$C,"58.2x",DP:DP) -> 0 | DQ20: =SUMIF($C:$C,"58.2x",DQ:DQ) -> 0 | DR20: =SUMIF($C:$C,"58.2x",DR:DR) -> 0 | DS20: =SUMIF($C:$C,"58.2x",DS:DS) -> 0 | DT20: =SUMIF($C:$C,"58.2x",DT:DT) -> 0 | DU20: =SUMIF($C:$C,"58.2x",DU:DU) -> 0 | DV20: =SUMIF($C:$C,"58.2x",DV:DV) -> 0 | DW20: =SUMIF($C:$C,"58.2x",DW:DW) -> 0
B21: 58.3a | C21: Options to increase potable imports | X21: =SUMIF($C:$C,"58.3x",X:X) -> 0 | Y21: =SUMIF($C:$C,"58.3x",Y:Y) -> 0 | Z21: =SUMIF($C:$C,"58.3x",Z:Z) -> 0 | AA21: =SUMIF($C:$C,"58.3x",AA:AA) -> 0 | AB21: =SUMIF($C:$C,"58.3x",AB:AB) -> 0 | AC21: =SUMIF($C:$C,"58.3x",AC:AC) -> 0 | AD21: =SUMIF($C:$C,"58.3x",AD:AD) -> 0 | AE21: =SUMIF($C:$C,"58.3x",AE:AE) -> 0 | AF21: =SUMIF($C:$C,"58.3x",AF:AF) -> 0 | AG21: =SUMIF($C:$C,"58.3x",AG:AG) -> 0 | AH21: =SUMIF($C:$C,"58.3x",AH:AH) -> 0 | AI21: =SUMIF($C:$C,"58.3x",AI:AI) -> 0 | AJ21: =SUMIF($C:$C,"58.3x",AJ:AJ) -> 0 | AK21: =SUMIF($C:$C,"58.3x",AK:AK) -> 0 | AL21: =SUMIF($C:$C,"58.3x",AL:AL) -> 0 | AM21: =SUMIF($C:$C,"58.3x",AM:AM) -> 0 | AN21: =SUMIF($C:$C,"58.3x",AN:AN) -> 0 | AO21: =SUMIF($C:$C,"58.3x",AO:AO) -> 0 | AP21: =SUMIF($C:$C,"58.3x",AP:AP) -> 0 | AQ21: =SUMIF($C:$C,"58.3x",AQ:AQ) -> 0 | AR21: =SUMIF($C:$C,"58.3x",AR:AR) -> 0 | AS21: =SUMIF($C:$C,"58.3x",AS:AS) -> 0 | AT21: =SUMIF($C:$C,"58.3x",AT:AT) -> 0 | AU21: =SUMIF($C:$C,"58.3x",AU:AU) -> 0 | AV21: =SUMIF($C:$C,"58.3x",AV:AV) -> 0 | AW21: =SUMIF($C:$C,"58.3x",AW:AW) -> 0 | AX21: =SUMIF($C:$C,"58.3x",AX:AX) -> 0 | AY21: =SUMIF($C:$C,"58.3x",AY:AY) -> 0 | AZ21: =SUMIF($C:$C,"58.3x",AZ:AZ) -> 0 | BA21: =SUMIF($C:$C,"58.3x",BA:BA) -> 0 | BB21: =SUMIF($C:$C,"58.3x",BB:BB) -> 0 | BC21: =SUMIF($C:$C,"58.3x",BC:BC) -> 0 | BD21: =SUMIF($C:$C,"58.3x",BD:BD) -> 0 | BE21: =SUMIF($C:$C,"58.3x",BE:BE) -> 0 | BF21: =SUMIF($C:$C,"58.3x",BF:BF) -> 0 | BG21: =SUMIF($C:$C,"58.3x",BG:BG) -> 0 | BH21: =SUMIF($C:$C,"58.3x",BH:BH) -> 0 | BI21: =SUMIF($C:$C,"58.3x",BI:BI) -> 0 | BJ21: =SUMIF($C:$C,"58.3x",BJ:BJ) -> 0 | BK21: =SUMIF($C:$C,"58.3x",BK:BK) -> 0 | BL21: =SUMIF($C:$C,"58.3x",BL:BL) -> 0 | BM21: =SUMIF($C:$C,"58.3x",BM:BM) -> 0 | BN21: =SUMIF($C:$C,"58.3x",BN:BN) -> 0 | BO21: =SUMIF($C:$C,"58.3x",BO:BO) -> 0 | BP21: =SUMIF($C:$C,"58.3x",BP:BP) -> 0 | BQ21: =SUMIF($C:$C,"58.3x",BQ:BQ) -> 0 | BR21: =SUMIF($C:$C,"58.3x",BR:BR) -> 0 | BS21: =SUMIF($C:$C,"58.3x",BS:BS) -> 0 | BT21: =SUMIF($C:$C,"58.3x",BT:BT) -> 0 | BU21: =SUMIF($C:$C,"58.3x",BU:BU) -> 0 | BV21: =SUMIF($C:$C,"58.3x",BV:BV) -> 0 | BW21: =SUMIF($C:$C,"58.3x",BW:BW) -> 0 | BX21: =SUMIF($C:$C,"58.3x",BX:BX) -> 0 | BY21: =SUMIF($C:$C,"58.3x",BY:BY) -> 0 | BZ21: =SUMIF($C:$C,"58.3x",BZ:BZ) -> 0 | CA21: =SUMIF($C:$C,"58.3x",CA:CA) -> 0 | CB21: =SUMIF($C:$C,"58.3x",CB:CB) -> 0 | CC21: =SUMIF($C:$C,"58.3x",CC:CC) -> 0 | CD21: =SUMIF($C:$C,"58.3x",CD:CD) -> 0 | CE21: =SUMIF($C:$C,"58.3x",CE:CE) -> 0 | CF21: =SUMIF($C:$C,"58.3x",CF:CF) -> 0 | CG21: =SUMIF($C:$C,"58.3x",CG:CG) -> 0 | CH21: =SUMIF($C:$C,"58.3x",CH:CH) -> 0 | CI21: =SUMIF($C:$C,"58.3x",CI:CI) -> 0 | CJ21: =SUMIF($C:$C,"58.3x",CJ:CJ) -> 0 | CK21: =SUMIF($C:$C,"58.3x",CK:CK) -> 0 | CL21: =SUMIF($C:$C,"58.3x",CL:CL) -> 0 | CM21: =SUMIF($C:$C,"58.3x",CM:CM) -> 0 | CN21: =SUMIF($C:$C,"58.3x",CN:CN) -> 0 | CO21: =SUMIF($C:$C,"58.3x",CO:CO) -> 0 | CP21: =SUMIF($C:$C,"58.3x",CP:CP) -> 0 | CQ21: =SUMIF($C:$C,"58.3x",CQ:CQ) -> 0 | CR21: =SUMIF($C:$C,"58.3x",CR:CR) -> 0 | CS21: =SUMIF($C:$C,"58.3x",CS:CS) -> 0 | CT21: =SUMIF($C:$C,"58.3x",CT:CT) -> 0 | CU21: =SUMIF($C:$C,"58.3x",CU:CU) -> 0 | CV21: =SUMIF($C:$C,"58.3x",CV:CV) -> 0 | CW21: =SUMIF($C:$C,"58.3x",CW:CW) -> 0 | CX21: =SUMIF($C:$C,"58.3x",CX:CX) -> 0 | CY21: =SUMIF($C:$C,"58.3x",CY:CY) -> 0 | CZ21: =SUMIF($C:$C,"58.3x",CZ:CZ) -> 0 | DA21: =SUMIF($C:$C,"58.3x",DA:DA) -> 0 | DB21: =SUMIF($C:$C,"58.3x",DB:DB) -> 0 | DC21: =SUMIF($C:$C,"58.3x",DC:DC) -> 0 | DD21: =SUMIF($C:$C,"58.3x",DD:DD) -> 0 | DE21: =SUMIF($C:$C,"58.3x",DE:DE) -> 0 | DF21: =SUMIF($C:$C,"58.3x",DF:DF) -> 0 | DG21: =SUMIF($C:$C,"58.3x",DG:DG) -> 0 | DH21: =SUMIF($C:$C,"58.3x",DH:DH) -> 0 | DI21: =SUMIF($C:$C,"58.3x",DI:DI) -> 0 | DJ21: =SUMIF($C:$C,"58.3x",DJ:DJ) -> 0 | DK21: =SUMIF($C:$C,"58.3x",DK:DK) -> 0 | DL21: =SUMIF($C:$C,"58.3x",DL:DL) -> 0 | DM21: =SUMIF($C:$C,"58.3x",DM:DM) -> 0 | DN21: =SUMIF($C:$C,"58.3x",DN:DN) -> 0 | DO21: =SUMIF($C:$C,"58.3x",DO:DO) -> 0 | DP21: =SUMIF($C:$C,"58.3x",DP:DP) -> 0 | DQ21: =SUMIF($C:$C,"58.3x",DQ:DQ) -> 0 | DR21: =SUMIF($C:$C,"58.3x",DR:DR) -> 0 | DS21: =SUMIF($C:$C,"58.3x",DS:DS) -> 0 | DT21: =SUMIF($C:$C,"58.3x",DT:DT) -> 0 | DU21: =SUMIF($C:$C,"58.3x",DU:DU) -> 0 | DV21: =SUMIF($C:$C,"58.3x",DV:DV) -> 0 | DW21: =SUMIF($C:$C,"58.3x",DW:DW) -> 0
B22: 58.4a | C22: Options to reduce raw water losses and operational use | X22: =SUMIF($C:$C,"58.4x",X:X) -> 0 | Y22: =SUMIF($C:$C,"58.4x",Y:Y) -> 0 | Z22: =SUMIF($C:$C,"58.4x",Z:Z) -> 0 | AA22: =SUMIF($C:$C,"58.4x",AA:AA) -> 0 | AB22: =SUMIF($C:$C,"58.4x",AB:AB) -> 0 | AC22: =SUMIF($C:$C,"58.4x",AC:AC) -> 0 | AD22: =SUMIF($C:$C,"58.4x",AD:AD) -> 0 | AE22: =SUMIF($C:$C,"58.4x",AE:AE) -> 0 | AF22: =SUMIF($C:$C,"58.4x",AF:AF) -> 0 | AG22: =SUMIF($C:$C,"58.4x",AG:AG) -> 0 | AH22: =SUMIF($C:$C,"58.4x",AH:AH) -> 0 | AI22: =SUMIF($C:$C,"58.4x",AI:AI) -> 0 | AJ22: =SUMIF($C:$C,"58.4x",AJ:AJ) -> 0 | AK22: =SUMIF($C:$C,"58.4x",AK:AK) -> 0 | AL22: =SUMIF($C:$C,"58.4x",AL:AL) -> 0 | AM22: =SUMIF($C:$C,"58.4x",AM:AM) -> 0 | AN22: =SUMIF($C:$C,"58.4x",AN:AN) -> 0 | AO22: =SUMIF($C:$C,"58.4x",AO:AO) -> 0 | AP22: =SUMIF($C:$C,"58.4x",AP:AP) -> 0 | AQ22: =SUMIF($C:$C,"58.4x",AQ:AQ) -> 0 | AR22: =SUMIF($C:$C,"58.4x",AR:AR) -> 0 | AS22: =SUMIF($C:$C,"58.4x",AS:AS) -> 0 | AT22: =SUMIF($C:$C,"58.4x",AT:AT) -> 0 | AU22: =SUMIF($C:$C,"58.4x",AU:AU) -> 0 | AV22: =SUMIF($C:$C,"58.4x",AV:AV) -> 0 | AW22: =SUMIF($C:$C,"58.4x",AW:AW) -> 0 | AX22: =SUMIF($C:$C,"58.4x",AX:AX) -> 0 | AY22: =SUMIF($C:$C,"58.4x",AY:AY) -> 0 | AZ22: =SUMIF($C:$C,"58.4x",AZ:AZ) -> 0 | BA22: =SUMIF($C:$C,"58.4x",BA:BA) -> 0 | BB22: =SUMIF($C:$C,"58.4x",BB:BB) -> 0 | BC22: =SUMIF($C:$C,"58.4x",BC:BC) -> 0 | BD22: =SUMIF($C:$C,"58.4x",BD:BD) -> 0 | BE22: =SUMIF($C:$C,"58.4x",BE:BE) -> 0 | BF22: =SUMIF($C:$C,"58.4x",BF:BF) -> 0 | BG22: =SUMIF($C:$C,"58.4x",BG:BG) -> 0 | BH22: =SUMIF($C:$C,"58.4x",BH:BH) -> 0 | BI22: =SUMIF($C:$C,"58.4x",BI:BI) -> 0 | BJ22: =SUMIF($C:$C,"58.4x",BJ:BJ) -> 0 | BK22: =SUMIF($C:$C,"58.4x",BK:BK) -> 0 | BL22: =SUMIF($C:$C,"58.4x",BL:BL) -> 0 | BM22: =SUMIF($C:$C,"58.4x",BM:BM) -> 0 | BN22: =SUMIF($C:$C,"58.4x",BN:BN) -> 0 | BO22: =SUMIF($C:$C,"58.4x",BO:BO) -> 0 | BP22: =SUMIF($C:$C,"58.4x",BP:BP) -> 0 | BQ22: =SUMIF($C:$C,"58.4x",BQ:BQ) -> 0 | BR22: =SUMIF($C:$C,"58.4x",BR:BR) -> 0 | BS22: =SUMIF($C:$C,"58.4x",BS:BS) -> 0 | BT22: =SUMIF($C:$C,"58.4x",BT:BT) -> 0 | BU22: =SUMIF($C:$C,"58.4x",BU:BU) -> 0 | BV22: =SUMIF($C:$C,"58.4x",BV:BV) -> 0 | BW22: =SUMIF($C:$C,"58.4x",BW:BW) -> 0 | BX22: =SUMIF($C:$C,"58.4x",BX:BX) -> 0 | BY22: =SUMIF($C:$C,"58.4x",BY:BY) -> 0 | BZ22: =SUMIF($C:$C,"58.4x",BZ:BZ) -> 0 | CA22: =SUMIF($C:$C,"58.4x",CA:CA) -> 0 | CB22: =SUMIF($C:$C,"58.4x",CB:CB) -> 0 | CC22: =SUMIF($C:$C,"58.4x",CC:CC) -> 0 | CD22: =SUMIF($C:$C,"58.4x",CD:CD) -> 0 | CE22: =SUMIF($C:$C,"58.4x",CE:CE) -> 0 | CF22: =SUMIF($C:$C,"58.4x",CF:CF) -> 0 | CG22: =SUMIF($C:$C,"58.4x",CG:CG) -> 0 | CH22: =SUMIF($C:$C,"58.4x",CH:CH) -> 0 | CI22: =SUMIF($C:$C,"58.4x",CI:CI) -> 0 | CJ22: =SUMIF($C:$C,"58.4x",CJ:CJ) -> 0 | CK22: =SUMIF($C:$C,"58.4x",CK:CK) -> 0 | CL22: =SUMIF($C:$C,"58.4x",CL:CL) -> 0 | CM22: =SUMIF($C:$C,"58.4x",CM:CM) -> 0 | CN22: =SUMIF($C:$C,"58.4x",CN:CN) -> 0 | CO22: =SUMIF($C:$C,"58.4x",CO:CO) -> 0 | CP22: =SUMIF($C:$C,"58.4x",CP:CP) -> 0 | CQ22: =SUMIF($C:$C,"58.4x",CQ:CQ) -> 0 | CR22: =SUMIF($C:$C,"58.4x",CR:CR) -> 0 | CS22: =SUMIF($C:$C,"58.4x",CS:CS) -> 0 | CT22: =SUMIF($C:$C,"58.4x",CT:CT) -> 0 | CU22: =SUMIF($C:$C,"58.4x",CU:CU) -> 0 | CV22: =SUMIF($C:$C,"58.4x",CV:CV) -> 0 | CW22: =SUMIF($C:$C,"58.4x",CW:CW) -> 0 | CX22: =SUMIF($C:$C,"58.4x",CX:CX) -> 0 | CY22: =SUMIF($C:$C,"58.4x",CY:CY) -> 0 | CZ22: =SUMIF($C:$C,"58.4x",CZ:CZ) -> 0 | DA22: =SUMIF($C:$C,"58.4x",DA:DA) -> 0 | DB22: =SUMIF($C:$C,"58.4x",DB:DB) -> 0 | DC22: =SUMIF($C:$C,"58.4x",DC:DC) -> 0 | DD22: =SUMIF($C:$C,"58.4x",DD:DD) -> 0 | DE22: =SUMIF($C:$C,"58.4x",DE:DE) -> 0 | DF22: =SUMIF($C:$C,"58.4x",DF:DF) -> 0 | DG22: =SUMIF($C:$C,"58.4x",DG:DG) -> 0 | DH22: =SUMIF($C:$C,"58.4x",DH:DH) -> 0 | DI22: =SUMIF($C:$C,"58.4x",DI:DI) -> 0 | DJ22: =SUMIF($C:$C,"58.4x",DJ:DJ) -> 0 | DK22: =SUMIF($C:$C,"58.4x",DK:DK) -> 0 | DL22: =SUMIF($C:$C,"58.4x",DL:DL) -> 0 | DM22: =SUMIF($C:$C,"58.4x",DM:DM) -> 0 | DN22: =SUMIF($C:$C,"58.4x",DN:DN) -> 0 | DO22: =SUMIF($C:$C,"58.4x",DO:DO) -> 0 | DP22: =SUMIF($C:$C,"58.4x",DP:DP) -> 0 | DQ22: =SUMIF($C:$C,"58.4x",DQ:DQ) -> 0 | DR22: =SUMIF($C:$C,"58.4x",DR:DR) -> 0 | DS22: =SUMIF($C:$C,"58.4x",DS:DS) -> 0 | DT22: =SUMIF($C:$C,"58.4x",DT:DT) -> 0 | DU22: =SUMIF($C:$C,"58.4x",DU:DU) -> 0 | DV22: =SUMIF($C:$C,"58.4x",DV:DV) -> 0 | DW22: =SUMIF($C:$C,"58.4x",DW:DW) -> 0
B23: 58.5a | C23: Options to reduce raw water exports | X23: =SUMIF($C:$C,"58.5x",X:X) -> 0 | Y23: =SUMIF($C:$C,"58.5x",Y:Y) -> 0 | Z23: =SUMIF($C:$C,"58.5x",Z:Z) -> 0 | AA23: =SUMIF($C:$C,"58.5x",AA:AA) -> 0 | AB23: =SUMIF($C:$C,"58.5x",AB:AB) -> 0 | AC23: =SUMIF($C:$C,"58.5x",AC:AC) -> 0 | AD23: =SUMIF($C:$C,"58.5x",AD:AD) -> 0 | AE23: =SUMIF($C:$C,"58.5x",AE:AE) -> 0 | AF23: =SUMIF($C:$C,"58.5x",AF:AF) -> 0 | AG23: =SUMIF($C:$C,"58.5x",AG:AG) -> 0 | AH23: =SUMIF($C:$C,"58.5x",AH:AH) -> 0 | AI23: =SUMIF($C:$C,"58.5x",AI:AI) -> 0 | AJ23: =SUMIF($C:$C,"58.5x",AJ:AJ) -> 0 | AK23: =SUMIF($C:$C,"58.5x",AK:AK) -> 0 | AL23: =SUMIF($C:$C,"58.5x",AL:AL) -> 0 | AM23: =SUMIF($C:$C,"58.5x",AM:AM) -> 0 | AN23: =SUMIF($C:$C,"58.5x",AN:AN) -> 0 | AO23: =SUMIF($C:$C,"58.5x",AO:AO) -> 0 | AP23: =SUMIF($C:$C,"58.5x",AP:AP) -> 0 | AQ23: =SUMIF($C:$C,"58.5x",AQ:AQ) -> 0 | AR23: =SUMIF($C:$C,"58.5x",AR:AR) -> 0 | AS23: =SUMIF($C:$C,"58.5x",AS:AS) -> 0 | AT23: =SUMIF($C:$C,"58.5x",AT:AT) -> 0 | AU23: =SUMIF($C:$C,"58.5x",AU:AU) -> 0 | AV23: =SUMIF($C:$C,"58.5x",AV:AV) -> 0 | AW23: =SUMIF($C:$C,"58.5x",AW:AW) -> 0 | AX23: =SUMIF($C:$C,"58.5x",AX:AX) -> 0 | AY23: =SUMIF($C:$C,"58.5x",AY:AY) -> 0 | AZ23: =SUMIF($C:$C,"58.5x",AZ:AZ) -> 0 | BA23: =SUMIF($C:$C,"58.5x",BA:BA) -> 0 | BB23: =SUMIF($C:$C,"58.5x",BB:BB) -> 0 | BC23: =SUMIF($C:$C,"58.5x",BC:BC) -> 0 | BD23: =SUMIF($C:$C,"58.5x",BD:BD) -> 0 | BE23: =SUMIF($C:$C,"58.5x",BE:BE) -> 0 | BF23: =SUMIF($C:$C,"58.5x",BF:BF) -> 0 | BG23: =SUMIF($C:$C,"58.5x",BG:BG) -> 0 | BH23: =SUMIF($C:$C,"58.5x",BH:BH) -> 0 | BI23: =SUMIF($C:$C,"58.5x",BI:BI) -> 0 | BJ23: =SUMIF($C:$C,"58.5x",BJ:BJ) -> 0 | BK23: =SUMIF($C:$C,"58.5x",BK:BK) -> 0 | BL23: =SUMIF($C:$C,"58.5x",BL:BL) -> 0 | BM23: =SUMIF($C:$C,"58.5x",BM:BM) -> 0 | BN23: =SUMIF($C:$C,"58.5x",BN:BN) -> 0 | BO23: =SUMIF($C:$C,"58.5x",BO:BO) -> 0 | BP23: =SUMIF($C:$C,"58.5x",BP:BP) -> 0 | BQ23: =SUMIF($C:$C,"58.5x",BQ:BQ) -> 0 | BR23: =SUMIF($C:$C,"58.5x",BR:BR) -> 0 | BS23: =SUMIF($C:$C,"58.5x",BS:BS) -> 0 | BT23: =SUMIF($C:$C,"58.5x",BT:BT) -> 0 | BU23: =SUMIF($C:$C,"58.5x",BU:BU) -> 0 | BV23: =SUMIF($C:$C,"58.5x",BV:BV) -> 0 | BW23: =SUMIF($C:$C,"58.5x",BW:BW) -> 0 | BX23: =SUMIF($C:$C,"58.5x",BX:BX) -> 0 | BY23: =SUMIF($C:$C,"58.5x",BY:BY) -> 0 | BZ23: =SUMIF($C:$C,"58.5x",BZ:BZ) -> 0 | CA23: =SUMIF($C:$C,"58.5x",CA:CA) -> 0 | CB23: =SUMIF($C:$C,"58.5x",CB:CB) -> 0 | CC23: =SUMIF($C:$C,"58.5x",CC:CC) -> 0 | CD23: =SUMIF($C:$C,"58.5x",CD:CD) -> 0 | CE23: =SUMIF($C:$C,"58.5x",CE:CE) -> 0 | CF23: =SUMIF($C:$C,"58.5x",CF:CF) -> 0 | CG23: =SUMIF($C:$C,"58.5x",CG:CG) -> 0 | CH23: =SUMIF($C:$C,"58.5x",CH:CH) -> 0 | CI23: =SUMIF($C:$C,"58.5x",CI:CI) -> 0 | CJ23: =SUMIF($C:$C,"58.5x",CJ:CJ) -> 0 | CK23: =SUMIF($C:$C,"58.5x",CK:CK) -> 0 | CL23: =SUMIF($C:$C,"58.5x",CL:CL) -> 0 | CM23: =SUMIF($C:$C,"58.5x",CM:CM) -> 0 | CN23: =SUMIF($C:$C,"58.5x",CN:CN) -> 0 | CO23: =SUMIF($C:$C,"58.5x",CO:CO) -> 0 | CP23: =SUMIF($C:$C,"58.5x",CP:CP) -> 0 | CQ23: =SUMIF($C:$C,"58.5x",CQ:CQ) -> 0 | CR23: =SUMIF($C:$C,"58.5x",CR:CR) -> 0 | CS23: =SUMIF($C:$C,"58.5x",CS:CS) -> 0 | CT23: =SUMIF($C:$C,"58.5x",CT:CT) -> 0 | CU23: =SUMIF($C:$C,"58.5x",CU:CU) -> 0 | CV23: =SUMIF($C:$C,"58.5x",CV:CV) -> 0 | CW23: =SUMIF($C:$C,"58.5x",CW:CW) -> 0 | CX23: =SUMIF($C:$C,"58.5x",CX:CX) -> 0 | CY23: =SUMIF($C:$C,"58.5x",CY:CY) -> 0 | CZ23: =SUMIF($C:$C,"58.5x",CZ:CZ) -> 0 | DA23: =SUMIF($C:$C,"58.5x",DA:DA) -> 0 | DB23: =SUMIF($C:$C,"58.5x",DB:DB) -> 0 | DC23: =SUMIF($C:$C,"58.5x",DC:DC) -> 0 | DD23: =SUMIF($C:$C,"58.5x",DD:DD) -> 0 | DE23: =SUMIF($C:$C,"58.5x",DE:DE) -> 0 | DF23: =SUMIF($C:$C,"58.5x",DF:DF) -> 0 | DG23: =SUMIF($C:$C,"58.5x",DG:DG) -> 0 | DH23: =SUMIF($C:$C,"58.5x",DH:DH) -> 0 | DI23: =SUMIF($C:$C,"58.5x",DI:DI) -> 0 | DJ23: =SUMIF($C:$C,"58.5x",DJ:DJ) -> 0 | DK23: =SUMIF($C:$C,"58.5x",DK:DK) -> 0 | DL23: =SUMIF($C:$C,"58.5x",DL:DL) -> 0 | DM23: =SUMIF($C:$C,"58.5x",DM:DM) -> 0 | DN23: =SUMIF($C:$C,"58.5x",DN:DN) -> 0 | DO23: =SUMIF($C:$C,"58.5x",DO:DO) -> 0 | DP23: =SUMIF($C:$C,"58.5x",DP:DP) -> 0 | DQ23: =SUMIF($C:$C,"58.5x",DQ:DQ) -> 0 | DR23: =SUMIF($C:$C,"58.5x",DR:DR) -> 0 | DS23: =SUMIF($C:$C,"58.5x",DS:DS) -> 0 | DT23: =SUMIF($C:$C,"58.5x",DT:DT) -> 0 | DU23: =SUMIF($C:$C,"58.5x",DU:DU) -> 0 | DV23: =SUMIF($C:$C,"58.5x",DV:DV) -> 0 | DW23: =SUMIF($C:$C,"58.5x",DW:DW) -> 0
B24: 58.6a | C24: Options to reduce potable water exports | X24: =SUMIF($C:$C,"58.6x",X:X) -> 0 | Y24: =SUMIF($C:$C,"58.6x",Y:Y) -> 0 | Z24: =SUMIF($C:$C,"58.6x",Z:Z) -> 0 | AA24: =SUMIF($C:$C,"58.6x",AA:AA) -> 0 | AB24: =SUMIF($C:$C,"58.6x",AB:AB) -> 0 | AC24: =SUMIF($C:$C,"58.6x",AC:AC) -> 0 | AD24: =SUMIF($C:$C,"58.6x",AD:AD) -> 0 | AE24: =SUMIF($C:$C,"58.6x",AE:AE) -> 0 | AF24: =SUMIF($C:$C,"58.6x",AF:AF) -> 0 | AG24: =SUMIF($C:$C,"58.6x",AG:AG) -> 0 | AH24: =SUMIF($C:$C,"58.6x",AH:AH) -> 0 | AI24: =SUMIF($C:$C,"58.6x",AI:AI) -> 0 | AJ24: =SUMIF($C:$C,"58.6x",AJ:AJ) -> 0 | AK24: =SUMIF($C:$C,"58.6x",AK:AK) -> 0 | AL24: =SUMIF($C:$C,"58.6x",AL:AL) -> 0 | AM24: =SUMIF($C:$C,"58.6x",AM:AM) -> 0 | AN24: =SUMIF($C:$C,"58.6x",AN:AN) -> 0 | AO24: =SUMIF($C:$C,"58.6x",AO:AO) -> 0 | AP24: =SUMIF($C:$C,"58.6x",AP:AP) -> 0 | AQ24: =SUMIF($C:$C,"58.6x",AQ:AQ) -> 0 | AR24: =SUMIF($C:$C,"58.6x",AR:AR) -> 0 | AS24: =SUMIF($C:$C,"58.6x",AS:AS) -> 0 | AT24: =SUMIF($C:$C,"58.6x",AT:AT) -> 0 | AU24: =SUMIF($C:$C,"58.6x",AU:AU) -> 0 | AV24: =SUMIF($C:$C,"58.6x",AV:AV) -> 0 | AW24: =SUMIF($C:$C,"58.6x",AW:AW) -> 0 | AX24: =SUMIF($C:$C,"58.6x",AX:AX) -> 0 | AY24: =SUMIF($C:$C,"58.6x",AY:AY) -> 0 | AZ24: =SUMIF($C:$C,"58.6x",AZ:AZ) -> 0 | BA24: =SUMIF($C:$C,"58.6x",BA:BA) -> 0 | BB24: =SUMIF($C:$C,"58.6x",BB:BB) -> 0 | BC24: =SUMIF($C:$C,"58.6x",BC:BC) -> 0 | BD24: =SUMIF($C:$C,"58.6x",BD:BD) -> 0 | BE24: =SUMIF($C:$C,"58.6x",BE:BE) -> 0 | BF24: =SUMIF($C:$C,"58.6x",BF:BF) -> 0 | BG24: =SUMIF($C:$C,"58.6x",BG:BG) -> 0 | BH24: =SUMIF($C:$C,"58.6x",BH:BH) -> 0 | BI24: =SUMIF($C:$C,"58.6x",BI:BI) -> 0 | BJ24: =SUMIF($C:$C,"58.6x",BJ:BJ) -> 0 | BK24: =SUMIF($C:$C,"58.6x",BK:BK) -> 0 | BL24: =SUMIF($C:$C,"58.6x",BL:BL) -> 0 | BM24: =SUMIF($C:$C,"58.6x",BM:BM) -> 0 | BN24: =SUMIF($C:$C,"58.6x",BN:BN) -> 0 | BO24: =SUMIF($C:$C,"58.6x",BO:BO) -> 0 | BP24: =SUMIF($C:$C,"58.6x",BP:BP) -> 0 | BQ24: =SUMIF($C:$C,"58.6x",BQ:BQ) -> 0 | BR24: =SUMIF($C:$C,"58.6x",BR:BR) -> 0 | BS24: =SUMIF($C:$C,"58.6x",BS:BS) -> 0 | BT24: =SUMIF($C:$C,"58.6x",BT:BT) -> 0 | BU24: =SUMIF($C:$C,"58.6x",BU:BU) -> 0 | BV24: =SUMIF($C:$C,"58.6x",BV:BV) -> 0 | BW24: =SUMIF($C:$C,"58.6x",BW:BW) -> 0 | BX24: =SUMIF($C:$C,"58.6x",BX:BX) -> 0 | BY24: =SUMIF($C:$C,"58.6x",BY:BY) -> 0 | BZ24: =SUMIF($C:$C,"58.6x",BZ:BZ) -> 0 | CA24: =SUMIF($C:$C,"58.6x",CA:CA) -> 0 | CB24: =SUMIF($C:$C,"58.6x",CB:CB) -> 0 | CC24: =SUMIF($C:$C,"58.6x",CC:CC) -> 0 | CD24: =SUMIF($C:$C,"58.6x",CD:CD) -> 0 | CE24: =SUMIF($C:$C,"58.6x",CE:CE) -> 0 | CF24: =SUMIF($C:$C,"58.6x",CF:CF) -> 0 | CG24: =SUMIF($C:$C,"58.6x",CG:CG) -> 0 | CH24: =SUMIF($C:$C,"58.6x",CH:CH) -> 0 | CI24: =SUMIF($C:$C,"58.6x",CI:CI) -> 0 | CJ24: =SUMIF($C:$C,"58.6x",CJ:CJ) -> 0 | CK24: =SUMIF($C:$C,"58.6x",CK:CK) -> 0 | CL24: =SUMIF($C:$C,"58.6x",CL:CL) -> 0 | CM24: =SUMIF($C:$C,"58.6x",CM:CM) -> 0 | CN24: =SUMIF($C:$C,"58.6x",CN:CN) -> 0 | CO24: =SUMIF($C:$C,"58.6x",CO:CO) -> 0 | CP24: =SUMIF($C:$C,"58.6x",CP:CP) -> 0 | CQ24: =SUMIF($C:$C,"58.6x",CQ:CQ) -> 0 | CR24: =SUMIF($C:$C,"58.6x",CR:CR) -> 0 | CS24: =SUMIF($C:$C,"58.6x",CS:CS) -> 0 | CT24: =SUMIF($C:$C,"58.6x",CT:CT) -> 0 | CU24: =SUMIF($C:$C,"58.6x",CU:CU) -> 0 | CV24: =SUMIF($C:$C,"58.6x",CV:CV) -> 0 | CW24: =SUMIF($C:$C,"58.6x",CW:CW) -> 0 | CX24: =SUMIF($C:$C,"58.6x",CX:CX) -> 0 | CY24: =SUMIF($C:$C,"58.6x",CY:CY) -> 0 | CZ24: =SUMIF($C:$C,"58.6x",CZ:CZ) -> 0 | DA24: =SUMIF($C:$C,"58.6x",DA:DA) -> 0 | DB24: =SUMIF($C:$C,"58.6x",DB:DB) -> 0 | DC24: =SUMIF($C:$C,"58.6x",DC:DC) -> 0 | DD24: =SUMIF($C:$C,"58.6x",DD:DD) -> 0 | DE24: =SUMIF($C:$C,"58.6x",DE:DE) -> 0 | DF24: =SUMIF($C:$C,"58.6x",DF:DF) -> 0 | DG24: =SUMIF($C:$C,"58.6x",DG:DG) -> 0 | DH24: =SUMIF($C:$C,"58.6x",DH:DH) -> 0 | DI24: =SUMIF($C:$C,"58.6x",DI:DI) -> 0 | DJ24: =SUMIF($C:$C,"58.6x",DJ:DJ) -> 0 | DK24: =SUMIF($C:$C,"58.6x",DK:DK) -> 0 | DL24: =SUMIF($C:$C,"58.6x",DL:DL) -> 0 | DM24: =SUMIF($C:$C,"58.6x",DM:DM) -> 0 | DN24: =SUMIF($C:$C,"58.6x",DN:DN) -> 0 | DO24: =SUMIF($C:$C,"58.6x",DO:DO) -> 0 | DP24: =SUMIF($C:$C,"58.6x",DP:DP) -> 0 | DQ24: =SUMIF($C:$C,"58.6x",DQ:DQ) -> 0 | DR24: =SUMIF($C:$C,"58.6x",DR:DR) -> 0 | DS24: =SUMIF($C:$C,"58.6x",DS:DS) -> 0 | DT24: =SUMIF($C:$C,"58.6x",DT:DT) -> 0 | DU24: =SUMIF($C:$C,"58.6x",DU:DU) -> 0 | DV24: =SUMIF($C:$C,"58.6x",DV:DV) -> 0 | DW24: =SUMIF($C:$C,"58.6x",DW:DW) -> 0
B25: 58.7a | C25: Other options to increase Deployable Output | X25: =SUMIF($C:$C,"58.7x",X:X) -> 0 | Y25: =SUMIF($C:$C,"58.7x",Y:Y) -> 0 | Z25: =SUMIF($C:$C,"58.7x",Z:Z) -> 0 | AA25: =SUMIF($C:$C,"58.7x",AA:AA) -> 0 | AB25: =SUMIF($C:$C,"58.7x",AB:AB) -> 0 | AC25: =SUMIF($C:$C,"58.7x",AC:AC) -> 0 | AD25: =SUMIF($C:$C,"58.7x",AD:AD) -> 0 | AE25: =SUMIF($C:$C,"58.7x",AE:AE) -> 0 | AF25: =SUMIF($C:$C,"58.7x",AF:AF) -> 0 | AG25: =SUMIF($C:$C,"58.7x",AG:AG) -> 0 | AH25: =SUMIF($C:$C,"58.7x",AH:AH) -> 0 | AI25: =SUMIF($C:$C,"58.7x",AI:AI) -> 0 | AJ25: =SUMIF($C:$C,"58.7x",AJ:AJ) -> 0 | AK25: =SUMIF($C:$C,"58.7x",AK:AK) -> 0 | AL25: =SUMIF($C:$C,"58.7x",AL:AL) -> 0 | AM25: =SUMIF($C:$C,"58.7x",AM:AM) -> 0 | AN25: =SUMIF($C:$C,"58.7x",AN:AN) -> 0 | AO25: =SUMIF($C:$C,"58.7x",AO:AO) -> 0 | AP25: =SUMIF($C:$C,"58.7x",AP:AP) -> 0 | AQ25: =SUMIF($C:$C,"58.7x",AQ:AQ) -> 0 | AR25: =SUMIF($C:$C,"58.7x",AR:AR) -> 0 | AS25: =SUMIF($C:$C,"58.7x",AS:AS) -> 0 | AT25: =SUMIF($C:$C,"58.7x",AT:AT) -> 0 | AU25: =SUMIF($C:$C,"58.7x",AU:AU) -> 0 | AV25: =SUMIF($C:$C,"58.7x",AV:AV) -> 0 | AW25: =SUMIF($C:$C,"58.7x",AW:AW) -> 0 | AX25: =SUMIF($C:$C,"58.7x",AX:AX) -> 0 | AY25: =SUMIF($C:$C,"58.7x",AY:AY) -> 0 | AZ25: =SUMIF($C:$C,"58.7x",AZ:AZ) -> 0 | BA25: =SUMIF($C:$C,"58.7x",BA:BA) -> 0 | BB25: =SUMIF($C:$C,"58.7x",BB:BB) -> 0 | BC25: =SUMIF($C:$C,"58.7x",BC:BC) -> 0 | BD25: =SUMIF($C:$C,"58.7x",BD:BD) -> 0 | BE25: =SUMIF($C:$C,"58.7x",BE:BE) -> 0 | BF25: =SUMIF($C:$C,"58.7x",BF:BF) -> 0 | BG25: =SUMIF($C:$C,"58.7x",BG:BG) -> 0 | BH25: =SUMIF($C:$C,"58.7x",BH:BH) -> 0 | BI25: =SUMIF($C:$C,"58.7x",BI:BI) -> 0 | BJ25: =SUMIF($C:$C,"58.7x",BJ:BJ) -> 0 | BK25: =SUMIF($C:$C,"58.7x",BK:BK) -> 0 | BL25: =SUMIF($C:$C,"58.7x",BL:BL) -> 0 | BM25: =SUMIF($C:$C,"58.7x",BM:BM) -> 0 | BN25: =SUMIF($C:$C,"58.7x",BN:BN) -> 0 | BO25: =SUMIF($C:$C,"58.7x",BO:BO) -> 0 | BP25: =SUMIF($C:$C,"58.7x",BP:BP) -> 0 | BQ25: =SUMIF($C:$C,"58.7x",BQ:BQ) -> 0 | BR25: =SUMIF($C:$C,"58.7x",BR:BR) -> 0 | BS25: =SUMIF($C:$C,"58.7x",BS:BS) -> 0 | BT25: =SUMIF($C:$C,"58.7x",BT:BT) -> 0 | BU25: =SUMIF($C:$C,"58.7x",BU:BU) -> 0 | BV25: =SUMIF($C:$C,"58.7x",BV:BV) -> 0 | BW25: =SUMIF($C:$C,"58.7x",BW:BW) -> 0 | BX25: =SUMIF($C:$C,"58.7x",BX:BX) -> 0 | BY25: =SUMIF($C:$C,"58.7x",BY:BY) -> 0 | BZ25: =SUMIF($C:$C,"58.7x",BZ:BZ) -> 0 | CA25: =SUMIF($C:$C,"58.7x",CA:CA) -> 0 | CB25: =SUMIF($C:$C,"58.7x",CB:CB) -> 0 | CC25: =SUMIF($C:$C,"58.7x",CC:CC) -> 0 | CD25: =SUMIF($C:$C,"58.7x",CD:CD) -> 0 | CE25: =SUMIF($C:$C,"58.7x",CE:CE) -> 0 | CF25: =SUMIF($C:$C,"58.7x",CF:CF) -> 0 | CG25: =SUMIF($C:$C,"58.7x",CG:CG) -> 0 | CH25: =SUMIF($C:$C,"58.7x",CH:CH) -> 0 | CI25: =SUMIF($C:$C,"58.7x",CI:CI) -> 0 | CJ25: =SUMIF($C:$C,"58.7x",CJ:CJ) -> 0 | CK25: =SUMIF($C:$C,"58.7x",CK:CK) -> 0 | CL25: =SUMIF($C:$C,"58.7x",CL:CL) -> 0 | CM25: =SUMIF($C:$C,"58.7x",CM:CM) -> 0 | CN25: =SUMIF($C:$C,"58.7x",CN:CN) -> 0 | CO25: =SUMIF($C:$C,"58.7x",CO:CO) -> 0 | CP25: =SUMIF($C:$C,"58.7x",CP:CP) -> 0 | CQ25: =SUMIF($C:$C,"58.7x",CQ:CQ) -> 0 | CR25: =SUMIF($C:$C,"58.7x",CR:CR) -> 0 | CS25: =SUMIF($C:$C,"58.7x",CS:CS) -> 0 | CT25: =SUMIF($C:$C,"58.7x",CT:CT) -> 0 | CU25: =SUMIF($C:$C,"58.7x",CU:CU) -> 0 | CV25: =SUMIF($C:$C,"58.7x",CV:CV) -> 0 | CW25: =SUMIF($C:$C,"58.7x",CW:CW) -> 0 | CX25: =SUMIF($C:$C,"58.7x",CX:CX) -> 0 | CY25: =SUMIF($C:$C,"58.7x",CY:CY) -> 0 | CZ25: =SUMIF($C:$C,"58.7x",CZ:CZ) -> 0 | DA25: =SUMIF($C:$C,"58.7x",DA:DA) -> 0 | DB25: =SUMIF($C:$C,"58.7x",DB:DB) -> 0 | DC25: =SUMIF($C:$C,"58.7x",DC:DC) -> 0 | DD25: =SUMIF($C:$C,"58.7x",DD:DD) -> 0 | DE25: =SUMIF($C:$C,"58.7x",DE:DE) -> 0 | DF25: =SUMIF($C:$C,"58.7x",DF:DF) -> 0 | DG25: =SUMIF($C:$C,"58.7x",DG:DG) -> 0 | DH25: =SUMIF($C:$C,"58.7x",DH:DH) -> 0 | DI25: =SUMIF($C:$C,"58.7x",DI:DI) -> 0 | DJ25: =SUMIF($C:$C,"58.7x",DJ:DJ) -> 0 | DK25: =SUMIF($C:$C,"58.7x",DK:DK) -> 0 | DL25: =SUMIF($C:$C,"58.7x",DL:DL) -> 0 | DM25: =SUMIF($C:$C,"58.7x",DM:DM) -> 0 | DN25: =SUMIF($C:$C,"58.7x",DN:DN) -> 0 | DO25: =SUMIF($C:$C,"58.7x",DO:DO) -> 0 | DP25: =SUMIF($C:$C,"58.7x",DP:DP) -> 0 | DQ25: =SUMIF($C:$C,"58.7x",DQ:DQ) -> 0 | DR25: =SUMIF($C:$C,"58.7x",DR:DR) -> 0 | DS25: =SUMIF($C:$C,"58.7x",DS:DS) -> 0 | DT25: =SUMIF($C:$C,"58.7x",DT:DT) -> 0 | DU25: =SUMIF($C:$C,"58.7x",DU:DU) -> 0 | DV25: =SUMIF($C:$C,"58.7x",DV:DV) -> 0 | DW25: =SUMIF($C:$C,"58.7x",DW:DW) -> 0
B26: 59a | C26: DISTRIBUTION SIDE
B27: 59.1a | C27: Options to reduce Distribution Losses | X27: =SUMIF($C:$C,"59.1x",X:X) -> 0 | Y27: =SUMIF($C:$C,"59.1x",Y:Y) -> 0 | Z27: =SUMIF($C:$C,"59.1x",Z:Z) -> 0 | AA27: =SUMIF($C:$C,"59.1x",AA:AA) -> 0 | AB27: =SUMIF($C:$C,"59.1x",AB:AB) -> 0 | AC27: =SUMIF($C:$C,"59.1x",AC:AC) -> 0 | AD27: =SUMIF($C:$C,"59.1x",AD:AD) -> 0 | AE27: =SUMIF($C:$C,"59.1x",AE:AE) -> 0 | AF27: =SUMIF($C:$C,"59.1x",AF:AF) -> 0 | AG27: =SUMIF($C:$C,"59.1x",AG:AG) -> 0 | AH27: =SUMIF($C:$C,"59.1x",AH:AH) -> 0 | AI27: =SUMIF($C:$C,"59.1x",AI:AI) -> 0 | AJ27: =SUMIF($C:$C,"59.1x",AJ:AJ) -> 0 | AK27: =SUMIF($C:$C,"59.1x",AK:AK) -> 0 | AL27: =SUMIF($C:$C,"59.1x",AL:AL) -> 0 | AM27: =SUMIF($C:$C,"59.1x",AM:AM) -> 0 | AN27: =SUMIF($C:$C,"59.1x",AN:AN) -> 0 | AO27: =SUMIF($C:$C,"59.1x",AO:AO) -> 0 | AP27: =SUMIF($C:$C,"59.1x",AP:AP) -> 0 | AQ27: =SUMIF($C:$C,"59.1x",AQ:AQ) -> 0 | AR27: =SUMIF($C:$C,"59.1x",AR:AR) -> 0 | AS27: =SUMIF($C:$C,"59.1x",AS:AS) -> 0 | AT27: =SUMIF($C:$C,"59.1x",AT:AT) -> 0 | AU27: =SUMIF($C:$C,"59.1x",AU:AU) -> 0 | AV27: =SUMIF($C:$C,"59.1x",AV:AV) -> 0 | AW27: =SUMIF($C:$C,"59.1x",AW:AW) -> 0 | AX27: =SUMIF($C:$C,"59.1x",AX:AX) -> 0 | AY27: =SUMIF($C:$C,"59.1x",AY:AY) -> 0 | AZ27: =SUMIF($C:$C,"59.1x",AZ:AZ) -> 0 | BA27: =SUMIF($C:$C,"59.1x",BA:BA) -> 0 | BB27: =SUMIF($C:$C,"59.1x",BB:BB) -> 0 | BC27: =SUMIF($C:$C,"59.1x",BC:BC) -> 0 | BD27: =SUMIF($C:$C,"59.1x",BD:BD) -> 0 | BE27: =SUMIF($C:$C,"59.1x",BE:BE) -> 0 | BF27: =SUMIF($C:$C,"59.1x",BF:BF) -> 0 | BG27: =SUMIF($C:$C,"59.1x",BG:BG) -> 0 | BH27: =SUMIF($C:$C,"59.1x",BH:BH) -> 0 | BI27: =SUMIF($C:$C,"59.1x",BI:BI) -> 0 | BJ27: =SUMIF($C:$C,"59.1x",BJ:BJ) -> 0 | BK27: =SUMIF($C:$C,"59.1x",BK:BK) -> 0 | BL27: =SUMIF($C:$C,"59.1x",BL:BL) -> 0 | BM27: =SUMIF($C:$C,"59.1x",BM:BM) -> 0 | BN27: =SUMIF($C:$C,"59.1x",BN:BN) -> 0 | BO27: =SUMIF($C:$C,"59.1x",BO:BO) -> 0 | BP27: =SUMIF($C:$C,"59.1x",BP:BP) -> 0 | BQ27: =SUMIF($C:$C,"59.1x",BQ:BQ) -> 0 | BR27: =SUMIF($C:$C,"59.1x",BR:BR) -> 0 | BS27: =SUMIF($C:$C,"59.1x",BS:BS) -> 0 | BT27: =SUMIF($C:$C,"59.1x",BT:BT) -> 0 | BU27: =SUMIF($C:$C,"59.1x",BU:BU) -> 0 | BV27: =SUMIF($C:$C,"59.1x",BV:BV) -> 0 | BW27: =SUMIF($C:$C,"59.1x",BW:BW) -> 0 | BX27: =SUMIF($C:$C,"59.1x",BX:BX) -> 0 | BY27: =SUMIF($C:$C,"59.1x",BY:BY) -> 0 | BZ27: =SUMIF($C:$C,"59.1x",BZ:BZ) -> 0 | CA27: =SUMIF($C:$C,"59.1x",CA:CA) -> 0 | CB27: =SUMIF($C:$C,"59.1x",CB:CB) -> 0 | CC27: =SUMIF($C:$C,"59.1x",CC:CC) -> 0 | CD27: =SUMIF($C:$C,"59.1x",CD:CD) -> 0 | CE27: =SUMIF($C:$C,"59.1x",CE:CE) -> 0 | CF27: =SUMIF($C:$C,"59.1x",CF:CF) -> 0 | CG27: =SUMIF($C:$C,"59.1x",CG:CG) -> 0 | CH27: =SUMIF($C:$C,"59.1x",CH:CH) -> 0 | CI27: =SUMIF($C:$C,"59.1x",CI:CI) -> 0 | CJ27: =SUMIF($C:$C,"59.1x",CJ:CJ) -> 0 | CK27: =SUMIF($C:$C,"59.1x",CK:CK) -> 0 | CL27: =SUMIF($C:$C,"59.1x",CL:CL) -> 0 | CM27: =SUMIF($C:$C,"59.1x",CM:CM) -> 0 | CN27: =SUMIF($C:$C,"59.1x",CN:CN) -> 0 | CO27: =SUMIF($C:$C,"59.1x",CO:CO) -> 0 | CP27: =SUMIF($C:$C,"59.1x",CP:CP) -> 0 | CQ27: =SUMIF($C:$C,"59.1x",CQ:CQ) -> 0 | CR27: =SUMIF($C:$C,"59.1x",CR:CR) -> 0 | CS27: =SUMIF($C:$C,"59.1x",CS:CS) -> 0 | CT27: =SUMIF($C:$C,"59.1x",CT:CT) -> 0 | CU27: =SUMIF($C:$C,"59.1x",CU:CU) -> 0 | CV27: =SUMIF($C:$C,"59.1x",CV:CV) -> 0 | CW27: =SUMIF($C:$C,"59.1x",CW:CW) -> 0 | CX27: =SUMIF($C:$C,"59.1x",CX:CX) -> 0 | CY27: =SUMIF($C:$C,"59.1x",CY:CY) -> 0 | CZ27: =SUMIF($C:$C,"59.1x",CZ:CZ) -> 0 | DA27: =SUMIF($C:$C,"59.1x",DA:DA) -> 0 | DB27: =SUMIF($C:$C,"59.1x",DB:DB) -> 0 | DC27: =SUMIF($C:$C,"59.1x",DC:DC) -> 0 | DD27: =SUMIF($C:$C,"59.1x",DD:DD) -> 0 | DE27: =SUMIF($C:$C,"59.1x",DE:DE) -> 0 | DF27: =SUMIF($C:$C,"59.1x",DF:DF) -> 0 | DG27: =SUMIF($C:$C,"59.1x",DG:DG) -> 0 | DH27: =SUMIF($C:$C,"59.1x",DH:DH) -> 0 | DI27: =SUMIF($C:$C,"59.1x",DI:DI) -> 0 | DJ27: =SUMIF($C:$C,"59.1x",DJ:DJ) -> 0 | DK27: =SUMIF($C:$C,"59.1x",DK:DK) -> 0 | DL27: =SUMIF($C:$C,"59.1x",DL:DL) -> 0 | DM27: =SUMIF($C:$C,"59.1x",DM:DM) -> 0 | DN27: =SUMIF($C:$C,"59.1x",DN:DN) -> 0 | DO27: =SUMIF($C:$C,"59.1x",DO:DO) -> 0 | DP27: =SUMIF($C:$C,"59.1x",DP:DP) -> 0 | DQ27: =SUMIF($C:$C,"59.1x",DQ:DQ) -> 0 | DR27: =SUMIF($C:$C,"59.1x",DR:DR) -> 0 | DS27: =SUMIF($C:$C,"59.1x",DS:DS) -> 0 | DT27: =SUMIF($C:$C,"59.1x",DT:DT) -> 0 | DU27: =SUMIF($C:$C,"59.1x",DU:DU) -> 0 | DV27: =SUMIF($C:$C,"59.1x",DV:DV) -> 0 | DW27: =SUMIF($C:$C,"59.1x",DW:DW) -> 0
B28: 59.2a | C28: Options to reduce Distribution System Operating Use (DSOU) losses | X28: =SUMIF($C:$C,"59.2x",X:X) -> 0 | Y28: =SUMIF($C:$C,"59.2x",Y:Y) -> 0 | Z28: =SUMIF($C:$C,"59.2x",Z:Z) -> 0 | AA28: =SUMIF($C:$C,"59.2x",AA:AA) -> 0 | AB28: =SUMIF($C:$C,"59.2x",AB:AB) -> 0 | AC28: =SUMIF($C:$C,"59.2x",AC:AC) -> 0 | AD28: =SUMIF($C:$C,"59.2x",AD:AD) -> 0 | AE28: =SUMIF($C:$C,"59.2x",AE:AE) -> 0 | AF28: =SUMIF($C:$C,"59.2x",AF:AF) -> 0 | AG28: =SUMIF($C:$C,"59.2x",AG:AG) -> 0 | AH28: =SUMIF($C:$C,"59.2x",AH:AH) -> 0 | AI28: =SUMIF($C:$C,"59.2x",AI:AI) -> 0 | AJ28: =SUMIF($C:$C,"59.2x",AJ:AJ) -> 0 | AK28: =SUMIF($C:$C,"59.2x",AK:AK) -> 0 | AL28: =SUMIF($C:$C,"59.2x",AL:AL) -> 0 | AM28: =SUMIF($C:$C,"59.2x",AM:AM) -> 0 | AN28: =SUMIF($C:$C,"59.2x",AN:AN) -> 0 | AO28: =SUMIF($C:$C,"59.2x",AO:AO) -> 0 | AP28: =SUMIF($C:$C,"59.2x",AP:AP) -> 0 | AQ28: =SUMIF($C:$C,"59.2x",AQ:AQ) -> 0 | AR28: =SUMIF($C:$C,"59.2x",AR:AR) -> 0 | AS28: =SUMIF($C:$C,"59.2x",AS:AS) -> 0 | AT28: =SUMIF($C:$C,"59.2x",AT:AT) -> 0 | AU28: =SUMIF($C:$C,"59.2x",AU:AU) -> 0 | AV28: =SUMIF($C:$C,"59.2x",AV:AV) -> 0 | AW28: =SUMIF($C:$C,"59.2x",AW:AW) -> 0 | AX28: =SUMIF($C:$C,"59.2x",AX:AX) -> 0 | AY28: =SUMIF($C:$C,"59.2x",AY:AY) -> 0 | AZ28: =SUMIF($C:$C,"59.2x",AZ:AZ) -> 0 | BA28: =SUMIF($C:$C,"59.2x",BA:BA) -> 0 | BB28: =SUMIF($C:$C,"59.2x",BB:BB) -> 0 | BC28: =SUMIF($C:$C,"59.2x",BC:BC) -> 0 | BD28: =SUMIF($C:$C,"59.2x",BD:BD) -> 0 | BE28: =SUMIF($C:$C,"59.2x",BE:BE) -> 0 | BF28: =SUMIF($C:$C,"59.2x",BF:BF) -> 0 | BG28: =SUMIF($C:$C,"59.2x",BG:BG) -> 0 | BH28: =SUMIF($C:$C,"59.2x",BH:BH) -> 0 | BI28: =SUMIF($C:$C,"59.2x",BI:BI) -> 0 | BJ28: =SUMIF($C:$C,"59.2x",BJ:BJ) -> 0 | BK28: =SUMIF($C:$C,"59.2x",BK:BK) -> 0 | BL28: =SUMIF($C:$C,"59.2x",BL:BL) -> 0 | BM28: =SUMIF($C:$C,"59.2x",BM:BM) -> 0 | BN28: =SUMIF($C:$C,"59.2x",BN:BN) -> 0 | BO28: =SUMIF($C:$C,"59.2x",BO:BO) -> 0 | BP28: =SUMIF($C:$C,"59.2x",BP:BP) -> 0 | BQ28: =SUMIF($C:$C,"59.2x",BQ:BQ) -> 0 | BR28: =SUMIF($C:$C,"59.2x",BR:BR) -> 0 | BS28: =SUMIF($C:$C,"59.2x",BS:BS) -> 0 | BT28: =SUMIF($C:$C,"59.2x",BT:BT) -> 0 | BU28: =SUMIF($C:$C,"59.2x",BU:BU) -> 0 | BV28: =SUMIF($C:$C,"59.2x",BV:BV) -> 0 | BW28: =SUMIF($C:$C,"59.2x",BW:BW) -> 0 | BX28: =SUMIF($C:$C,"59.2x",BX:BX) -> 0 | BY28: =SUMIF($C:$C,"59.2x",BY:BY) -> 0 | BZ28: =SUMIF($C:$C,"59.2x",BZ:BZ) -> 0 | CA28: =SUMIF($C:$C,"59.2x",CA:CA) -> 0 | CB28: =SUMIF($C:$C,"59.2x",CB:CB) -> 0 | CC28: =SUMIF($C:$C,"59.2x",CC:CC) -> 0 | CD28: =SUMIF($C:$C,"59.2x",CD:CD) -> 0 | CE28: =SUMIF($C:$C,"59.2x",CE:CE) -> 0 | CF28: =SUMIF($C:$C,"59.2x",CF:CF) -> 0 | CG28: =SUMIF($C:$C,"59.2x",CG:CG) -> 0 | CH28: =SUMIF($C:$C,"59.2x",CH:CH) -> 0 | CI28: =SUMIF($C:$C,"59.2x",CI:CI) -> 0 | CJ28: =SUMIF($C:$C,"59.2x",CJ:CJ) -> 0 | CK28: =SUMIF($C:$C,"59.2x",CK:CK) -> 0 | CL28: =SUMIF($C:$C,"59.2x",CL:CL) -> 0 | CM28: =SUMIF($C:$C,"59.2x",CM:CM) -> 0 | CN28: =SUMIF($C:$C,"59.2x",CN:CN) -> 0 | CO28: =SUMIF($C:$C,"59.2x",CO:CO) -> 0 | CP28: =SUMIF($C:$C,"59.2x",CP:CP) -> 0 | CQ28: =SUMIF($C:$C,"59.2x",CQ:CQ) -> 0 | CR28: =SUMIF($C:$C,"59.2x",CR:CR) -> 0 | CS28: =SUMIF($C:$C,"59.2x",CS:CS) -> 0 | CT28: =SUMIF($C:$C,"59.2x",CT:CT) -> 0 | CU28: =SUMIF($C:$C,"59.2x",CU:CU) -> 0 | CV28: =SUMIF($C:$C,"59.2x",CV:CV) -> 0 | CW28: =SUMIF($C:$C,"59.2x",CW:CW) -> 0 | CX28: =SUMIF($C:$C,"59.2x",CX:CX) -> 0 | CY28: =SUMIF($C:$C,"59.2x",CY:CY) -> 0 | CZ28: =SUMIF($C:$C,"59.2x",CZ:CZ) -> 0 | DA28: =SUMIF($C:$C,"59.2x",DA:DA) -> 0 | DB28: =SUMIF($C:$C,"59.2x",DB:DB) -> 0 | DC28: =SUMIF($C:$C,"59.2x",DC:DC) -> 0 | DD28: =SUMIF($C:$C,"59.2x",DD:DD) -> 0 | DE28: =SUMIF($C:$C,"59.2x",DE:DE) -> 0 | DF28: =SUMIF($C:$C,"59.2x",DF:DF) -> 0 | DG28: =SUMIF($C:$C,"59.2x",DG:DG) -> 0 | DH28: =SUMIF($C:$C,"59.2x",DH:DH) -> 0 | DI28: =SUMIF($C:$C,"59.2x",DI:DI) -> 0 | DJ28: =SUMIF($C:$C,"59.2x",DJ:DJ) -> 0 | DK28: =SUMIF($C:$C,"59.2x",DK:DK) -> 0 | DL28: =SUMIF($C:$C,"59.2x",DL:DL) -> 0 | DM28: =SUMIF($C:$C,"59.2x",DM:DM) -> 0 | DN28: =SUMIF($C:$C,"59.2x",DN:DN) -> 0 | DO28: =SUMIF($C:$C,"59.2x",DO:DO) -> 0 | DP28: =SUMIF($C:$C,"59.2x",DP:DP) -> 0 | DQ28: =SUMIF($C:$C,"59.2x",DQ:DQ) -> 0 | DR28: =SUMIF($C:$C,"59.2x",DR:DR) -> 0 | DS28: =SUMIF($C:$C,"59.2x",DS:DS) -> 0 | DT28: =SUMIF($C:$C,"59.2x",DT:DT) -> 0 | DU28: =SUMIF($C:$C,"59.2x",DU:DU) -> 0 | DV28: =SUMIF($C:$C,"59.2x",DV:DV) -> 0 | DW28: =SUMIF($C:$C,"59.2x",DW:DW) -> 0
B29: 60a | C29: PRODUCTION SIDE
B30: 60.1a | C30: Options to reduce treatment works losses | X30: =SUMIF($C:$C,"60.1x",X:X) -> 0 | Y30: =SUMIF($C:$C,"60.1x",Y:Y) -> 0 | Z30: =SUMIF($C:$C,"60.1x",Z:Z) -> 0 | AA30: =SUMIF($C:$C,"60.1x",AA:AA) -> 0 | AB30: =SUMIF($C:$C,"60.1x",AB:AB) -> 0 | AC30: =SUMIF($C:$C,"60.1x",AC:AC) -> 0 | AD30: =SUMIF($C:$C,"60.1x",AD:AD) -> 0 | AE30: =SUMIF($C:$C,"60.1x",AE:AE) -> 0 | AF30: =SUMIF($C:$C,"60.1x",AF:AF) -> 0 | AG30: =SUMIF($C:$C,"60.1x",AG:AG) -> 0 | AH30: =SUMIF($C:$C,"60.1x",AH:AH) -> 0 | AI30: =SUMIF($C:$C,"60.1x",AI:AI) -> 0 | AJ30: =SUMIF($C:$C,"60.1x",AJ:AJ) -> 0 | AK30: =SUMIF($C:$C,"60.1x",AK:AK) -> 0 | AL30: =SUMIF($C:$C,"60.1x",AL:AL) -> 0 | AM30: =SUMIF($C:$C,"60.1x",AM:AM) -> 0 | AN30: =SUMIF($C:$C,"60.1x",AN:AN) -> 0 | AO30: =SUMIF($C:$C,"60.1x",AO:AO) -> 0 | AP30: =SUMIF($C:$C,"60.1x",AP:AP) -> 0 | AQ30: =SUMIF($C:$C,"60.1x",AQ:AQ) -> 0 | AR30: =SUMIF($C:$C,"60.1x",AR:AR) -> 0 | AS30: =SUMIF($C:$C,"60.1x",AS:AS) -> 0 | AT30: =SUMIF($C:$C,"60.1x",AT:AT) -> 0 | AU30: =SUMIF($C:$C,"60.1x",AU:AU) -> 0 | AV30: =SUMIF($C:$C,"60.1x",AV:AV) -> 0 | AW30: =SUMIF($C:$C,"60.1x",AW:AW) -> 0 | AX30: =SUMIF($C:$C,"60.1x",AX:AX) -> 0 | AY30: =SUMIF($C:$C,"60.1x",AY:AY) -> 0 | AZ30: =SUMIF($C:$C,"60.1x",AZ:AZ) -> 0 | BA30: =SUMIF($C:$C,"60.1x",BA:BA) -> 0 | BB30: =SUMIF($C:$C,"60.1x",BB:BB) -> 0 | BC30: =SUMIF($C:$C,"60.1x",BC:BC) -> 0 | BD30: =SUMIF($C:$C,"60.1x",BD:BD) -> 0 | BE30: =SUMIF($C:$C,"60.1x",BE:BE) -> 0 | BF30: =SUMIF($C:$C,"60.1x",BF:BF) -> 0 | BG30: =SUMIF($C:$C,"60.1x",BG:BG) -> 0 | BH30: =SUMIF($C:$C,"60.1x",BH:BH) -> 0 | BI30: =SUMIF($C:$C,"60.1x",BI:BI) -> 0 | BJ30: =SUMIF($C:$C,"60.1x",BJ:BJ) -> 0 | BK30: =SUMIF($C:$C,"60.1x",BK:BK) -> 0 | BL30: =SUMIF($C:$C,"60.1x",BL:BL) -> 0 | BM30: =SUMIF($C:$C,"60.1x",BM:BM) -> 0 | BN30: =SUMIF($C:$C,"60.1x",BN:BN) -> 0 | BO30: =SUMIF($C:$C,"60.1x",BO:BO) -> 0 | BP30: =SUMIF($C:$C,"60.1x",BP:BP) -> 0 | BQ30: =SUMIF($C:$C,"60.1x",BQ:BQ) -> 0 | BR30: =SUMIF($C:$C,"60.1x",BR:BR) -> 0 | BS30: =SUMIF($C:$C,"60.1x",BS:BS) -> 0 | BT30: =SUMIF($C:$C,"60.1x",BT:BT) -> 0 | BU30: =SUMIF($C:$C,"60.1x",BU:BU) -> 0 | BV30: =SUMIF($C:$C,"60.1x",BV:BV) -> 0 | BW30: =SUMIF($C:$C,"60.1x",BW:BW) -> 0 | BX30: =SUMIF($C:$C,"60.1x",BX:BX) -> 0 | BY30: =SUMIF($C:$C,"60.1x",BY:BY) -> 0 | BZ30: =SUMIF($C:$C,"60.1x",BZ:BZ) -> 0 | CA30: =SUMIF($C:$C,"60.1x",CA:CA) -> 0 | CB30: =SUMIF($C:$C,"60.1x",CB:CB) -> 0 | CC30: =SUMIF($C:$C,"60.1x",CC:CC) -> 0 | CD30: =SUMIF($C:$C,"60.1x",CD:CD) -> 0 | CE30: =SUMIF($C:$C,"60.1x",CE:CE) -> 0 | CF30: =SUMIF($C:$C,"60.1x",CF:CF) -> 0 | CG30: =SUMIF($C:$C,"60.1x",CG:CG) -> 0 | CH30: =SUMIF($C:$C,"60.1x",CH:CH) -> 0 | CI30: =SUMIF($C:$C,"60.1x",CI:CI) -> 0 | CJ30: =SUMIF($C:$C,"60.1x",CJ:CJ) -> 0 | CK30: =SUMIF($C:$C,"60.1x",CK:CK) -> 0 | CL30: =SUMIF($C:$C,"60.1x",CL:CL) -> 0 | CM30: =SUMIF($C:$C,"60.1x",CM:CM) -> 0 | CN30: =SUMIF($C:$C,"60.1x",CN:CN) -> 0 | CO30: =SUMIF($C:$C,"60.1x",CO:CO) -> 0 | CP30: =SUMIF($C:$C,"60.1x",CP:CP) -> 0 | CQ30: =SUMIF($C:$C,"60.1x",CQ:CQ) -> 0 | CR30: =SUMIF($C:$C,"60.1x",CR:CR) -> 0 | CS30: =SUMIF($C:$C,"60.1x",CS:CS) -> 0 | CT30: =SUMIF($C:$C,"60.1x",CT:CT) -> 0 | CU30: =SUMIF($C:$C,"60.1x",CU:CU) -> 0 | CV30: =SUMIF($C:$C,"60.1x",CV:CV) -> 0 | CW30: =SUMIF($C:$C,"60.1x",CW:CW) -> 0 | CX30: =SUMIF($C:$C,"60.1x",CX:CX) -> 0 | CY30: =SUMIF($C:$C,"60.1x",CY:CY) -> 0 | CZ30: =SUMIF($C:$C,"60.1x",CZ:CZ) -> 0 | DA30: =SUMIF($C:$C,"60.1x",DA:DA) -> 0 | DB30: =SUMIF($C:$C,"60.1x",DB:DB) -> 0 | DC30: =SUMIF($C:$C,"60.1x",DC:DC) -> 0 | DD30: =SUMIF($C:$C,"60.1x",DD:DD) -> 0 | DE30: =SUMIF($C:$C,"60.1x",DE:DE) -> 0 | DF30: =SUMIF($C:$C,"60.1x",DF:DF) -> 0 | DG30: =SUMIF($C:$C,"60.1x",DG:DG) -> 0 | DH30: =SUMIF($C:$C,"60.1x",DH:DH) -> 0 | DI30: =SUMIF($C:$C,"60.1x",DI:DI) -> 0 | DJ30: =SUMIF($C:$C,"60.1x",DJ:DJ) -> 0 | DK30: =SUMIF($C:$C,"60.1x",DK:DK) -> 0 | DL30: =SUMIF($C:$C,"60.1x",DL:DL) -> 0 | DM30: =SUMIF($C:$C,"60.1x",DM:DM) -> 0 | DN30: =SUMIF($C:$C,"60.1x",DN:DN) -> 0 | DO30: =SUMIF($C:$C,"60.1x",DO:DO) -> 0 | DP30: =SUMIF($C:$C,"60.1x",DP:DP) -> 0 | DQ30: =SUMIF($C:$C,"60.1x",DQ:DQ) -> 0 | DR30: =SUMIF($C:$C,"60.1x",DR:DR) -> 0 | DS30: =SUMIF($C:$C,"60.1x",DS:DS) -> 0 | DT30: =SUMIF($C:$C,"60.1x",DT:DT) -> 0 | DU30: =SUMIF($C:$C,"60.1x",DU:DU) -> 0 | DV30: =SUMIF($C:$C,"60.1x",DV:DV) -> 0 | DW30: =SUMIF($C:$C,"60.1x",DW:DW) -> 0
B31: 60.2a | C31: Options to reduce outage | X31: =SUMIF($C:$C,"60.2x",X:X) -> 0 | Y31: =SUMIF($C:$C,"60.2x",Y:Y) -> 0 | Z31: =SUMIF($C:$C,"60.2x",Z:Z) -> 0 | AA31: =SUMIF($C:$C,"60.2x",AA:AA) -> 0 | AB31: =SUMIF($C:$C,"60.2x",AB:AB) -> 0 | AC31: =SUMIF($C:$C,"60.2x",AC:AC) -> 0 | AD31: =SUMIF($C:$C,"60.2x",AD:AD) -> 0 | AE31: =SUMIF($C:$C,"60.2x",AE:AE) -> 0 | AF31: =SUMIF($C:$C,"60.2x",AF:AF) -> 0 | AG31: =SUMIF($C:$C,"60.2x",AG:AG) -> 0 | AH31: =SUMIF($C:$C,"60.2x",AH:AH) -> 0 | AI31: =SUMIF($C:$C,"60.2x",AI:AI) -> 0 | AJ31: =SUMIF($C:$C,"60.2x",AJ:AJ) -> 0 | AK31: =SUMIF($C:$C,"60.2x",AK:AK) -> 0 | AL31: =SUMIF($C:$C,"60.2x",AL:AL) -> 0 | AM31: =SUMIF($C:$C,"60.2x",AM:AM) -> 0 | AN31: =SUMIF($C:$C,"60.2x",AN:AN) -> 0 | AO31: =SUMIF($C:$C,"60.2x",AO:AO) -> 0 | AP31: =SUMIF($C:$C,"60.2x",AP:AP) -> 0 | AQ31: =SUMIF($C:$C,"60.2x",AQ:AQ) -> 0 | AR31: =SUMIF($C:$C,"60.2x",AR:AR) -> 0 | AS31: =SUMIF($C:$C,"60.2x",AS:AS) -> 0 | AT31: =SUMIF($C:$C,"60.2x",AT:AT) -> 0 | AU31: =SUMIF($C:$C,"60.2x",AU:AU) -> 0 | AV31: =SUMIF($C:$C,"60.2x",AV:AV) -> 0 | AW31: =SUMIF($C:$C,"60.2x",AW:AW) -> 0 | AX31: =SUMIF($C:$C,"60.2x",AX:AX) -> 0 | AY31: =SUMIF($C:$C,"60.2x",AY:AY) -> 0 | AZ31: =SUMIF($C:$C,"60.2x",AZ:AZ) -> 0 | BA31: =SUMIF($C:$C,"60.2x",BA:BA) -> 0 | BB31: =SUMIF($C:$C,"60.2x",BB:BB) -> 0 | BC31: =SUMIF($C:$C,"60.2x",BC:BC) -> 0 | BD31: =SUMIF($C:$C,"60.2x",BD:BD) -> 0 | BE31: =SUMIF($C:$C,"60.2x",BE:BE) -> 0 | BF31: =SUMIF($C:$C,"60.2x",BF:BF) -> 0 | BG31: =SUMIF($C:$C,"60.2x",BG:BG) -> 0 | BH31: =SUMIF($C:$C,"60.2x",BH:BH) -> 0 | BI31: =SUMIF($C:$C,"60.2x",BI:BI) -> 0 | BJ31: =SUMIF($C:$C,"60.2x",BJ:BJ) -> 0 | BK31: =SUMIF($C:$C,"60.2x",BK:BK) -> 0 | BL31: =SUMIF($C:$C,"60.2x",BL:BL) -> 0 | BM31: =SUMIF($C:$C,"60.2x",BM:BM) -> 0 | BN31: =SUMIF($C:$C,"60.2x",BN:BN) -> 0 | BO31: =SUMIF($C:$C,"60.2x",BO:BO) -> 0 | BP31: =SUMIF($C:$C,"60.2x",BP:BP) -> 0 | BQ31: =SUMIF($C:$C,"60.2x",BQ:BQ) -> 0 | BR31: =SUMIF($C:$C,"60.2x",BR:BR) -> 0 | BS31: =SUMIF($C:$C,"60.2x",BS:BS) -> 0 | BT31: =SUMIF($C:$C,"60.2x",BT:BT) -> 0 | BU31: =SUMIF($C:$C,"60.2x",BU:BU) -> 0 | BV31: =SUMIF($C:$C,"60.2x",BV:BV) -> 0 | BW31: =SUMIF($C:$C,"60.2x",BW:BW) -> 0 | BX31: =SUMIF($C:$C,"60.2x",BX:BX) -> 0 | BY31: =SUMIF($C:$C,"60.2x",BY:BY) -> 0 | BZ31: =SUMIF($C:$C,"60.2x",BZ:BZ) -> 0 | CA31: =SUMIF($C:$C,"60.2x",CA:CA) -> 0 | CB31: =SUMIF($C:$C,"60.2x",CB:CB) -> 0 | CC31: =SUMIF($C:$C,"60.2x",CC:CC) -> 0 | CD31: =SUMIF($C:$C,"60.2x",CD:CD) -> 0 | CE31: =SUMIF($C:$C,"60.2x",CE:CE) -> 0 | CF31: =SUMIF($C:$C,"60.2x",CF:CF) -> 0 | CG31: =SUMIF($C:$C,"60.2x",CG:CG) -> 0 | CH31: =SUMIF($C:$C,"60.2x",CH:CH) -> 0 | CI31: =SUMIF($C:$C,"60.2x",CI:CI) -> 0 | CJ31: =SUMIF($C:$C,"60.2x",CJ:CJ) -> 0 | CK31: =SUMIF($C:$C,"60.2x",CK:CK) -> 0 | CL31: =SUMIF($C:$C,"60.2x",CL:CL) -> 0 | CM31: =SUMIF($C:$C,"60.2x",CM:CM) -> 0 | CN31: =SUMIF($C:$C,"60.2x",CN:CN) -> 0 | CO31: =SUMIF($C:$C,"60.2x",CO:CO) -> 0 | CP31: =SUMIF($C:$C,"60.2x",CP:CP) -> 0 | CQ31: =SUMIF($C:$C,"60.2x",CQ:CQ) -> 0 | CR31: =SUMIF($C:$C,"60.2x",CR:CR) -> 0 | CS31: =SUMIF($C:$C,"60.2x",CS:CS) -> 0 | CT31: =SUMIF($C:$C,"60.2x",CT:CT) -> 0 | CU31: =SUMIF($C:$C,"60.2x",CU:CU) -> 0 | CV31: =SUMIF($C:$C,"60.2x",CV:CV) -> 0 | CW31: =SUMIF($C:$C,"60.2x",CW:CW) -> 0 | CX31: =SUMIF($C:$C,"60.2x",CX:CX) -> 0 | CY31: =SUMIF($C:$C,"60.2x",CY:CY) -> 0 | CZ31: =SUMIF($C:$C,"60.2x",CZ:CZ) -> 0 | DA31: =SUMIF($C:$C,"60.2x",DA:DA) -> 0 | DB31: =SUMIF($C:$C,"60.2x",DB:DB) -> 0 | DC31: =SUMIF($C:$C,"60.2x",DC:DC) -> 0 | DD31: =SUMIF($C:$C,"60.2x",DD:DD) -> 0 | DE31: =SUMIF($C:$C,"60.2x",DE:DE) -> 0 | DF31: =SUMIF($C:$C,"60.2x",DF:DF) -> 0 | DG31: =SUMIF($C:$C,"60.2x",DG:DG) -> 0 | DH31: =SUMIF($C:$C,"60.2x",DH:DH) -> 0 | DI31: =SUMIF($C:$C,"60.2x",DI:DI) -> 0 | DJ31: =SUMIF($C:$C,"60.2x",DJ:DJ) -> 0 | DK31: =SUMIF($C:$C,"60.2x",DK:DK) -> 0 | DL31: =SUMIF($C:$C,"60.2x",DL:DL) -> 0 | DM31: =SUMIF($C:$C,"60.2x",DM:DM) -> 0 | DN31: =SUMIF($C:$C,"60.2x",DN:DN) -> 0 | DO31: =SUMIF($C:$C,"60.2x",DO:DO) -> 0 | DP31: =SUMIF($C:$C,"60.2x",DP:DP) -> 0 | DQ31: =SUMIF($C:$C,"60.2x",DQ:DQ) -> 0 | DR31: =SUMIF($C:$C,"60.2x",DR:DR) -> 0 | DS31: =SUMIF($C:$C,"60.2x",DS:DS) -> 0 | DT31: =SUMIF($C:$C,"60.2x",DT:DT) -> 0 | DU31: =SUMIF($C:$C,"60.2x",DU:DU) -> 0 | DV31: =SUMIF($C:$C,"60.2x",DV:DV) -> 0 | DW31: =SUMIF($C:$C,"60.2x",DW:DW) -> 0
B32: 61a | C32: CUSTOMER SIDE
B33: 61.1a | C33: Options to change volume delivered to measured non households | X33: =SUMIF($C:$C,"61.1x",X:X) -> 0 | Y33: =SUMIF($C:$C,"61.1x",Y:Y) -> 0 | Z33: =SUMIF($C:$C,"61.1x",Z:Z) -> 0 | AA33: =SUMIF($C:$C,"61.1x",AA:AA) -> 0 | AB33: =SUMIF($C:$C,"61.1x",AB:AB) -> 0 | AC33: =SUMIF($C:$C,"61.1x",AC:AC) -> 0 | AD33: =SUMIF($C:$C,"61.1x",AD:AD) -> 0 | AE33: =SUMIF($C:$C,"61.1x",AE:AE) -> 0 | AF33: =SUMIF($C:$C,"61.1x",AF:AF) -> 0 | AG33: =SUMIF($C:$C,"61.1x",AG:AG) -> 0 | AH33: =SUMIF($C:$C,"61.1x",AH:AH) -> 0 | AI33: =SUMIF($C:$C,"61.1x",AI:AI) -> 0 | AJ33: =SUMIF($C:$C,"61.1x",AJ:AJ) -> 0 | AK33: =SUMIF($C:$C,"61.1x",AK:AK) -> 0 | AL33: =SUMIF($C:$C,"61.1x",AL:AL) -> 0 | AM33: =SUMIF($C:$C,"61.1x",AM:AM) -> 0 | AN33: =SUMIF($C:$C,"61.1x",AN:AN) -> 0 | AO33: =SUMIF($C:$C,"61.1x",AO:AO) -> 0 | AP33: =SUMIF($C:$C,"61.1x",AP:AP) -> 0 | AQ33: =SUMIF($C:$C,"61.1x",AQ:AQ) -> 0 | AR33: =SUMIF($C:$C,"61.1x",AR:AR) -> 0 | AS33: =SUMIF($C:$C,"61.1x",AS:AS) -> 0 | AT33: =SUMIF($C:$C,"61.1x",AT:AT) -> 0 | AU33: =SUMIF($C:$C,"61.1x",AU:AU) -> 0 | AV33: =SUMIF($C:$C,"61.1x",AV:AV) -> 0 | AW33: =SUMIF($C:$C,"61.1x",AW:AW) -> 0 | AX33: =SUMIF($C:$C,"61.1x",AX:AX) -> 0 | AY33: =SUMIF($C:$C,"61.1x",AY:AY) -> 0 | AZ33: =SUMIF($C:$C,"61.1x",AZ:AZ) -> 0 | BA33: =SUMIF($C:$C,"61.1x",BA:BA) -> 0 | BB33: =SUMIF($C:$C,"61.1x",BB:BB) -> 0 | BC33: =SUMIF($C:$C,"61.1x",BC:BC) -> 0 | BD33: =SUMIF($C:$C,"61.1x",BD:BD) -> 0 | BE33: =SUMIF($C:$C,"61.1x",BE:BE) -> 0 | BF33: =SUMIF($C:$C,"61.1x",BF:BF) -> 0 | BG33: =SUMIF($C:$C,"61.1x",BG:BG) -> 0 | BH33: =SUMIF($C:$C,"61.1x",BH:BH) -> 0 | BI33: =SUMIF($C:$C,"61.1x",BI:BI) -> 0 | BJ33: =SUMIF($C:$C,"61.1x",BJ:BJ) -> 0 | BK33: =SUMIF($C:$C,"61.1x",BK:BK) -> 0 | BL33: =SUMIF($C:$C,"61.1x",BL:BL) -> 0 | BM33: =SUMIF($C:$C,"61.1x",BM:BM) -> 0 | BN33: =SUMIF($C:$C,"61.1x",BN:BN) -> 0 | BO33: =SUMIF($C:$C,"61.1x",BO:BO) -> 0 | BP33: =SUMIF($C:$C,"61.1x",BP:BP) -> 0 | BQ33: =SUMIF($C:$C,"61.1x",BQ:BQ) -> 0 | BR33: =SUMIF($C:$C,"61.1x",BR:BR) -> 0 | BS33: =SUMIF($C:$C,"61.1x",BS:BS) -> 0 | BT33: =SUMIF($C:$C,"61.1x",BT:BT) -> 0 | BU33: =SUMIF($C:$C,"61.1x",BU:BU) -> 0 | BV33: =SUMIF($C:$C,"61.1x",BV:BV) -> 0 | BW33: =SUMIF($C:$C,"61.1x",BW:BW) -> 0 | BX33: =SUMIF($C:$C,"61.1x",BX:BX) -> 0 | BY33: =SUMIF($C:$C,"61.1x",BY:BY) -> 0 | BZ33: =SUMIF($C:$C,"61.1x",BZ:BZ) -> 0 | CA33: =SUMIF($C:$C,"61.1x",CA:CA) -> 0 | CB33: =SUMIF($C:$C,"61.1x",CB:CB) -> 0 | CC33: =SUMIF($C:$C,"61.1x",CC:CC) -> 0 | CD33: =SUMIF($C:$C,"61.1x",CD:CD) -> 0 | CE33: =SUMIF($C:$C,"61.1x",CE:CE) -> 0 | CF33: =SUMIF($C:$C,"61.1x",CF:CF) -> 0 | CG33: =SUMIF($C:$C,"61.1x",CG:CG) -> 0 | CH33: =SUMIF($C:$C,"61.1x",CH:CH) -> 0 | CI33: =SUMIF($C:$C,"61.1x",CI:CI) -> 0 | CJ33: =SUMIF($C:$C,"61.1x",CJ:CJ) -> 0 | CK33: =SUMIF($C:$C,"61.1x",CK:CK) -> 0 | CL33: =SUMIF($C:$C,"61.1x",CL:CL) -> 0 | CM33: =SUMIF($C:$C,"61.1x",CM:CM) -> 0 | CN33: =SUMIF($C:$C,"61.1x",CN:CN) -> 0 | CO33: =SUMIF($C:$C,"61.1x",CO:CO) -> 0 | CP33: =SUMIF($C:$C,"61.1x",CP:CP) -> 0 | CQ33: =SUMIF($C:$C,"61.1x",CQ:CQ) -> 0 | CR33: =SUMIF($C:$C,"61.1x",CR:CR) -> 0 | CS33: =SUMIF($C:$C,"61.1x",CS:CS) -> 0 | CT33: =SUMIF($C:$C,"61.1x",CT:CT) -> 0 | CU33: =SUMIF($C:$C,"61.1x",CU:CU) -> 0 | CV33: =SUMIF($C:$C,"61.1x",CV:CV) -> 0 | CW33: =SUMIF($C:$C,"61.1x",CW:CW) -> 0 | CX33: =SUMIF($C:$C,"61.1x",CX:CX) -> 0 | CY33: =SUMIF($C:$C,"61.1x",CY:CY) -> 0 | CZ33: =SUMIF($C:$C,"61.1x",CZ:CZ) -> 0 | DA33: =SUMIF($C:$C,"61.1x",DA:DA) -> 0 | DB33: =SUMIF($C:$C,"61.1x",DB:DB) -> 0 | DC33: =SUMIF($C:$C,"61.1x",DC:DC) -> 0 | DD33: =SUMIF($C:$C,"61.1x",DD:DD) -> 0 | DE33: =SUMIF($C:$C,"61.1x",DE:DE) -> 0 | DF33: =SUMIF($C:$C,"61.1x",DF:DF) -> 0 | DG33: =SUMIF($C:$C,"61.1x",DG:DG) -> 0 | DH33: =SUMIF($C:$C,"61.1x",DH:DH) -> 0 | DI33: =SUMIF($C:$C,"61.1x",DI:DI) -> 0 | DJ33: =SUMIF($C:$C,"61.1x",DJ:DJ) -> 0 | DK33: =SUMIF($C:$C,"61.1x",DK:DK) -> 0 | DL33: =SUMIF($C:$C,"61.1x",DL:DL) -> 0 | DM33: =SUMIF($C:$C,"61.1x",DM:DM) -> 0 | DN33: =SUMIF($C:$C,"61.1x",DN:DN) -> 0 | DO33: =SUMIF($C:$C,"61.1x",DO:DO) -> 0 | DP33: =SUMIF($C:$C,"61.1x",DP:DP) -> 0 | DQ33: =SUMIF($C:$C,"61.1x",DQ:DQ) -> 0 | DR33: =SUMIF($C:$C,"61.1x",DR:DR) -> 0 | DS33: =SUMIF($C:$C,"61.1x",DS:DS) -> 0 | DT33: =SUMIF($C:$C,"61.1x",DT:DT) -> 0 | DU33: =SUMIF($C:$C,"61.1x",DU:DU) -> 0 | DV33: =SUMIF($C:$C,"61.1x",DV:DV) -> 0 | DW33: =SUMIF($C:$C,"61.1x",DW:DW) -> 0
B34: 61.2a | C34: Options to change volume delivered to unmeasured non households | X34: =SUMIF($C:$C,"61.2x",X:X) -> 0 | Y34: =SUMIF($C:$C,"61.2x",Y:Y) -> 0 | Z34: =SUMIF($C:$C,"61.2x",Z:Z) -> 0 | AA34: =SUMIF($C:$C,"61.2x",AA:AA) -> 0 | AB34: =SUMIF($C:$C,"61.2x",AB:AB) -> 0 | AC34: =SUMIF($C:$C,"61.2x",AC:AC) -> 0 | AD34: =SUMIF($C:$C,"61.2x",AD:AD) -> 0 | AE34: =SUMIF($C:$C,"61.2x",AE:AE) -> 0 | AF34: =SUMIF($C:$C,"61.2x",AF:AF) -> 0 | AG34: =SUMIF($C:$C,"61.2x",AG:AG) -> 0 | AH34: =SUMIF($C:$C,"61.2x",AH:AH) -> 0 | AI34: =SUMIF($C:$C,"61.2x",AI:AI) -> 0 | AJ34: =SUMIF($C:$C,"61.2x",AJ:AJ) -> 0 | AK34: =SUMIF($C:$C,"61.2x",AK:AK) -> 0 | AL34: =SUMIF($C:$C,"61.2x",AL:AL) -> 0 | AM34: =SUMIF($C:$C,"61.2x",AM:AM) -> 0 | AN34: =SUMIF($C:$C,"61.2x",AN:AN) -> 0 | AO34: =SUMIF($C:$C,"61.2x",AO:AO) -> 0 | AP34: =SUMIF($C:$C,"61.2x",AP:AP) -> 0 | AQ34: =SUMIF($C:$C,"61.2x",AQ:AQ) -> 0 | AR34: =SUMIF($C:$C,"61.2x",AR:AR) -> 0 | AS34: =SUMIF($C:$C,"61.2x",AS:AS) -> 0 | AT34: =SUMIF($C:$C,"61.2x",AT:AT) -> 0 | AU34: =SUMIF($C:$C,"61.2x",AU:AU) -> 0 | AV34: =SUMIF($C:$C,"61.2x",AV:AV) -> 0 | AW34: =SUMIF($C:$C,"61.2x",AW:AW) -> 0 | AX34: =SUMIF($C:$C,"61.2x",AX:AX) -> 0 | AY34: =SUMIF($C:$C,"61.2x",AY:AY) -> 0 | AZ34: =SUMIF($C:$C,"61.2x",AZ:AZ) -> 0 | BA34: =SUMIF($C:$C,"61.2x",BA:BA) -> 0 | BB34: =SUMIF($C:$C,"61.2x",BB:BB) -> 0 | BC34: =SUMIF($C:$C,"61.2x",BC:BC) -> 0 | BD34: =SUMIF($C:$C,"61.2x",BD:BD) -> 0 | BE34: =SUMIF($C:$C,"61.2x",BE:BE) -> 0 | BF34: =SUMIF($C:$C,"61.2x",BF:BF) -> 0 | BG34: =SUMIF($C:$C,"61.2x",BG:BG) -> 0 | BH34: =SUMIF($C:$C,"61.2x",BH:BH) -> 0 | BI34: =SUMIF($C:$C,"61.2x",BI:BI) -> 0 | BJ34: =SUMIF($C:$C,"61.2x",BJ:BJ) -> 0 | BK34: =SUMIF($C:$C,"61.2x",BK:BK) -> 0 | BL34: =SUMIF($C:$C,"61.2x",BL:BL) -> 0 | BM34: =SUMIF($C:$C,"61.2x",BM:BM) -> 0 | BN34: =SUMIF($C:$C,"61.2x",BN:BN) -> 0 | BO34: =SUMIF($C:$C,"61.2x",BO:BO) -> 0 | BP34: =SUMIF($C:$C,"61.2x",BP:BP) -> 0 | BQ34: =SUMIF($C:$C,"61.2x",BQ:BQ) -> 0 | BR34: =SUMIF($C:$C,"61.2x",BR:BR) -> 0 | BS34: =SUMIF($C:$C,"61.2x",BS:BS) -> 0 | BT34: =SUMIF($C:$C,"61.2x",BT:BT) -> 0 | BU34: =SUMIF($C:$C,"61.2x",BU:BU) -> 0 | BV34: =SUMIF($C:$C,"61.2x",BV:BV) -> 0 | BW34: =SUMIF($C:$C,"61.2x",BW:BW) -> 0 | BX34: =SUMIF($C:$C,"61.2x",BX:BX) -> 0 | BY34: =SUMIF($C:$C,"61.2x",BY:BY) -> 0 | BZ34: =SUMIF($C:$C,"61.2x",BZ:BZ) -> 0 | CA34: =SUMIF($C:$C,"61.2x",CA:CA) -> 0 | CB34: =SUMIF($C:$C,"61.2x",CB:CB) -> 0 | CC34: =SUMIF($C:$C,"61.2x",CC:CC) -> 0 | CD34: =SUMIF($C:$C,"61.2x",CD:CD) -> 0 | CE34: =SUMIF($C:$C,"61.2x",CE:CE) -> 0 | CF34: =SUMIF($C:$C,"61.2x",CF:CF) -> 0 | CG34: =SUMIF($C:$C,"61.2x",CG:CG) -> 0 | CH34: =SUMIF($C:$C,"61.2x",CH:CH) -> 0 | CI34: =SUMIF($C:$C,"61.2x",CI:CI) -> 0 | CJ34: =SUMIF($C:$C,"61.2x",CJ:CJ) -> 0 | CK34: =SUMIF($C:$C,"61.2x",CK:CK) -> 0 | CL34: =SUMIF($C:$C,"61.2x",CL:CL) -> 0 | CM34: =SUMIF($C:$C,"61.2x",CM:CM) -> 0 | CN34: =SUMIF($C:$C,"61.2x",CN:CN) -> 0 | CO34: =SUMIF($C:$C,"61.2x",CO:CO) -> 0 | CP34: =SUMIF($C:$C,"61.2x",CP:CP) -> 0 | CQ34: =SUMIF($C:$C,"61.2x",CQ:CQ) -> 0 | CR34: =SUMIF($C:$C,"61.2x",CR:CR) -> 0 | CS34: =SUMIF($C:$C,"61.2x",CS:CS) -> 0 | CT34: =SUMIF($C:$C,"61.2x",CT:CT) -> 0 | CU34: =SUMIF($C:$C,"61.2x",CU:CU) -> 0 | CV34: =SUMIF($C:$C,"61.2x",CV:CV) -> 0 | CW34: =SUMIF($C:$C,"61.2x",CW:CW) -> 0 | CX34: =SUMIF($C:$C,"61.2x",CX:CX) -> 0 | CY34: =SUMIF($C:$C,"61.2x",CY:CY) -> 0 | CZ34: =SUMIF($C:$C,"61.2x",CZ:CZ) -> 0 | DA34: =SUMIF($C:$C,"61.2x",DA:DA) -> 0 | DB34: =SUMIF($C:$C,"61.2x",DB:DB) -> 0 | DC34: =SUMIF($C:$C,"61.2x",DC:DC) -> 0 | DD34: =SUMIF($C:$C,"61.2x",DD:DD) -> 0 | DE34: =SUMIF($C:$C,"61.2x",DE:DE) -> 0 | DF34: =SUMIF($C:$C,"61.2x",DF:DF) -> 0 | DG34: =SUMIF($C:$C,"61.2x",DG:DG) -> 0 | DH34: =SUMIF($C:$C,"61.2x",DH:DH) -> 0 | DI34: =SUMIF($C:$C,"61.2x",DI:DI) -> 0 | DJ34: =SUMIF($C:$C,"61.2x",DJ:DJ) -> 0 | DK34: =SUMIF($C:$C,"61.2x",DK:DK) -> 0 | DL34: =SUMIF($C:$C,"61.2x",DL:DL) -> 0 | DM34: =SUMIF($C:$C,"61.2x",DM:DM) -> 0 | DN34: =SUMIF($C:$C,"61.2x",DN:DN) -> 0 | DO34: =SUMIF($C:$C,"61.2x",DO:DO) -> 0 | DP34: =SUMIF($C:$C,"61.2x",DP:DP) -> 0 | DQ34: =SUMIF($C:$C,"61.2x",DQ:DQ) -> 0 | DR34: =SUMIF($C:$C,"61.2x",DR:DR) -> 0 | DS34: =SUMIF($C:$C,"61.2x",DS:DS) -> 0 | DT34: =SUMIF($C:$C,"61.2x",DT:DT) -> 0 | DU34: =SUMIF($C:$C,"61.2x",DU:DU) -> 0 | DV34: =SUMIF($C:$C,"61.2x",DV:DV) -> 0 | DW34: =SUMIF($C:$C,"61.2x",DW:DW) -> 0
B35: 61.3a | C35: Options to change volume delivered to measured households | X35: =SUMIF($C:$C,"61.3x",X:X) -> 0 | Y35: =SUMIF($C:$C,"61.3x",Y:Y) -> 0 | Z35: =SUMIF($C:$C,"61.3x",Z:Z) -> 0 | AA35: =SUMIF($C:$C,"61.3x",AA:AA) -> 0 | AB35: =SUMIF($C:$C,"61.3x",AB:AB) -> 0 | AC35: =SUMIF($C:$C,"61.3x",AC:AC) -> 0 | AD35: =SUMIF($C:$C,"61.3x",AD:AD) -> 0 | AE35: =SUMIF($C:$C,"61.3x",AE:AE) -> 0 | AF35: =SUMIF($C:$C,"61.3x",AF:AF) -> 0 | AG35: =SUMIF($C:$C,"61.3x",AG:AG) -> 0 | AH35: =SUMIF($C:$C,"61.3x",AH:AH) -> 0 | AI35: =SUMIF($C:$C,"61.3x",AI:AI) -> 0 | AJ35: =SUMIF($C:$C,"61.3x",AJ:AJ) -> 0 | AK35: =SUMIF($C:$C,"61.3x",AK:AK) -> 0 | AL35: =SUMIF($C:$C,"61.3x",AL:AL) -> 0 | AM35: =SUMIF($C:$C,"61.3x",AM:AM) -> 0 | AN35: =SUMIF($C:$C,"61.3x",AN:AN) -> 0 | AO35: =SUMIF($C:$C,"61.3x",AO:AO) -> 0 | AP35: =SUMIF($C:$C,"61.3x",AP:AP) -> 0 | AQ35: =SUMIF($C:$C,"61.3x",AQ:AQ) -> 0 | AR35: =SUMIF($C:$C,"61.3x",AR:AR) -> 0 | AS35: =SUMIF($C:$C,"61.3x",AS:AS) -> 0 | AT35: =SUMIF($C:$C,"61.3x",AT:AT) -> 0 | AU35: =SUMIF($C:$C,"61.3x",AU:AU) -> 0 | AV35: =SUMIF($C:$C,"61.3x",AV:AV) -> 0 | AW35: =SUMIF($C:$C,"61.3x",AW:AW) -> 0 | AX35: =SUMIF($C:$C,"61.3x",AX:AX) -> 0 | AY35: =SUMIF($C:$C,"61.3x",AY:AY) -> 0 | AZ35: =SUMIF($C:$C,"61.3x",AZ:AZ) -> 0 | BA35: =SUMIF($C:$C,"61.3x",BA:BA) -> 0 | BB35: =SUMIF($C:$C,"61.3x",BB:BB) -> 0 | BC35: =SUMIF($C:$C,"61.3x",BC:BC) -> 0 | BD35: =SUMIF($C:$C,"61.3x",BD:BD) -> 0 | BE35: =SUMIF($C:$C,"61.3x",BE:BE) -> 0 | BF35: =SUMIF($C:$C,"61.3x",BF:BF) -> 0 | BG35: =SUMIF($C:$C,"61.3x",BG:BG) -> 0 | BH35: =SUMIF($C:$C,"61.3x",BH:BH) -> 0 | BI35: =SUMIF($C:$C,"61.3x",BI:BI) -> 0 | BJ35: =SUMIF($C:$C,"61.3x",BJ:BJ) -> 0 | BK35: =SUMIF($C:$C,"61.3x",BK:BK) -> 0 | BL35: =SUMIF($C:$C,"61.3x",BL:BL) -> 0 | BM35: =SUMIF($C:$C,"61.3x",BM:BM) -> 0 | BN35: =SUMIF($C:$C,"61.3x",BN:BN) -> 0 | BO35: =SUMIF($C:$C,"61.3x",BO:BO) -> 0 | BP35: =SUMIF($C:$C,"61.3x",BP:BP) -> 0 | BQ35: =SUMIF($C:$C,"61.3x",BQ:BQ) -> 0 | BR35: =SUMIF($C:$C,"61.3x",BR:BR) -> 0 | BS35: =SUMIF($C:$C,"61.3x",BS:BS) -> 0 | BT35: =SUMIF($C:$C,"61.3x",BT:BT) -> 0 | BU35: =SUMIF($C:$C,"61.3x",BU:BU) -> 0 | BV35: =SUMIF($C:$C,"61.3x",BV:BV) -> 0 | BW35: =SUMIF($C:$C,"61.3x",BW:BW) -> 0 | BX35: =SUMIF($C:$C,"61.3x",BX:BX) -> 0 | BY35: =SUMIF($C:$C,"61.3x",BY:BY) -> 0 | BZ35: =SUMIF($C:$C,"61.3x",BZ:BZ) -> 0 | CA35: =SUMIF($C:$C,"61.3x",CA:CA) -> 0 | CB35: =SUMIF($C:$C,"61.3x",CB:CB) -> 0 | CC35: =SUMIF($C:$C,"61.3x",CC:CC) -> 0 | CD35: =SUMIF($C:$C,"61.3x",CD:CD) -> 0 | CE35: =SUMIF($C:$C,"61.3x",CE:CE) -> 0 | CF35: =SUMIF($C:$C,"61.3x",CF:CF) -> 0 | CG35: =SUMIF($C:$C,"61.3x",CG:CG) -> 0 | CH35: =SUMIF($C:$C,"61.3x",CH:CH) -> 0 | CI35: =SUMIF($C:$C,"61.3x",CI:CI) -> 0 | CJ35: =SUMIF($C:$C,"61.3x",CJ:CJ) -> 0 | CK35: =SUMIF($C:$C,"61.3x",CK:CK) -> 0 | CL35: =SUMIF($C:$C,"61.3x",CL:CL) -> 0 | CM35: =SUMIF($C:$C,"61.3x",CM:CM) -> 0 | CN35: =SUMIF($C:$C,"61.3x",CN:CN) -> 0 | CO35: =SUMIF($C:$C,"61.3x",CO:CO) -> 0 | CP35: =SUMIF($C:$C,"61.3x",CP:CP) -> 0 | CQ35: =SUMIF($C:$C,"61.3x",CQ:CQ) -> 0 | CR35: =SUMIF($C:$C,"61.3x",CR:CR) -> 0 | CS35: =SUMIF($C:$C,"61.3x",CS:CS) -> 0 | CT35: =SUMIF($C:$C,"61.3x",CT:CT) -> 0 | CU35: =SUMIF($C:$C,"61.3x",CU:CU) -> 0 | CV35: =SUMIF($C:$C,"61.3x",CV:CV) -> 0 | CW35: =SUMIF($C:$C,"61.3x",CW:CW) -> 0 | CX35: =SUMIF($C:$C,"61.3x",CX:CX) -> 0 | CY35: =SUMIF($C:$C,"61.3x",CY:CY) -> 0 | CZ35: =SUMIF($C:$C,"61.3x",CZ:CZ) -> 0 | DA35: =SUMIF($C:$C,"61.3x",DA:DA) -> 0 | DB35: =SUMIF($C:$C,"61.3x",DB:DB) -> 0 | DC35: =SUMIF($C:$C,"61.3x",DC:DC) -> 0 | DD35: =SUMIF($C:$C,"61.3x",DD:DD) -> 0 | DE35: =SUMIF($C:$C,"61.3x",DE:DE) -> 0 | DF35: =SUMIF($C:$C,"61.3x",DF:DF) -> 0 | DG35: =SUMIF($C:$C,"61.3x",DG:DG) -> 0 | DH35: =SUMIF($C:$C,"61.3x",DH:DH) -> 0 | DI35: =SUMIF($C:$C,"61.3x",DI:DI) -> 0 | DJ35: =SUMIF($C:$C,"61.3x",DJ:DJ) -> 0 | DK35: =SUMIF($C:$C,"61.3x",DK:DK) -> 0 | DL35: =SUMIF($C:$C,"61.3x",DL:DL) -> 0 | DM35: =SUMIF($C:$C,"61.3x",DM:DM) -> 0 | DN35: =SUMIF($C:$C,"61.3x",DN:DN) -> 0 | DO35: =SUMIF($C:$C,"61.3x",DO:DO) -> 0 | DP35: =SUMIF($C:$C,"61.3x",DP:DP) -> 0 | DQ35: =SUMIF($C:$C,"61.3x",DQ:DQ) -> 0 | DR35: =SUMIF($C:$C,"61.3x",DR:DR) -> 0 | DS35: =SUMIF($C:$C,"61.3x",DS:DS) -> 0 | DT35: =SUMIF($C:$C,"61.3x",DT:DT) -> 0 | DU35: =SUMIF($C:$C,"61.3x",DU:DU) -> 0 | DV35: =SUMIF($C:$C,"61.3x",DV:DV) -> 0 | DW35: =SUMIF($C:$C,"61.3x",DW:DW) -> 0
B36: 61.4a | C36: Options to change volume delivered to unmeasured households | X36: =SUMIF($C:$C,"61.4x",X:X) -> 0 | Y36: =SUMIF($C:$C,"61.4x",Y:Y) -> 0 | Z36: =SUMIF($C:$C,"61.4x",Z:Z) -> 0 | AA36: =SUMIF($C:$C,"61.4x",AA:AA) -> 0 | AB36: =SUMIF($C:$C,"61.4x",AB:AB) -> 0 | AC36: =SUMIF($C:$C,"61.4x",AC:AC) -> 0 | AD36: =SUMIF($C:$C,"61.4x",AD:AD) -> 0 | AE36: =SUMIF($C:$C,"61.4x",AE:AE) -> 0 | AF36: =SUMIF($C:$C,"61.4x",AF:AF) -> 0 | AG36: =SUMIF($C:$C,"61.4x",AG:AG) -> 0 | AH36: =SUMIF($C:$C,"61.4x",AH:AH) -> 0 | AI36: =SUMIF($C:$C,"61.4x",AI:AI) -> 0 | AJ36: =SUMIF($C:$C,"61.4x",AJ:AJ) -> 0 | AK36: =SUMIF($C:$C,"61.4x",AK:AK) -> 0 | AL36: =SUMIF($C:$C,"61.4x",AL:AL) -> 0 | AM36: =SUMIF($C:$C,"61.4x",AM:AM) -> 0 | AN36: =SUMIF($C:$C,"61.4x",AN:AN) -> 0 | AO36: =SUMIF($C:$C,"61.4x",AO:AO) -> 0 | AP36: =SUMIF($C:$C,"61.4x",AP:AP) -> 0 | AQ36: =SUMIF($C:$C,"61.4x",AQ:AQ) -> 0 | AR36: =SUMIF($C:$C,"61.4x",AR:AR) -> 0 | AS36: =SUMIF($C:$C,"61.4x",AS:AS) -> 0 | AT36: =SUMIF($C:$C,"61.4x",AT:AT) -> 0 | AU36: =SUMIF($C:$C,"61.4x",AU:AU) -> 0 | AV36: =SUMIF($C:$C,"61.4x",AV:AV) -> 0 | AW36: =SUMIF($C:$C,"61.4x",AW:AW) -> 0 | AX36: =SUMIF($C:$C,"61.4x",AX:AX) -> 0 | AY36: =SUMIF($C:$C,"61.4x",AY:AY) -> 0 | AZ36: =SUMIF($C:$C,"61.4x",AZ:AZ) -> 0 | BA36: =SUMIF($C:$C,"61.4x",BA:BA) -> 0 | BB36: =SUMIF($C:$C,"61.4x",BB:BB) -> 0 | BC36: =SUMIF($C:$C,"61.4x",BC:BC) -> 0 | BD36: =SUMIF($C:$C,"61.4x",BD:BD) -> 0 | BE36: =SUMIF($C:$C,"61.4x",BE:BE) -> 0 | BF36: =SUMIF($C:$C,"61.4x",BF:BF) -> 0 | BG36: =SUMIF($C:$C,"61.4x",BG:BG) -> 0 | BH36: =SUMIF($C:$C,"61.4x",BH:BH) -> 0 | BI36: =SUMIF($C:$C,"61.4x",BI:BI) -> 0 | BJ36: =SUMIF($C:$C,"61.4x",BJ:BJ) -> 0 | BK36: =SUMIF($C:$C,"61.4x",BK:BK) -> 0 | BL36: =SUMIF($C:$C,"61.4x",BL:BL) -> 0 | BM36: =SUMIF($C:$C,"61.4x",BM:BM) -> 0 | BN36: =SUMIF($C:$C,"61.4x",BN:BN) -> 0 | BO36: =SUMIF($C:$C,"61.4x",BO:BO) -> 0 | BP36: =SUMIF($C:$C,"61.4x",BP:BP) -> 0 | BQ36: =SUMIF($C:$C,"61.4x",BQ:BQ) -> 0 | BR36: =SUMIF($C:$C,"61.4x",BR:BR) -> 0 | BS36: =SUMIF($C:$C,"61.4x",BS:BS) -> 0 | BT36: =SUMIF($C:$C,"61.4x",BT:BT) -> 0 | BU36: =SUMIF($C:$C,"61.4x",BU:BU) -> 0 | BV36: =SUMIF($C:$C,"61.4x",BV:BV) -> 0 | BW36: =SUMIF($C:$C,"61.4x",BW:BW) -> 0 | BX36: =SUMIF($C:$C,"61.4x",BX:BX) -> 0 | BY36: =SUMIF($C:$C,"61.4x",BY:BY) -> 0 | BZ36: =SUMIF($C:$C,"61.4x",BZ:BZ) -> 0 | CA36: =SUMIF($C:$C,"61.4x",CA:CA) -> 0 | CB36: =SUMIF($C:$C,"61.4x",CB:CB) -> 0 | CC36: =SUMIF($C:$C,"61.4x",CC:CC) -> 0 | CD36: =SUMIF($C:$C,"61.4x",CD:CD) -> 0 | CE36: =SUMIF($C:$C,"61.4x",CE:CE) -> 0 | CF36: =SUMIF($C:$C,"61.4x",CF:CF) -> 0 | CG36: =SUMIF($C:$C,"61.4x",CG:CG) -> 0 | CH36: =SUMIF($C:$C,"61.4x",CH:CH) -> 0 | CI36: =SUMIF($C:$C,"61.4x",CI:CI) -> 0 | CJ36: =SUMIF($C:$C,"61.4x",CJ:CJ) -> 0 | CK36: =SUMIF($C:$C,"61.4x",CK:CK) -> 0 | CL36: =SUMIF($C:$C,"61.4x",CL:CL) -> 0 | CM36: =SUMIF($C:$C,"61.4x",CM:CM) -> 0 | CN36: =SUMIF($C:$C,"61.4x",CN:CN) -> 0 | CO36: =SUMIF($C:$C,"61.4x",CO:CO) -> 0 | CP36: =SUMIF($C:$C,"61.4x",CP:CP) -> 0 | CQ36: =SUMIF($C:$C,"61.4x",CQ:CQ) -> 0 | CR36: =SUMIF($C:$C,"61.4x",CR:CR) -> 0 | CS36: =SUMIF($C:$C,"61.4x",CS:CS) -> 0 | CT36: =SUMIF($C:$C,"61.4x",CT:CT) -> 0 | CU36: =SUMIF($C:$C,"61.4x",CU:CU) -> 0 | CV36: =SUMIF($C:$C,"61.4x",CV:CV) -> 0 | CW36: =SUMIF($C:$C,"61.4x",CW:CW) -> 0 | CX36: =SUMIF($C:$C,"61.4x",CX:CX) -> 0 | CY36: =SUMIF($C:$C,"61.4x",CY:CY) -> 0 | CZ36: =SUMIF($C:$C,"61.4x",CZ:CZ) -> 0 | DA36: =SUMIF($C:$C,"61.4x",DA:DA) -> 0 | DB36: =SUMIF($C:$C,"61.4x",DB:DB) -> 0 | DC36: =SUMIF($C:$C,"61.4x",DC:DC) -> 0 | DD36: =SUMIF($C:$C,"61.4x",DD:DD) -> 0 | DE36: =SUMIF($C:$C,"61.4x",DE:DE) -> 0 | DF36: =SUMIF($C:$C,"61.4x",DF:DF) -> 0 | DG36: =SUMIF($C:$C,"61.4x",DG:DG) -> 0 | DH36: =SUMIF($C:$C,"61.4x",DH:DH) -> 0 | DI36: =SUMIF($C:$C,"61.4x",DI:DI) -> 0 | DJ36: =SUMIF($C:$C,"61.4x",DJ:DJ) -> 0 | DK36: =SUMIF($C:$C,"61.4x",DK:DK) -> 0 | DL36: =SUMIF($C:$C,"61.4x",DL:DL) -> 0 | DM36: =SUMIF($C:$C,"61.4x",DM:DM) -> 0 | DN36: =SUMIF($C:$C,"61.4x",DN:DN) -> 0 | DO36: =SUMIF($C:$C,"61.4x",DO:DO) -> 0 | DP36: =SUMIF($C:$C,"61.4x",DP:DP) -> 0 | DQ36: =SUMIF($C:$C,"61.4x",DQ:DQ) -> 0 | DR36: =SUMIF($C:$C,"61.4x",DR:DR) -> 0 | DS36: =SUMIF($C:$C,"61.4x",DS:DS) -> 0 | DT36: =SUMIF($C:$C,"61.4x",DT:DT) -> 0 | DU36: =SUMIF($C:$C,"61.4x",DU:DU) -> 0 | DV36: =SUMIF($C:$C,"61.4x",DV:DV) -> 0 | DW36: =SUMIF($C:$C,"61.4x",DW:DW) -> 0
B37: 61.5a | C37: Options to reduce water taken unbilled | X37: =SUMIF($C:$C,"61.5x",X:X) -> 0 | Y37: =SUMIF($C:$C,"61.5x",Y:Y) -> 0 | Z37: =SUMIF($C:$C,"61.5x",Z:Z) -> 0 | AA37: =SUMIF($C:$C,"61.5x",AA:AA) -> 0 | AB37: =SUMIF($C:$C,"61.5x",AB:AB) -> 0 | AC37: =SUMIF($C:$C,"61.5x",AC:AC) -> 0 | AD37: =SUMIF($C:$C,"61.5x",AD:AD) -> 0 | AE37: =SUMIF($C:$C,"61.5x",AE:AE) -> 0 | AF37: =SUMIF($C:$C,"61.5x",AF:AF) -> 0 | AG37: =SUMIF($C:$C,"61.5x",AG:AG) -> 0 | AH37: =SUMIF($C:$C,"61.5x",AH:AH) -> 0 | AI37: =SUMIF($C:$C,"61.5x",AI:AI) -> 0 | AJ37: =SUMIF($C:$C,"61.5x",AJ:AJ) -> 0 | AK37: =SUMIF($C:$C,"61.5x",AK:AK) -> 0 | AL37: =SUMIF($C:$C,"61.5x",AL:AL) -> 0 | AM37: =SUMIF($C:$C,"61.5x",AM:AM) -> 0 | AN37: =SUMIF($C:$C,"61.5x",AN:AN) -> 0 | AO37: =SUMIF($C:$C,"61.5x",AO:AO) -> 0 | AP37: =SUMIF($C:$C,"61.5x",AP:AP) -> 0 | AQ37: =SUMIF($C:$C,"61.5x",AQ:AQ) -> 0 | AR37: =SUMIF($C:$C,"61.5x",AR:AR) -> 0 | AS37: =SUMIF($C:$C,"61.5x",AS:AS) -> 0 | AT37: =SUMIF($C:$C,"61.5x",AT:AT) -> 0 | AU37: =SUMIF($C:$C,"61.5x",AU:AU) -> 0 | AV37: =SUMIF($C:$C,"61.5x",AV:AV) -> 0 | AW37: =SUMIF($C:$C,"61.5x",AW:AW) -> 0 | AX37: =SUMIF($C:$C,"61.5x",AX:AX) -> 0 | AY37: =SUMIF($C:$C,"61.5x",AY:AY) -> 0 | AZ37: =SUMIF($C:$C,"61.5x",AZ:AZ) -> 0 | BA37: =SUMIF($C:$C,"61.5x",BA:BA) -> 0 | BB37: =SUMIF($C:$C,"61.5x",BB:BB) -> 0 | BC37: =SUMIF($C:$C,"61.5x",BC:BC) -> 0 | BD37: =SUMIF($C:$C,"61.5x",BD:BD) -> 0 | BE37: =SUMIF($C:$C,"61.5x",BE:BE) -> 0 | BF37: =SUMIF($C:$C,"61.5x",BF:BF) -> 0 | BG37: =SUMIF($C:$C,"61.5x",BG:BG) -> 0 | BH37: =SUMIF($C:$C,"61.5x",BH:BH) -> 0 | BI37: =SUMIF($C:$C,"61.5x",BI:BI) -> 0 | BJ37: =SUMIF($C:$C,"61.5x",BJ:BJ) -> 0 | BK37: =SUMIF($C:$C,"61.5x",BK:BK) -> 0 | BL37: =SUMIF($C:$C,"61.5x",BL:BL) -> 0 | BM37: =SUMIF($C:$C,"61.5x",BM:BM) -> 0 | BN37: =SUMIF($C:$C,"61.5x",BN:BN) -> 0 | BO37: =SUMIF($C:$C,"61.5x",BO:BO) -> 0 | BP37: =SUMIF($C:$C,"61.5x",BP:BP) -> 0 | BQ37: =SUMIF($C:$C,"61.5x",BQ:BQ) -> 0 | BR37: =SUMIF($C:$C,"61.5x",BR:BR) -> 0 | BS37: =SUMIF($C:$C,"61.5x",BS:BS) -> 0 | BT37: =SUMIF($C:$C,"61.5x",BT:BT) -> 0 | BU37: =SUMIF($C:$C,"61.5x",BU:BU) -> 0 | BV37: =SUMIF($C:$C,"61.5x",BV:BV) -> 0 | BW37: =SUMIF($C:$C,"61.5x",BW:BW) -> 0 | BX37: =SUMIF($C:$C,"61.5x",BX:BX) -> 0 | BY37: =SUMIF($C:$C,"61.5x",BY:BY) -> 0 | BZ37: =SUMIF($C:$C,"61.5x",BZ:BZ) -> 0 | CA37: =SUMIF($C:$C,"61.5x",CA:CA) -> 0 | CB37: =SUMIF($C:$C,"61.5x",CB:CB) -> 0 | CC37: =SUMIF($C:$C,"61.5x",CC:CC) -> 0 | CD37: =SUMIF($C:$C,"61.5x",CD:CD) -> 0 | CE37: =SUMIF($C:$C,"61.5x",CE:CE) -> 0 | CF37: =SUMIF($C:$C,"61.5x",CF:CF) -> 0 | CG37: =SUMIF($C:$C,"61.5x",CG:CG) -> 0 | CH37: =SUMIF($C:$C,"61.5x",CH:CH) -> 0 | CI37: =SUMIF($C:$C,"61.5x",CI:CI) -> 0 | CJ37: =SUMIF($C:$C,"61.5x",CJ:CJ) -> 0 | CK37: =SUMIF($C:$C,"61.5x",CK:CK) -> 0 | CL37: =SUMIF($C:$C,"61.5x",CL:CL) -> 0 | CM37: =SUMIF($C:$C,"61.5x",CM:CM) -> 0 | CN37: =SUMIF($C:$C,"61.5x",CN:CN) -> 0 | CO37: =SUMIF($C:$C,"61.5x",CO:CO) -> 0 | CP37: =SUMIF($C:$C,"61.5x",CP:CP) -> 0 | CQ37: =SUMIF($C:$C,"61.5x",CQ:CQ) -> 0 | CR37: =SUMIF($C:$C,"61.5x",CR:CR) -> 0 | CS37: =SUMIF($C:$C,"61.5x",CS:CS) -> 0 | CT37: =SUMIF($C:$C,"61.5x",CT:CT) -> 0 | CU37: =SUMIF($C:$C,"61.5x",CU:CU) -> 0 | CV37: =SUMIF($C:$C,"61.5x",CV:CV) -> 0 | CW37: =SUMIF($C:$C,"61.5x",CW:CW) -> 0 | CX37: =SUMIF($C:$C,"61.5x",CX:CX) -> 0 | CY37: =SUMIF($C:$C,"61.5x",CY:CY) -> 0 | CZ37: =SUMIF($C:$C,"61.5x",CZ:CZ) -> 0 | DA37: =SUMIF($C:$C,"61.5x",DA:DA) -> 0 | DB37: =SUMIF($C:$C,"61.5x",DB:DB) -> 0 | DC37: =SUMIF($C:$C,"61.5x",DC:DC) -> 0 | DD37: =SUMIF($C:$C,"61.5x",DD:DD) -> 0 | DE37: =SUMIF($C:$C,"61.5x",DE:DE) -> 0 | DF37: =SUMIF($C:$C,"61.5x",DF:DF) -> 0 | DG37: =SUMIF($C:$C,"61.5x",DG:DG) -> 0 | DH37: =SUMIF($C:$C,"61.5x",DH:DH) -> 0 | DI37: =SUMIF($C:$C,"61.5x",DI:DI) -> 0 | DJ37: =SUMIF($C:$C,"61.5x",DJ:DJ) -> 0 | DK37: =SUMIF($C:$C,"61.5x",DK:DK) -> 0 | DL37: =SUMIF($C:$C,"61.5x",DL:DL) -> 0 | DM37: =SUMIF($C:$C,"61.5x",DM:DM) -> 0 | DN37: =SUMIF($C:$C,"61.5x",DN:DN) -> 0 | DO37: =SUMIF($C:$C,"61.5x",DO:DO) -> 0 | DP37: =SUMIF($C:$C,"61.5x",DP:DP) -> 0 | DQ37: =SUMIF($C:$C,"61.5x",DQ:DQ) -> 0 | DR37: =SUMIF($C:$C,"61.5x",DR:DR) -> 0 | DS37: =SUMIF($C:$C,"61.5x",DS:DS) -> 0 | DT37: =SUMIF($C:$C,"61.5x",DT:DT) -> 0 | DU37: =SUMIF($C:$C,"61.5x",DU:DU) -> 0 | DV37: =SUMIF($C:$C,"61.5x",DV:DV) -> 0 | DW37: =SUMIF($C:$C,"61.5x",DW:DW) -> 0
B38: 61.6a | C38: Options impacting on measured Non Household - USPL | X38: =SUMIF($C:$C,"61.6x",X:X) -> 0 | Y38: =SUMIF($C:$C,"61.6x",Y:Y) -> 0 | Z38: =SUMIF($C:$C,"61.6x",Z:Z) -> 0 | AA38: =SUMIF($C:$C,"61.6x",AA:AA) -> 0 | AB38: =SUMIF($C:$C,"61.6x",AB:AB) -> 0 | AC38: =SUMIF($C:$C,"61.6x",AC:AC) -> 0 | AD38: =SUMIF($C:$C,"61.6x",AD:AD) -> 0 | AE38: =SUMIF($C:$C,"61.6x",AE:AE) -> 0 | AF38: =SUMIF($C:$C,"61.6x",AF:AF) -> 0 | AG38: =SUMIF($C:$C,"61.6x",AG:AG) -> 0 | AH38: =SUMIF($C:$C,"61.6x",AH:AH) -> 0 | AI38: =SUMIF($C:$C,"61.6x",AI:AI) -> 0 | AJ38: =SUMIF($C:$C,"61.6x",AJ:AJ) -> 0 | AK38: =SUMIF($C:$C,"61.6x",AK:AK) -> 0 | AL38: =SUMIF($C:$C,"61.6x",AL:AL) -> 0 | AM38: =SUMIF($C:$C,"61.6x",AM:AM) -> 0 | AN38: =SUMIF($C:$C,"61.6x",AN:AN) -> 0 | AO38: =SUMIF($C:$C,"61.6x",AO:AO) -> 0 | AP38: =SUMIF($C:$C,"61.6x",AP:AP) -> 0 | AQ38: =SUMIF($C:$C,"61.6x",AQ:AQ) -> 0 | AR38: =SUMIF($C:$C,"61.6x",AR:AR) -> 0 | AS38: =SUMIF($C:$C,"61.6x",AS:AS) -> 0 | AT38: =SUMIF($C:$C,"61.6x",AT:AT) -> 0 | AU38: =SUMIF($C:$C,"61.6x",AU:AU) -> 0 | AV38: =SUMIF($C:$C,"61.6x",AV:AV) -> 0 | AW38: =SUMIF($C:$C,"61.6x",AW:AW) -> 0 | AX38: =SUMIF($C:$C,"61.6x",AX:AX) -> 0 | AY38: =SUMIF($C:$C,"61.6x",AY:AY) -> 0 | AZ38: =SUMIF($C:$C,"61.6x",AZ:AZ) -> 0 | BA38: =SUMIF($C:$C,"61.6x",BA:BA) -> 0 | BB38: =SUMIF($C:$C,"61.6x",BB:BB) -> 0 | BC38: =SUMIF($C:$C,"61.6x",BC:BC) -> 0 | BD38: =SUMIF($C:$C,"61.6x",BD:BD) -> 0 | BE38: =SUMIF($C:$C,"61.6x",BE:BE) -> 0 | BF38: =SUMIF($C:$C,"61.6x",BF:BF) -> 0 | BG38: =SUMIF($C:$C,"61.6x",BG:BG) -> 0 | BH38: =SUMIF($C:$C,"61.6x",BH:BH) -> 0 | BI38: =SUMIF($C:$C,"61.6x",BI:BI) -> 0 | BJ38: =SUMIF($C:$C,"61.6x",BJ:BJ) -> 0 | BK38: =SUMIF($C:$C,"61.6x",BK:BK) -> 0 | BL38: =SUMIF($C:$C,"61.6x",BL:BL) -> 0 | BM38: =SUMIF($C:$C,"61.6x",BM:BM) -> 0 | BN38: =SUMIF($C:$C,"61.6x",BN:BN) -> 0 | BO38: =SUMIF($C:$C,"61.6x",BO:BO) -> 0 | BP38: =SUMIF($C:$C,"61.6x",BP:BP) -> 0 | BQ38: =SUMIF($C:$C,"61.6x",BQ:BQ) -> 0 | BR38: =SUMIF($C:$C,"61.6x",BR:BR) -> 0 | BS38: =SUMIF($C:$C,"61.6x",BS:BS) -> 0 | BT38: =SUMIF($C:$C,"61.6x",BT:BT) -> 0 | BU38: =SUMIF($C:$C,"61.6x",BU:BU) -> 0 | BV38: =SUMIF($C:$C,"61.6x",BV:BV) -> 0 | BW38: =SUMIF($C:$C,"61.6x",BW:BW) -> 0 | BX38: =SUMIF($C:$C,"61.6x",BX:BX) -> 0 | BY38: =SUMIF($C:$C,"61.6x",BY:BY) -> 0 | BZ38: =SUMIF($C:$C,"61.6x",BZ:BZ) -> 0 | CA38: =SUMIF($C:$C,"61.6x",CA:CA) -> 0 | CB38: =SUMIF($C:$C,"61.6x",CB:CB) -> 0 | CC38: =SUMIF($C:$C,"61.6x",CC:CC) -> 0 | CD38: =SUMIF($C:$C,"61.6x",CD:CD) -> 0 | CE38: =SUMIF($C:$C,"61.6x",CE:CE) -> 0 | CF38: =SUMIF($C:$C,"61.6x",CF:CF) -> 0 | CG38: =SUMIF($C:$C,"61.6x",CG:CG) -> 0 | CH38: =SUMIF($C:$C,"61.6x",CH:CH) -> 0 | CI38: =SUMIF($C:$C,"61.6x",CI:CI) -> 0 | CJ38: =SUMIF($C:$C,"61.6x",CJ:CJ) -> 0 | CK38: =SUMIF($C:$C,"61.6x",CK:CK) -> 0 | CL38: =SUMIF($C:$C,"61.6x",CL:CL) -> 0 | CM38: =SUMIF($C:$C,"61.6x",CM:CM) -> 0 | CN38: =SUMIF($C:$C,"61.6x",CN:CN) -> 0 | CO38: =SUMIF($C:$C,"61.6x",CO:CO) -> 0 | CP38: =SUMIF($C:$C,"61.6x",CP:CP) -> 0 | CQ38: =SUMIF($C:$C,"61.6x",CQ:CQ) -> 0 | CR38: =SUMIF($C:$C,"61.6x",CR:CR) -> 0 | CS38: =SUMIF($C:$C,"61.6x",CS:CS) -> 0 | CT38: =SUMIF($C:$C,"61.6x",CT:CT) -> 0 | CU38: =SUMIF($C:$C,"61.6x",CU:CU) -> 0 | CV38: =SUMIF($C:$C,"61.6x",CV:CV) -> 0 | CW38: =SUMIF($C:$C,"61.6x",CW:CW) -> 0 | CX38: =SUMIF($C:$C,"61.6x",CX:CX) -> 0 | CY38: =SUMIF($C:$C,"61.6x",CY:CY) -> 0 | CZ38: =SUMIF($C:$C,"61.6x",CZ:CZ) -> 0 | DA38: =SUMIF($C:$C,"61.6x",DA:DA) -> 0 | DB38: =SUMIF($C:$C,"61.6x",DB:DB) -> 0 | DC38: =SUMIF($C:$C,"61.6x",DC:DC) -> 0 | DD38: =SUMIF($C:$C,"61.6x",DD:DD) -> 0 | DE38: =SUMIF($C:$C,"61.6x",DE:DE) -> 0 | DF38: =SUMIF($C:$C,"61.6x",DF:DF) -> 0 | DG38: =SUMIF($C:$C,"61.6x",DG:DG) -> 0 | DH38: =SUMIF($C:$C,"61.6x",DH:DH) -> 0 | DI38: =SUMIF($C:$C,"61.6x",DI:DI) -> 0 | DJ38: =SUMIF($C:$C,"61.6x",DJ:DJ) -> 0 | DK38: =SUMIF($C:$C,"61.6x",DK:DK) -> 0 | DL38: =SUMIF($C:$C,"61.6x",DL:DL) -> 0 | DM38: =SUMIF($C:$C,"61.6x",DM:DM) -> 0 | DN38: =SUMIF($C:$C,"61.6x",DN:DN) -> 0 | DO38: =SUMIF($C:$C,"61.6x",DO:DO) -> 0 | DP38: =SUMIF($C:$C,"61.6x",DP:DP) -> 0 | DQ38: =SUMIF($C:$C,"61.6x",DQ:DQ) -> 0 | DR38: =SUMIF($C:$C,"61.6x",DR:DR) -> 0 | DS38: =SUMIF($C:$C,"61.6x",DS:DS) -> 0 | DT38: =SUMIF($C:$C,"61.6x",DT:DT) -> 0 | DU38: =SUMIF($C:$C,"61.6x",DU:DU) -> 0 | DV38: =SUMIF($C:$C,"61.6x",DV:DV) -> 0 | DW38: =SUMIF($C:$C,"61.6x",DW:DW) -> 0
B39: 61.7a | C39: Options impacting on unmeasured Non Household - USPL | X39: =SUMIF($C:$C,"61.7x",X:X) -> 0 | Y39: =SUMIF($C:$C,"61.7x",Y:Y) -> 0 | Z39: =SUMIF($C:$C,"61.7x",Z:Z) -> 0 | AA39: =SUMIF($C:$C,"61.7x",AA:AA) -> 0 | AB39: =SUMIF($C:$C,"61.7x",AB:AB) -> 0 | AC39: =SUMIF($C:$C,"61.7x",AC:AC) -> 0 | AD39: =SUMIF($C:$C,"61.7x",AD:AD) -> 0 | AE39: =SUMIF($C:$C,"61.7x",AE:AE) -> 0 | AF39: =SUMIF($C:$C,"61.7x",AF:AF) -> 0 | AG39: =SUMIF($C:$C,"61.7x",AG:AG) -> 0 | AH39: =SUMIF($C:$C,"61.7x",AH:AH) -> 0 | AI39: =SUMIF($C:$C,"61.7x",AI:AI) -> 0 | AJ39: =SUMIF($C:$C,"61.7x",AJ:AJ) -> 0 | AK39: =SUMIF($C:$C,"61.7x",AK:AK) -> 0 | AL39: =SUMIF($C:$C,"61.7x",AL:AL) -> 0 | AM39: =SUMIF($C:$C,"61.7x",AM:AM) -> 0 | AN39: =SUMIF($C:$C,"61.7x",AN:AN) -> 0 | AO39: =SUMIF($C:$C,"61.7x",AO:AO) -> 0 | AP39: =SUMIF($C:$C,"61.7x",AP:AP) -> 0 | AQ39: =SUMIF($C:$C,"61.7x",AQ:AQ) -> 0 | AR39: =SUMIF($C:$C,"61.7x",AR:AR) -> 0 | AS39: =SUMIF($C:$C,"61.7x",AS:AS) -> 0 | AT39: =SUMIF($C:$C,"61.7x",AT:AT) -> 0 | AU39: =SUMIF($C:$C,"61.7x",AU:AU) -> 0 | AV39: =SUMIF($C:$C,"61.7x",AV:AV) -> 0 | AW39: =SUMIF($C:$C,"61.7x",AW:AW) -> 0 | AX39: =SUMIF($C:$C,"61.7x",AX:AX) -> 0 | AY39: =SUMIF($C:$C,"61.7x",AY:AY) -> 0 | AZ39: =SUMIF($C:$C,"61.7x",AZ:AZ) -> 0 | BA39: =SUMIF($C:$C,"61.7x",BA:BA) -> 0 | BB39: =SUMIF($C:$C,"61.7x",BB:BB) -> 0 | BC39: =SUMIF($C:$C,"61.7x",BC:BC) -> 0 | BD39: =SUMIF($C:$C,"61.7x",BD:BD) -> 0 | BE39: =SUMIF($C:$C,"61.7x",BE:BE) -> 0 | BF39: =SUMIF($C:$C,"61.7x",BF:BF) -> 0 | BG39: =SUMIF($C:$C,"61.7x",BG:BG) -> 0 | BH39: =SUMIF($C:$C,"61.7x",BH:BH) -> 0 | BI39: =SUMIF($C:$C,"61.7x",BI:BI) -> 0 | BJ39: =SUMIF($C:$C,"61.7x",BJ:BJ) -> 0 | BK39: =SUMIF($C:$C,"61.7x",BK:BK) -> 0 | BL39: =SUMIF($C:$C,"61.7x",BL:BL) -> 0 | BM39: =SUMIF($C:$C,"61.7x",BM:BM) -> 0 | BN39: =SUMIF($C:$C,"61.7x",BN:BN) -> 0 | BO39: =SUMIF($C:$C,"61.7x",BO:BO) -> 0 | BP39: =SUMIF($C:$C,"61.7x",BP:BP) -> 0 | BQ39: =SUMIF($C:$C,"61.7x",BQ:BQ) -> 0 | BR39: =SUMIF($C:$C,"61.7x",BR:BR) -> 0 | BS39: =SUMIF($C:$C,"61.7x",BS:BS) -> 0 | BT39: =SUMIF($C:$C,"61.7x",BT:BT) -> 0 | BU39: =SUMIF($C:$C,"61.7x",BU:BU) -> 0 | BV39: =SUMIF($C:$C,"61.7x",BV:BV) -> 0 | BW39: =SUMIF($C:$C,"61.7x",BW:BW) -> 0 | BX39: =SUMIF($C:$C,"61.7x",BX:BX) -> 0 | BY39: =SUMIF($C:$C,"61.7x",BY:BY) -> 0 | BZ39: =SUMIF($C:$C,"61.7x",BZ:BZ) -> 0 | CA39: =SUMIF($C:$C,"61.7x",CA:CA) -> 0 | CB39: =SUMIF($C:$C,"61.7x",CB:CB) -> 0 | CC39: =SUMIF($C:$C,"61.7x",CC:CC) -> 0 | CD39: =SUMIF($C:$C,"61.7x",CD:CD) -> 0 | CE39: =SUMIF($C:$C,"61.7x",CE:CE) -> 0 | CF39: =SUMIF($C:$C,"61.7x",CF:CF) -> 0 | CG39: =SUMIF($C:$C,"61.7x",CG:CG) -> 0 | CH39: =SUMIF($C:$C,"61.7x",CH:CH) -> 0 | CI39: =SUMIF($C:$C,"61.7x",CI:CI) -> 0 | CJ39: =SUMIF($C:$C,"61.7x",CJ:CJ) -> 0 | CK39: =SUMIF($C:$C,"61.7x",CK:CK) -> 0 | CL39: =SUMIF($C:$C,"61.7x",CL:CL) -> 0 | CM39: =SUMIF($C:$C,"61.7x",CM:CM) -> 0 | CN39: =SUMIF($C:$C,"61.7x",CN:CN) -> 0 | CO39: =SUMIF($C:$C,"61.7x",CO:CO) -> 0 | CP39: =SUMIF($C:$C,"61.7x",CP:CP) -> 0 | CQ39: =SUMIF($C:$C,"61.7x",CQ:CQ) -> 0 | CR39: =SUMIF($C:$C,"61.7x",CR:CR) -> 0 | CS39: =SUMIF($C:$C,"61.7x",CS:CS) -> 0 | CT39: =SUMIF($C:$C,"61.7x",CT:CT) -> 0 | CU39: =SUMIF($C:$C,"61.7x",CU:CU) -> 0 | CV39: =SUMIF($C:$C,"61.7x",CV:CV) -> 0 | CW39: =SUMIF($C:$C,"61.7x",CW:CW) -> 0 | CX39: =SUMIF($C:$C,"61.7x",CX:CX) -> 0 | CY39: =SUMIF($C:$C,"61.7x",CY:CY) -> 0 | CZ39: =SUMIF($C:$C,"61.7x",CZ:CZ) -> 0 | DA39: =SUMIF($C:$C,"61.7x",DA:DA) -> 0 | DB39: =SUMIF($C:$C,"61.7x",DB:DB) -> 0 | DC39: =SUMIF($C:$C,"61.7x",DC:DC) -> 0 | DD39: =SUMIF($C:$C,"61.7x",DD:DD) -> 0 | DE39: =SUMIF($C:$C,"61.7x",DE:DE) -> 0 | DF39: =SUMIF($C:$C,"61.7x",DF:DF) -> 0 | DG39: =SUMIF($C:$C,"61.7x",DG:DG) -> 0 | DH39: =SUMIF($C:$C,"61.7x",DH:DH) -> 0 | DI39: =SUMIF($C:$C,"61.7x",DI:DI) -> 0 | DJ39: =SUMIF($C:$C,"61.7x",DJ:DJ) -> 0 | DK39: =SUMIF($C:$C,"61.7x",DK:DK) -> 0 | DL39: =SUMIF($C:$C,"61.7x",DL:DL) -> 0 | DM39: =SUMIF($C:$C,"61.7x",DM:DM) -> 0 | DN39: =SUMIF($C:$C,"61.7x",DN:DN) -> 0 | DO39: =SUMIF($C:$C,"61.7x",DO:DO) -> 0 | DP39: =SUMIF($C:$C,"61.7x",DP:DP) -> 0 | DQ39: =SUMIF($C:$C,"61.7x",DQ:DQ) -> 0 | DR39: =SUMIF($C:$C,"61.7x",DR:DR) -> 0 | DS39: =SUMIF($C:$C,"61.7x",DS:DS) -> 0 | DT39: =SUMIF($C:$C,"61.7x",DT:DT) -> 0 | DU39: =SUMIF($C:$C,"61.7x",DU:DU) -> 0 | DV39: =SUMIF($C:$C,"61.7x",DV:DV) -> 0 | DW39: =SUMIF($C:$C,"61.7x",DW:DW) -> 0
B40: 61.8a | C40: Options impacting on measured Household - USPL | X40: =SUMIF($C:$C,"61.8x",X:X) -> 0 | Y40: =SUMIF($C:$C,"61.8x",Y:Y) -> 0 | Z40: =SUMIF($C:$C,"61.8x",Z:Z) -> 0 | AA40: =SUMIF($C:$C,"61.8x",AA:AA) -> 0 | AB40: =SUMIF($C:$C,"61.8x",AB:AB) -> 0 | AC40: =SUMIF($C:$C,"61.8x",AC:AC) -> 0 | AD40: =SUMIF($C:$C,"61.8x",AD:AD) -> 0 | AE40: =SUMIF($C:$C,"61.8x",AE:AE) -> 0 | AF40: =SUMIF($C:$C,"61.8x",AF:AF) -> 0 | AG40: =SUMIF($C:$C,"61.8x",AG:AG) -> 0 | AH40: =SUMIF($C:$C,"61.8x",AH:AH) -> 0 | AI40: =SUMIF($C:$C,"61.8x",AI:AI) -> 0 | AJ40: =SUMIF($C:$C,"61.8x",AJ:AJ) -> 0 | AK40: =SUMIF($C:$C,"61.8x",AK:AK) -> 0 | AL40: =SUMIF($C:$C,"61.8x",AL:AL) -> 0 | AM40: =SUMIF($C:$C,"61.8x",AM:AM) -> 0 | AN40: =SUMIF($C:$C,"61.8x",AN:AN) -> 0 | AO40: =SUMIF($C:$C,"61.8x",AO:AO) -> 0 | AP40: =SUMIF($C:$C,"61.8x",AP:AP) -> 0 | AQ40: =SUMIF($C:$C,"61.8x",AQ:AQ) -> 0 | AR40: =SUMIF($C:$C,"61.8x",AR:AR) -> 0 | AS40: =SUMIF($C:$C,"61.8x",AS:AS) -> 0 | AT40: =SUMIF($C:$C,"61.8x",AT:AT) -> 0 | AU40: =SUMIF($C:$C,"61.8x",AU:AU) -> 0 | AV40: =SUMIF($C:$C,"61.8x",AV:AV) -> 0 | AW40: =SUMIF($C:$C,"61.8x",AW:AW) -> 0 | AX40: =SUMIF($C:$C,"61.8x",AX:AX) -> 0 | AY40: =SUMIF($C:$C,"61.8x",AY:AY) -> 0 | AZ40: =SUMIF($C:$C,"61.8x",AZ:AZ) -> 0 | BA40: =SUMIF($C:$C,"61.8x",BA:BA) -> 0 | BB40: =SUMIF($C:$C,"61.8x",BB:BB) -> 0 | BC40: =SUMIF($C:$C,"61.8x",BC:BC) -> 0 | BD40: =SUMIF($C:$C,"61.8x",BD:BD) -> 0 | BE40: =SUMIF($C:$C,"61.8x",BE:BE) -> 0 | BF40: =SUMIF($C:$C,"61.8x",BF:BF) -> 0 | BG40: =SUMIF($C:$C,"61.8x",BG:BG) -> 0 | BH40: =SUMIF($C:$C,"61.8x",BH:BH) -> 0 | BI40: =SUMIF($C:$C,"61.8x",BI:BI) -> 0 | BJ40: =SUMIF($C:$C,"61.8x",BJ:BJ) -> 0 | BK40: =SUMIF($C:$C,"61.8x",BK:BK) -> 0 | BL40: =SUMIF($C:$C,"61.8x",BL:BL) -> 0 | BM40: =SUMIF($C:$C,"61.8x",BM:BM) -> 0 | BN40: =SUMIF($C:$C,"61.8x",BN:BN) -> 0 | BO40: =SUMIF($C:$C,"61.8x",BO:BO) -> 0 | BP40: =SUMIF($C:$C,"61.8x",BP:BP) -> 0 | BQ40: =SUMIF($C:$C,"61.8x",BQ:BQ) -> 0 | BR40: =SUMIF($C:$C,"61.8x",BR:BR) -> 0 | BS40: =SUMIF($C:$C,"61.8x",BS:BS) -> 0 | BT40: =SUMIF($C:$C,"61.8x",BT:BT) -> 0 | BU40: =SUMIF($C:$C,"61.8x",BU:BU) -> 0 | BV40: =SUMIF($C:$C,"61.8x",BV:BV) -> 0 | BW40: =SUMIF($C:$C,"61.8x",BW:BW) -> 0 | BX40: =SUMIF($C:$C,"61.8x",BX:BX) -> 0 | BY40: =SUMIF($C:$C,"61.8x",BY:BY) -> 0 | BZ40: =SUMIF($C:$C,"61.8x",BZ:BZ) -> 0 | CA40: =SUMIF($C:$C,"61.8x",CA:CA) -> 0 | CB40: =SUMIF($C:$C,"61.8x",CB:CB) -> 0 | CC40: =SUMIF($C:$C,"61.8x",CC:CC) -> 0 | CD40: =SUMIF($C:$C,"61.8x",CD:CD) -> 0 | CE40: =SUMIF($C:$C,"61.8x",CE:CE) -> 0 | CF40: =SUMIF($C:$C,"61.8x",CF:CF) -> 0 | CG40: =SUMIF($C:$C,"61.8x",CG:CG) -> 0 | CH40: =SUMIF($C:$C,"61.8x",CH:CH) -> 0 | CI40: =SUMIF($C:$C,"61.8x",CI:CI) -> 0 | CJ40: =SUMIF($C:$C,"61.8x",CJ:CJ) -> 0 | CK40: =SUMIF($C:$C,"61.8x",CK:CK) -> 0 | CL40: =SUMIF($C:$C,"61.8x",CL:CL) -> 0 | CM40: =SUMIF($C:$C,"61.8x",CM:CM) -> 0 | CN40: =SUMIF($C:$C,"61.8x",CN:CN) -> 0 | CO40: =SUMIF($C:$C,"61.8x",CO:CO) -> 0 | CP40: =SUMIF($C:$C,"61.8x",CP:CP) -> 0 | CQ40: =SUMIF($C:$C,"61.8x",CQ:CQ) -> 0 | CR40: =SUMIF($C:$C,"61.8x",CR:CR) -> 0 | CS40: =SUMIF($C:$C,"61.8x",CS:CS) -> 0 | CT40: =SUMIF($C:$C,"61.8x",CT:CT) -> 0 | CU40: =SUMIF($C:$C,"61.8x",CU:CU) -> 0 | CV40: =SUMIF($C:$C,"61.8x",CV:CV) -> 0 | CW40: =SUMIF($C:$C,"61.8x",CW:CW) -> 0 | CX40: =SUMIF($C:$C,"61.8x",CX:CX) -> 0 | CY40: =SUMIF($C:$C,"61.8x",CY:CY) -> 0 | CZ40: =SUMIF($C:$C,"61.8x",CZ:CZ) -> 0 | DA40: =SUMIF($C:$C,"61.8x",DA:DA) -> 0 | DB40: =SUMIF($C:$C,"61.8x",DB:DB) -> 0 | DC40: =SUMIF($C:$C,"61.8x",DC:DC) -> 0 | DD40: =SUMIF($C:$C,"61.8x",DD:DD) -> 0 | DE40: =SUMIF($C:$C,"61.8x",DE:DE) -> 0 | DF40: =SUMIF($C:$C,"61.8x",DF:DF) -> 0 | DG40: =SUMIF($C:$C,"61.8x",DG:DG) -> 0 | DH40: =SUMIF($C:$C,"61.8x",DH:DH) -> 0 | DI40: =SUMIF($C:$C,"61.8x",DI:DI) -> 0 | DJ40: =SUMIF($C:$C,"61.8x",DJ:DJ) -> 0 | DK40: =SUMIF($C:$C,"61.8x",DK:DK) -> 0 | DL40: =SUMIF($C:$C,"61.8x",DL:DL) -> 0 | DM40: =SUMIF($C:$C,"61.8x",DM:DM) -> 0 | DN40: =SUMIF($C:$C,"61.8x",DN:DN) -> 0 | DO40: =SUMIF($C:$C,"61.8x",DO:DO) -> 0 | DP40: =SUMIF($C:$C,"61.8x",DP:DP) -> 0 | DQ40: =SUMIF($C:$C,"61.8x",DQ:DQ) -> 0 | DR40: =SUMIF($C:$C,"61.8x",DR:DR) -> 0 | DS40: =SUMIF($C:$C,"61.8x",DS:DS) -> 0 | DT40: =SUMIF($C:$C,"61.8x",DT:DT) -> 0 | DU40: =SUMIF($C:$C,"61.8x",DU:DU) -> 0 | DV40: =SUMIF($C:$C,"61.8x",DV:DV) -> 0 | DW40: =SUMIF($C:$C,"61.8x",DW:DW) -> 0
B41: 61.9a | C41: Options impacting on unmeasured Household - USPL | X41: =SUMIF($C:$C,"61.9x",X:X) -> 0 | Y41: =SUMIF($C:$C,"61.9x",Y:Y) -> 0 | Z41: =SUMIF($C:$C,"61.9x",Z:Z) -> 0 | AA41: =SUMIF($C:$C,"61.9x",AA:AA) -> 0 | AB41: =SUMIF($C:$C,"61.9x",AB:AB) -> 0 | AC41: =SUMIF($C:$C,"61.9x",AC:AC) -> 0 | AD41: =SUMIF($C:$C,"61.9x",AD:AD) -> 0 | AE41: =SUMIF($C:$C,"61.9x",AE:AE) -> 0 | AF41: =SUMIF($C:$C,"61.9x",AF:AF) -> 0 | AG41: =SUMIF($C:$C,"61.9x",AG:AG) -> 0 | AH41: =SUMIF($C:$C,"61.9x",AH:AH) -> 0 | AI41: =SUMIF($C:$C,"61.9x",AI:AI) -> 0 | AJ41: =SUMIF($C:$C,"61.9x",AJ:AJ) -> 0 | AK41: =SUMIF($C:$C,"61.9x",AK:AK) -> 0 | AL41: =SUMIF($C:$C,"61.9x",AL:AL) -> 0 | AM41: =SUMIF($C:$C,"61.9x",AM:AM) -> 0 | AN41: =SUMIF($C:$C,"61.9x",AN:AN) -> 0 | AO41: =SUMIF($C:$C,"61.9x",AO:AO) -> 0 | AP41: =SUMIF($C:$C,"61.9x",AP:AP) -> 0 | AQ41: =SUMIF($C:$C,"61.9x",AQ:AQ) -> 0 | AR41: =SUMIF($C:$C,"61.9x",AR:AR) -> 0 | AS41: =SUMIF($C:$C,"61.9x",AS:AS) -> 0 | AT41: =SUMIF($C:$C,"61.9x",AT:AT) -> 0 | AU41: =SUMIF($C:$C,"61.9x",AU:AU) -> 0 | AV41: =SUMIF($C:$C,"61.9x",AV:AV) -> 0 | AW41: =SUMIF($C:$C,"61.9x",AW:AW) -> 0 | AX41: =SUMIF($C:$C,"61.9x",AX:AX) -> 0 | AY41: =SUMIF($C:$C,"61.9x",AY:AY) -> 0 | AZ41: =SUMIF($C:$C,"61.9x",AZ:AZ) -> 0 | BA41: =SUMIF($C:$C,"61.9x",BA:BA) -> 0 | BB41: =SUMIF($C:$C,"61.9x",BB:BB) -> 0 | BC41: =SUMIF($C:$C,"61.9x",BC:BC) -> 0 | BD41: =SUMIF($C:$C,"61.9x",BD:BD) -> 0 | BE41: =SUMIF($C:$C,"61.9x",BE:BE) -> 0 | BF41: =SUMIF($C:$C,"61.9x",BF:BF) -> 0 | BG41: =SUMIF($C:$C,"61.9x",BG:BG) -> 0 | BH41: =SUMIF($C:$C,"61.9x",BH:BH) -> 0 | BI41: =SUMIF($C:$C,"61.9x",BI:BI) -> 0 | BJ41: =SUMIF($C:$C,"61.9x",BJ:BJ) -> 0 | BK41: =SUMIF($C:$C,"61.9x",BK:BK) -> 0 | BL41: =SUMIF($C:$C,"61.9x",BL:BL) -> 0 | BM41: =SUMIF($C:$C,"61.9x",BM:BM) -> 0 | BN41: =SUMIF($C:$C,"61.9x",BN:BN) -> 0 | BO41: =SUMIF($C:$C,"61.9x",BO:BO) -> 0 | BP41: =SUMIF($C:$C,"61.9x",BP:BP) -> 0 | BQ41: =SUMIF($C:$C,"61.9x",BQ:BQ) -> 0 | BR41: =SUMIF($C:$C,"61.9x",BR:BR) -> 0 | BS41: =SUMIF($C:$C,"61.9x",BS:BS) -> 0 | BT41: =SUMIF($C:$C,"61.9x",BT:BT) -> 0 | BU41: =SUMIF($C:$C,"61.9x",BU:BU) -> 0 | BV41: =SUMIF($C:$C,"61.9x",BV:BV) -> 0 | BW41: =SUMIF($C:$C,"61.9x",BW:BW) -> 0 | BX41: =SUMIF($C:$C,"61.9x",BX:BX) -> 0 | BY41: =SUMIF($C:$C,"61.9x",BY:BY) -> 0 | BZ41: =SUMIF($C:$C,"61.9x",BZ:BZ) -> 0 | CA41: =SUMIF($C:$C,"61.9x",CA:CA) -> 0 | CB41: =SUMIF($C:$C,"61.9x",CB:CB) -> 0 | CC41: =SUMIF($C:$C,"61.9x",CC:CC) -> 0 | CD41: =SUMIF($C:$C,"61.9x",CD:CD) -> 0 | CE41: =SUMIF($C:$C,"61.9x",CE:CE) -> 0 | CF41: =SUMIF($C:$C,"61.9x",CF:CF) -> 0 | CG41: =SUMIF($C:$C,"61.9x",CG:CG) -> 0 | CH41: =SUMIF($C:$C,"61.9x",CH:CH) -> 0 | CI41: =SUMIF($C:$C,"61.9x",CI:CI) -> 0 | CJ41: =SUMIF($C:$C,"61.9x",CJ:CJ) -> 0 | CK41: =SUMIF($C:$C,"61.9x",CK:CK) -> 0 | CL41: =SUMIF($C:$C,"61.9x",CL:CL) -> 0 | CM41: =SUMIF($C:$C,"61.9x",CM:CM) -> 0 | CN41: =SUMIF($C:$C,"61.9x",CN:CN) -> 0 | CO41: =SUMIF($C:$C,"61.9x",CO:CO) -> 0 | CP41: =SUMIF($C:$C,"61.9x",CP:CP) -> 0 | CQ41: =SUMIF($C:$C,"61.9x",CQ:CQ) -> 0 | CR41: =SUMIF($C:$C,"61.9x",CR:CR) -> 0 | CS41: =SUMIF($C:$C,"61.9x",CS:CS) -> 0 | CT41: =SUMIF($C:$C,"61.9x",CT:CT) -> 0 | CU41: =SUMIF($C:$C,"61.9x",CU:CU) -> 0 | CV41: =SUMIF($C:$C,"61.9x",CV:CV) -> 0 | CW41: =SUMIF($C:$C,"61.9x",CW:CW) -> 0 | CX41: =SUMIF($C:$C,"61.9x",CX:CX) -> 0 | CY41: =SUMIF($C:$C,"61.9x",CY:CY) -> 0 | CZ41: =SUMIF($C:$C,"61.9x",CZ:CZ) -> 0 | DA41: =SUMIF($C:$C,"61.9x",DA:DA) -> 0 | DB41: =SUMIF($C:$C,"61.9x",DB:DB) -> 0 | DC41: =SUMIF($C:$C,"61.9x",DC:DC) -> 0 | DD41: =SUMIF($C:$C,"61.9x",DD:DD) -> 0 | DE41: =SUMIF($C:$C,"61.9x",DE:DE) -> 0 | DF41: =SUMIF($C:$C,"61.9x",DF:DF) -> 0 | DG41: =SUMIF($C:$C,"61.9x",DG:DG) -> 0 | DH41: =SUMIF($C:$C,"61.9x",DH:DH) -> 0 | DI41: =SUMIF($C:$C,"61.9x",DI:DI) -> 0 | DJ41: =SUMIF($C:$C,"61.9x",DJ:DJ) -> 0 | DK41: =SUMIF($C:$C,"61.9x",DK:DK) -> 0 | DL41: =SUMIF($C:$C,"61.9x",DL:DL) -> 0 | DM41: =SUMIF($C:$C,"61.9x",DM:DM) -> 0 | DN41: =SUMIF($C:$C,"61.9x",DN:DN) -> 0 | DO41: =SUMIF($C:$C,"61.9x",DO:DO) -> 0 | DP41: =SUMIF($C:$C,"61.9x",DP:DP) -> 0 | DQ41: =SUMIF($C:$C,"61.9x",DQ:DQ) -> 0 | DR41: =SUMIF($C:$C,"61.9x",DR:DR) -> 0 | DS41: =SUMIF($C:$C,"61.9x",DS:DS) -> 0 | DT41: =SUMIF($C:$C,"61.9x",DT:DT) -> 0 | DU41: =SUMIF($C:$C,"61.9x",DU:DU) -> 0 | DV41: =SUMIF($C:$C,"61.9x",DV:DV) -> 0 | DW41: =SUMIF($C:$C,"61.9x",DW:DW) -> 0
B42: 61.10a | C42: Options impacting on Void properties - USPL | X42: =SUMIF($C:$C,"61.10x",X:X) -> 0 | Y42: =SUMIF($C:$C,"61.10x",Y:Y) -> 0 | Z42: =SUMIF($C:$C,"61.10x",Z:Z) -> 0 | AA42: =SUMIF($C:$C,"61.10x",AA:AA) -> 0 | AB42: =SUMIF($C:$C,"61.10x",AB:AB) -> 0 | AC42: =SUMIF($C:$C,"61.10x",AC:AC) -> 0 | AD42: =SUMIF($C:$C,"61.10x",AD:AD) -> 0 | AE42: =SUMIF($C:$C,"61.10x",AE:AE) -> 0 | AF42: =SUMIF($C:$C,"61.10x",AF:AF) -> 0 | AG42: =SUMIF($C:$C,"61.10x",AG:AG) -> 0 | AH42: =SUMIF($C:$C,"61.10x",AH:AH) -> 0 | AI42: =SUMIF($C:$C,"61.10x",AI:AI) -> 0 | AJ42: =SUMIF($C:$C,"61.10x",AJ:AJ) -> 0 | AK42: =SUMIF($C:$C,"61.10x",AK:AK) -> 0 | AL42: =SUMIF($C:$C,"61.10x",AL:AL) -> 0 | AM42: =SUMIF($C:$C,"61.10x",AM:AM) -> 0 | AN42: =SUMIF($C:$C,"61.10x",AN:AN) -> 0 | AO42: =SUMIF($C:$C,"61.10x",AO:AO) -> 0 | AP42: =SUMIF($C:$C,"61.10x",AP:AP) -> 0 | AQ42: =SUMIF($C:$C,"61.10x",AQ:AQ) -> 0 | AR42: =SUMIF($C:$C,"61.10x",AR:AR) -> 0 | AS42: =SUMIF($C:$C,"61.10x",AS:AS) -> 0 | AT42: =SUMIF($C:$C,"61.10x",AT:AT) -> 0 | AU42: =SUMIF($C:$C,"61.10x",AU:AU) -> 0 | AV42: =SUMIF($C:$C,"61.10x",AV:AV) -> 0 | AW42: =SUMIF($C:$C,"61.10x",AW:AW) -> 0 | AX42: =SUMIF($C:$C,"61.10x",AX:AX) -> 0 | AY42: =SUMIF($C:$C,"61.10x",AY:AY) -> 0 | AZ42: =SUMIF($C:$C,"61.10x",AZ:AZ) -> 0 | BA42: =SUMIF($C:$C,"61.10x",BA:BA) -> 0 | BB42: =SUMIF($C:$C,"61.10x",BB:BB) -> 0 | BC42: =SUMIF($C:$C,"61.10x",BC:BC) -> 0 | BD42: =SUMIF($C:$C,"61.10x",BD:BD) -> 0 | BE42: =SUMIF($C:$C,"61.10x",BE:BE) -> 0 | BF42: =SUMIF($C:$C,"61.10x",BF:BF) -> 0 | BG42: =SUMIF($C:$C,"61.10x",BG:BG) -> 0 | BH42: =SUMIF($C:$C,"61.10x",BH:BH) -> 0 | BI42: =SUMIF($C:$C,"61.10x",BI:BI) -> 0 | BJ42: =SUMIF($C:$C,"61.10x",BJ:BJ) -> 0 | BK42: =SUMIF($C:$C,"61.10x",BK:BK) -> 0 | BL42: =SUMIF($C:$C,"61.10x",BL:BL) -> 0 | BM42: =SUMIF($C:$C,"61.10x",BM:BM) -> 0 | BN42: =SUMIF($C:$C,"61.10x",BN:BN) -> 0 | BO42: =SUMIF($C:$C,"61.10x",BO:BO) -> 0 | BP42: =SUMIF($C:$C,"61.10x",BP:BP) -> 0 | BQ42: =SUMIF($C:$C,"61.10x",BQ:BQ) -> 0 | BR42: =SUMIF($C:$C,"61.10x",BR:BR) -> 0 | BS42: =SUMIF($C:$C,"61.10x",BS:BS) -> 0 | BT42: =SUMIF($C:$C,"61.10x",BT:BT) -> 0 | BU42: =SUMIF($C:$C,"61.10x",BU:BU) -> 0 | BV42: =SUMIF($C:$C,"61.10x",BV:BV) -> 0 | BW42: =SUMIF($C:$C,"61.10x",BW:BW) -> 0 | BX42: =SUMIF($C:$C,"61.10x",BX:BX) -> 0 | BY42: =SUMIF($C:$C,"61.10x",BY:BY) -> 0 | BZ42: =SUMIF($C:$C,"61.10x",BZ:BZ) -> 0 | CA42: =SUMIF($C:$C,"61.10x",CA:CA) -> 0 | CB42: =SUMIF($C:$C,"61.10x",CB:CB) -> 0 | CC42: =SUMIF($C:$C,"61.10x",CC:CC) -> 0 | CD42: =SUMIF($C:$C,"61.10x",CD:CD) -> 0 | CE42: =SUMIF($C:$C,"61.10x",CE:CE) -> 0 | CF42: =SUMIF($C:$C,"61.10x",CF:CF) -> 0 | CG42: =SUMIF($C:$C,"61.10x",CG:CG) -> 0 | CH42: =SUMIF($C:$C,"61.10x",CH:CH) -> 0 | CI42: =SUMIF($C:$C,"61.10x",CI:CI) -> 0 | CJ42: =SUMIF($C:$C,"61.10x",CJ:CJ) -> 0 | CK42: =SUMIF($C:$C,"61.10x",CK:CK) -> 0 | CL42: =SUMIF($C:$C,"61.10x",CL:CL) -> 0 | CM42: =SUMIF($C:$C,"61.10x",CM:CM) -> 0 | CN42: =SUMIF($C:$C,"61.10x",CN:CN) -> 0 | CO42: =SUMIF($C:$C,"61.10x",CO:CO) -> 0 | CP42: =SUMIF($C:$C,"61.10x",CP:CP) -> 0 | CQ42: =SUMIF($C:$C,"61.10x",CQ:CQ) -> 0 | CR42: =SUMIF($C:$C,"61.10x",CR:CR) -> 0 | CS42: =SUMIF($C:$C,"61.10x",CS:CS) -> 0 | CT42: =SUMIF($C:$C,"61.10x",CT:CT) -> 0 | CU42: =SUMIF($C:$C,"61.10x",CU:CU) -> 0 | CV42: =SUMIF($C:$C,"61.10x",CV:CV) -> 0 | CW42: =SUMIF($C:$C,"61.10x",CW:CW) -> 0 | CX42: =SUMIF($C:$C,"61.10x",CX:CX) -> 0 | CY42: =SUMIF($C:$C,"61.10x",CY:CY) -> 0 | CZ42: =SUMIF($C:$C,"61.10x",CZ:CZ) -> 0 | DA42: =SUMIF($C:$C,"61.10x",DA:DA) -> 0 | DB42: =SUMIF($C:$C,"61.10x",DB:DB) -> 0 | DC42: =SUMIF($C:$C,"61.10x",DC:DC) -> 0 | DD42: =SUMIF($C:$C,"61.10x",DD:DD) -> 0 | DE42: =SUMIF($C:$C,"61.10x",DE:DE) -> 0 | DF42: =SUMIF($C:$C,"61.10x",DF:DF) -> 0 | DG42: =SUMIF($C:$C,"61.10x",DG:DG) -> 0 | DH42: =SUMIF($C:$C,"61.10x",DH:DH) -> 0 | DI42: =SUMIF($C:$C,"61.10x",DI:DI) -> 0 | DJ42: =SUMIF($C:$C,"61.10x",DJ:DJ) -> 0 | DK42: =SUMIF($C:$C,"61.10x",DK:DK) -> 0 | DL42: =SUMIF($C:$C,"61.10x",DL:DL) -> 0 | DM42: =SUMIF($C:$C,"61.10x",DM:DM) -> 0 | DN42: =SUMIF($C:$C,"61.10x",DN:DN) -> 0 | DO42: =SUMIF($C:$C,"61.10x",DO:DO) -> 0 | DP42: =SUMIF($C:$C,"61.10x",DP:DP) -> 0 | DQ42: =SUMIF($C:$C,"61.10x",DQ:DQ) -> 0 | DR42: =SUMIF($C:$C,"61.10x",DR:DR) -> 0 | DS42: =SUMIF($C:$C,"61.10x",DS:DS) -> 0 | DT42: =SUMIF($C:$C,"61.10x",DT:DT) -> 0 | DU42: =SUMIF($C:$C,"61.10x",DU:DU) -> 0 | DV42: =SUMIF($C:$C,"61.10x",DV:DV) -> 0 | DW42: =SUMIF($C:$C,"61.10x",DW:DW) -> 0
P44: RZCOSTSHERE
C51: ='TITLE PAGE'!B9 -> Company: | D51: ='TITLE PAGE'!D9 -> Dŵr Cymru Welsh Water
C52: ='TITLE PAGE'!B10 -> Resource Zone Name: | D52: ='TITLE PAGE'!D10 -> Lleyn Harlech
C53: ='TITLE PAGE'!B11 -> Resource Zone Number: | D53: ='TITLE PAGE'!D11 -> 8034
C54: ='TITLE PAGE'!B12 -> Planning Scenario Name: | D54: ='TITLE PAGE'!D12 -> Dry Year Annual Average
C55: ='TITLE PAGE'!B13 -> Chosen Level of Service: | D55: ='TITLE PAGE'!D13 -> 1 in 20
B60: Start dates | C60: Option Categories
B61: 2020-21 | C61: Aquifer recharge
B62: 2021-22 | C62: Bulk supply
B63: 2022-23 | C63: Conjunctive use
B64: 2023-24 | C64: Desalination
B65: 2024-25 | C65: Effluent reuse
B66: 2025-26 | C66: GW enhancement
B67: 2026-27 | C67: GW new
B68: 2027-28 | C68: Reservoir enlargement
B69: 2028-29 | C69: New reservoir
B70: 2029-30 | C70: SW enhancement
B71: 2030-31 | C71: SW new
B72: 2031-32
B73: 2032-33
B74: 2033-34 | C74: Active leakage management
B75: 2034-35 | C75: Mains repair
B76: 2035-36 | C76: Mains replacement (not trunk mains)
B77: 2036-37 | C77: Pressure management
B78: 2037-38 | C78: Other leakage control
B79: 2038-39 | C79: Trunk mains renewal
B80: 2039-40 | C80: Pumps
B81: 2040-41 | C81: Service reservoir
B82: 2041-42
B83: 2042-43
B84: 2043-44 | C84: Water treatment works loss recovery
B85: 2044-45 | C85: Water treatment works capacity increase
C88: Cistern displacement device
C89: Household water audit
C90: Commercial water audit
C91: Customer education / awareness
C92: Other water efficiency
C93: Metering optants
C94: Metering change of occupancy
C95: Metering compulsory
C96: Metering other selective
C97: Supply pipe repairs / replacement
C98: Outdoor water efficiency devices
C99: Retrofitting indoor water efficiency devices
... C101: Collaborative R&D

Sheet 6. Preferred (Scenario Yr)
B1: Table 6: Preferred list of water management options
H2: DRY YEAR PLANNED GAINS IN WAFU OR SAVINGS IN DEMAND (Ml/d) - TO BE COMPLETED FOR ALL PREFERRED OPTIONS (WAFU gains for each year are individual year gains and not cumulative gains)
B3: Row Ref | C3: Option Name [Insert / delete non-numbered lines to suit] | D3: Option Reference No. | F3: Unit | G3: Decimal places | H3: ='TITLE PAGE'!D14 -> 2015-16 | I3: ='WRZ summary'!E5 -> For info 2017-18 | J3: ='WRZ summary'!F5 -> For info 2018-19 | K3: ='WRZ summary'!G5 -> For info 2019-20 | L3: ='WRZ summary'!H5 -> 2020-21 | M3: ='WRZ summary'!I5 -> 2021-22 | N3: ='WRZ summary'!J5 -> 2022-23 | O3: ='WRZ summary'!K5 -> 2023-24 | P3: ='WRZ summary'!L5 -> 2024-25 | ... AJ3: ='WRZ summary'!AF5 -> 2044-45
B4: 58 | C4: Resource Management | D4: - | F4: Ml/d | G4: 2 | H4: =SUM(H5,H8,H11,-H14,-H18,-H21,-H24,H27) -> 0 | I4: =SUM(I5,I8,I11,-I14,-I18,-I21,-I24,I27) -> 0 | J4: =SUM(J5,J8,J11,-J14,-J18,-J21,-J24,J27) -> 0 | K4: =SUM(K5,K8,K11,-K14,-K18,-K21,-K24,K27) -> 0 | L4: =SUM(L5,L8,L11,-L14,-L18,-L21,-L24,L27) -> 0 | M4: =SUM(M5,M8,M11,-M14,-M18,-M21,-M24,M27) -> 0 | N4: =SUM(N5,N8,N11,-N14,-N18,-N21,-N24,N27) -> 0 | O4: =SUM(O5,O8,O11,-O14,-O18,-O21,-O24,O27) -> 0 | ... AJ4: =SUM(AJ5,AJ8,AJ11,-AJ14,-AJ18,-AJ21,-AJ24,AJ27) -> 0
B5: =B4+0.1 -> 58.1 | C5: Increase raw water abstractions | D5: - | F5: Ml/d | G5: 2 | H5: =SUM(H6:H7) -> 0 | I5: =SUM(I6:I7) -> 0 | J5: =SUM(J6:J7) -> 0 | K5: =SUM(K6:K7) -> 0 | L5: =SUM(L6:L7) -> 0 | M5: =SUM(M6:M7) -> 0 | N5: =SUM(N6:N7) -> 0 | O5: =SUM(O6:O7) -> 0 | ... AJ5: =SUM(AJ6:AJ7) -> 0
B6: - | F6: Ml/d | G6: 2
B7: - | C7: (insert row above) | D7: - | F7: - | H7: - | I7: - | J7: - | K7: - | L7: - | M7: - | N7: - | O7: - | P7: - | Q7: - | R7: - | S7: - | T7: - | U7: - | V7: - | W7: - | X7: - | Y7: - | Z7: - | AA7: - | AB7: - | AC7: - | AD7: - | AE7: - | AF7: - | AG7: - | AH7: - | AI7: - | AJ7: -
B8: =B5+0.1 -> 58.2 | C8: Raw water imports | D8: - | F8: Ml/d | G8: 2 | H8: =SUM(H9:H10) -> 0 | I8: =SUM(I9:I10) -> 0 | J8: =SUM(J9:J10) -> 0 | K8: =SUM(K9:K10) -> 0 | L8: =SUM(L9:L10) -> 0 | M8: =SUM(M9:M10) -> 0 | N8: =SUM(N9:N10) -> 0 | O8: =SUM(O9:O10) -> 0 | ... AJ8: =SUM(AJ9:AJ10) -> 0
B9: - | F9: Ml/d | G9: 2
B10: - | C10: (insert row above) | D10: - | F10: - | H10: - | I10: - | J10: - | K10: - | L10: - | M10: - | N10: - | O10: - | P10: - | Q10: - | R10: - | S10: - | T10: - | U10: - | V10: - | W10: - | X10: - | Y10: - | Z10: - | AA10: - | AB10: - | AC10: - | AD10: - | AE10: - | AF10: - | AG10: - | AH10: - | AI10: - | AJ10: -
B11: =B8+0.1 -> 58.3 | C11: Potable water Imports (input reductions as -ve) | D11: - | F11: Ml/d | G11: 2 | H11: =SUM(H12:H13) -> 0 | I11: =SUM(I12:I13) -> 0 | J11: =SUM(J12:J13) -> 0 | K11: =SUM(K12:K13) -> 0 | L11: =SUM(L12:L13) -> 0 | M11: =SUM(M12:M13) -> 0 | N11: =SUM(N12:N13) -> 0 | O11: =SUM(O12:O13) -> 0 | ... AJ11: =SUM(AJ12:AJ13) -> 0
B12: - | F12: Ml/d | G12: 2
B13: - | C13: (insert row above) | D13: - | F13: - | H13: - | I13: - | J13: - | K13: - | L13: - | M13: - | N13: - | O13: - | P13: - | Q13: - | R13: - | S13: - | T13: - | U13: - | V13: - | W13: - | X13: - | Y13: - | Z13: - | AA13: - | AB13: - | AC13: - | AD13: - | AE13: - | AF13: - | AG13: - | AH13: - | AI13: - | AJ13: -
B14: =B11+0.1 -> 58.4 | C14: Reduce raw water losses and operational use (input as -ve) | D14: - | F14: Ml/d | G14: 2 | H14: =SUM(H15:H16) -> 0 | I14: =SUM(I15:I16) -> 0 | J14: =SUM(J15:J16) -> 0 | K14: =SUM(K15:K16) -> 0 | L14: =SUM(L15:L16) -> 0 | M14: =SUM(M15:M16) -> 0 | N14: =SUM(N15:N16) -> 0 | O14: =SUM(O15:O16) -> 0 | ... AJ14: =SUM(AJ15:AJ16) -> 0
B15: - | F15: Ml/d | G15: 2
B16: - | C16: (insert row above) | D16: - | F16: - | H16: - | I16: - | J16: - | K16: - | L16: - | M16: - | N16: - | O16: - | P16: - | Q16: - | R16: - | S16: - | T16: - | U16: - | V16: - | W16: - | X16: - | Y16: - | Z16: - | AA16: - | AB16: - | AC16: - | AD16: - | AE16: - | AF16: - | AG16: - | AH16: - | AI16: - | AJ16: -
B17: =B14+0.1 -> 58.5 | C17: Reduced raw water export (including non potable supplies) | F17: Ml/d | G17: 2 | H17: =SUM(H18+H21) -> 0 | I17: =SUM(I18+I21) -> 0 | J17: =SUM(J18+J21) -> 0 | K17: =SUM(K18+K21) -> 0 | L17: =SUM(L18+L21) -> 0 | M17: =SUM(M18+M21) -> 0 | N17: =SUM(N18+N21) -> 0 | O17: =SUM(O18+O21) -> 0 | ... AJ17: =SUM(AJ18+AJ21) -> 0
B18: =B17+0.01 -> 58.51 | C18: Reduce raw water exports (input as -ve) | D18: - | F18: Ml/d | G18: 2 | H18: =SUM(H19:H20) -> 0 | I18: =SUM(I19:I20) -> 0 | J18: =SUM(J19:J20) -> 0 | K18: =SUM(K19:K20) -> 0 | L18: =SUM(L19:L20) -> 0 | M18: =SUM(M19:M20) -> 0 | N18: =SUM(N19:N20) -> 0 | O18: =SUM(O19:O20) -> 0 | ... AJ18: =SUM(AJ19:AJ20) -> 0
B19: - | F19: Ml/d | G19: 2
B20: - | C20: (insert row above) | D20: - | F20: - | H20: - | I20: - | J20: - | K20: - | L20: - | M20: - | N20: - | O20: - | P20: - | Q20: - | R20: - | S20: - | T20: - | U20: - | V20: - | W20: - | X20: - | Y20: - | Z20: - | AA20: - | AB20: - | AC20: - | AD20: - | AE20: - | AF20: - | AG20: - | AH20: - | AI20: - | AJ20: -
B21: =B18+0.01 -> 58.52 | C21: Reduce non potable supplies (input as -ve) | D21: - | F21: Ml/d | G21: 2 | H21: =SUM(H22:H23) -> 0 | I21: =SUM(I22:I23) -> 0 | J21: =SUM(J22:J23) -> 0 | K21: =SUM(K22:K23) -> 0 | L21: =SUM(L22:L23) -> 0 | M21: =SUM(M22:M23) -> 0 | N21: =SUM(N22:N23) -> 0 | O21: =SUM(O22:O23) -> 0 | ... AJ21: =SUM(AJ22:AJ23) -> 0
B22: - | F22: Ml/d | G22: 2
B23: - | C23: (insert row above) | D23: - | F23: - | H23: - | I23: - | J23: - | K23: - | L23: - | M23: - | N23: - | O23: - | P23: - | Q23: - | R23: - | S23: - | T23: - | U23: - | V23: - | W23: - | X23: - | Y23: - | Z23: - | AA23: - | AB23: - | AC23: - | AD23: - | AE23: - | AF23: - | AG23: - | AH23: - | AI23: - | AJ23: -
B24: =B17+0.1 -> 58.6 | C24: Reduce potable water exports (input as -ve) | D24: - | F24: Ml/d | H24: =SUM(H25:H26) -> 0 | I24: =SUM(I25:I26) -> 0 | J24: =SUM(J25:J26) -> 0 | K24: =SUM(K25:K26) -> 0 | L24: =SUM(L25:L26) -> 0 | M24: =SUM(M25:M26) -> 0 | N24: =SUM(N25:N26) -> 0 | O24: =SUM(O25:O26) -> 0 | ... AJ24: =SUM(AJ25:AJ26) -> 0
B25: - | F25: Ml/d | G25: 2
B26: - | C26: (insert row above) | D26: - | F26: - | H26: - | I26: - | J26: - | K26: - | L26: - | M26: - | N26: - | O26: - | P26: - | Q26: - | R26: - | S26: - | T26: - | U26: - | V26: - | W26: - | X26: - | Y26: - | Z26: - | AA26: - | AB26: - | AC26: - | AD26: - | AE26: - | AF26: - | AG26: - | AH26: - | AI26: - | AJ26: -
B27: =B24+0.1 -> 58.7 | C27: Other options to increase deployable output | D27: - | F27: Ml/d | H27: =SUM(H28:H29) -> 0 | I27: =SUM(I28:I29) -> 0 | J27: =SUM(J28:J29) -> 0 | K27: =SUM(K28:K29) -> 0 | L27: =SUM(L28:L29) -> 0 | M27: =SUM(M28:M29) -> 0 | N27: =SUM(N28:N29) -> 0 | O27: =SUM(O28:O29) -> 0 | ... AJ27: =SUM(AJ28:AJ29) -> 0
B28: - | F28: Ml/d | G28: 2
B29: - | C29: (insert row above) | D29: - | F29: - | H29: - | I29: - | J29: - | K29: - | L29: - | M29: - | N29: - | O29: - | P29: - | Q29: - | R29: - | S29: - | T29: - | U29: - | V29: - | W29: - | X29: - | Y29: - | Z29: - | AA29: - | AB29: - | AC29: - | AD29: - | AE29: - | AF29: - | AG29: - | AH29: - | AI29: - | AJ29: -
B30: =B4+1 -> 59 | C30: Distribution Side Management | D30: - | H30: =SUM(H31,H34) -> 0 | I30: =SUM(I31,I34) -> 0 | J30: =SUM(J31,J34) -> 0 | K30: =SUM(K31,K34) -> 0 | L30: =SUM(L31,L34) -> 0 | M30: =SUM(M31,M34) -> 0 | N30: =SUM(N31,N34) -> 0 | O30: =SUM(O31,O34) -> 0 | ... AJ30: =SUM(AJ31,AJ34) -> 0
B31: =B30+0.1 -> 59.1 | C31: Reduce distribution losses (input as -ve) | D31: - | F31: Ml/d | G31: 2 | H31: =SUM(H32:H33) -> 0 | I31: =SUM(I32:I33) -> 0 | J31: =SUM(J32:J33) -> 0 | K31: =SUM(K32:K33) -> 0 | L31: =SUM(L32:L33) -> 0 | M31: =SUM(M32:M33) -> 0 | N31: =SUM(N32:N33) -> 0 | O31: =SUM(O32:O33) -> 0 | ... AJ31: =SUM(AJ32:AJ33) -> 0
F32: Ml/d | G32: 2
B33: - | C33: (insert row above) | D33: - | F33: - | H33: - | I33: - | J33: - | K33: - | L33: - | M33: - | N33: - | O33: - | P33: - | Q33: - | R33: - | S33: - | T33: - | U33: - | V33: - | W33: - | X33: - | Y33: - | Z33: - | AA33: - | AB33: - | AC33: - | AD33: - | AE33: - | AF33: - | AG33: - | AH33: - | AI33: - | AJ33: -
B34: =B31+0.1 -> 59.2 | C34: Reduce distribution system operational use (DSOU) (input as -ve) | D34: - | F34: Ml/d | G34: 2 | H34: =SUM(H35:H36) -> 0 | I34: =SUM(I35:I36) -> 0 | J34: =SUM(J35:J36) -> 0 | K34: =SUM(K35:K36) -> 0 | L34: =SUM(L35:L36) -> 0 | M34: =SUM(M35:M36) -> 0 | N34: =SUM(N35:N36) -> 0 | O34: =SUM(O35:O36) -> 0 | ... AJ34: =SUM(AJ35:AJ36) -> 0
B35: - | F35: Ml/d | G35: 2
B36: - | C36: (insert row above) | D36: - | F36: - | H36: - | I36: - | J36: - | K36: - | L36: - | M36: - | N36: - | O36: - | P36: - | Q36: - | R36: - | S36: - | T36: - | U36: - | V36: - | W36: - | X36: - | Y36: - | Z36: - | AA36: - | AB36: - | AC36: - | AD36: - | AE36: - | AF36: - | AG36: - | AH36: - | AI36: - | AJ36: -
B37: =B30+1 -> 60 | C37: Production Side Management, Specify Below.... | D37: - | G37: 2 | H37: =SUM(H38,H41) -> 0 | I37: =SUM(I38,I41) -> 0 | J37: =SUM(J38,J41) -> 0 | K37: =SUM(K38,K41) -> 0 | L37: =SUM(L38,L41) -> 0 | M37: =SUM(M38,M41) -> 0 | N37: =SUM(N38,N41) -> 0 | O37: =SUM(O38,O41) -> 0 | ... AJ37: =SUM(AJ38,AJ41) -> 0
B38: =B37+0.1 -> 60.1 | C38: Reduce treatment works losses (input as -ve) | D38: - | F38: Ml/d | G38: 2 | H38: =SUM(H39:H40) -> 0 | I38: =SUM(I39:I40) -> 0 | J38: =SUM(J39:J40) -> 0 | K38: =SUM(K39:K40) -> 0 | L38: =SUM(L39:L40) -> 0 | M38: =SUM(M39:M40) -> 0 | N38: =SUM(N39:N40) -> 0 | O38: =SUM(O39:O40) -> 0 | ... AJ38: =SUM(AJ39:AJ40) -> 0
B39: - | F39: Ml/d | G39: 2
B40: - | C40: (insert row above) | D40: - | F40: - | H40: - | I40: - | J40: - | K40: - | L40: - | M40: - | N40: - | O40: - | P40: - | Q40: - | R40: - | S40: - | T40: - | U40: - | V40: - | W40: - | X40: - | Y40: - | Z40: - | AA40: - | AB40: - | AC40: - | AD40: - | AE40: - | AF40: - | AG40: - | AH40: - | AI40: - | AJ40: -
B41: =B38+0.1 -> 60.2 | C41: Reduce outages (input as -ve) | D41: - | F41: Ml/d | G41: 2 | H41: =SUM(H42:H43) -> 0 | I41: =SUM(I42:I43) -> 0 | J41: =SUM(J42:J43) -> 0 | K41: =SUM(K42:K43) -> 0 | L41: =SUM(L42:L43) -> 0 | M41: =SUM(M42:M43) -> 0 | N41: =SUM(N42:N43) -> 0 | O41: =SUM(O42:O43) -> 0 | ... AJ41: =SUM(AJ42:AJ43) -> 0
B42: - | F42: Ml/d | G42: 2
B43: - | C43: (insert row above) | D43: - | F43: - | H43: - | I43: - | J43: - | K43: - | L43: - | M43: - | N43: - | O43: - | P43: - | Q43: - | R43: - | S43: - | T43: - | U43: - | V43: - | W43: - | X43: - | Y43: - | Z43: - | AA43: - | AB43: - | AC43: - | AD43: - | AE43: - | AF43: - | AG43: - | AH43: - | AI43: - | AJ43: -
B44: =B37+1 -> 61 | C44: Customer Side Management | D44: - | G44: 2 | H44: =SUM(H45+H48+H51+H54+H57+H60+H63+H66+H69+H72) -> 0 | I44: =SUM(I45+I48+I51+I54+I57+I60+I63+I66+I69+I72) -> 0 | J44: =SUM(J45+J48+J51+J54+J57+J60+J63+J66+J69+J72) -> 0 | K44: =SUM(K45+K48+K51+K54+K57+K60+K63+K66+K69+K72) -> 0 | L44: =SUM(L45+L48+L51+L54+L57+L60+L63+L66+L69+L72) -> 0 | M44: =SUM(M45+M48+M51+M54+M57+M60+M63+M66+M69+M72) -> 0 | N44: =SUM(N45+N48+N51+N54+N57+N60+N63+N66+N69+N72) -> 0 | O44: =SUM(O45+O48+O51+O54+O57+O60+O63+O66+O69+O72) -> 0 | ... AJ44: =SUM(AJ45+AJ48+AJ51+AJ54+AJ57+AJ60+AJ63+AJ66+AJ69+AJ72) -> 0
B45: =B44+0.1 -> 61.1 | C45: Change volume delivered to measured non households (input reductions as -ve) | D45: - | F45: Ml/d | G45: 2 | H45: =SUM(H46:H47) -> 0 | I45: =SUM(I46:I47) -> 0 | J45: =SUM(J46:J47) -> 0 | K45: =SUM(K46:K47) -> 0 | L45: =SUM(L46:L47) -> 0 | M45: =SUM(M46:M47) -> 0 | N45: =SUM(N46:N47) -> 0 | O45: =SUM(O46:O47) -> 0 | ... AJ45: =SUM(AJ46:AJ47) -> 0
B46: - | F46: Ml/d | G46: 2
B47: - | C47: (insert row above) | D47: - | F47: - | H47: - | I47: - | J47: - | K47: - | L47: - | M47: - | N47: - | O47: - | P47: - | Q47: - | R47: - | S47: - | T47: - | U47: - | V47: - | W47: - | X47: - | Y47: - | Z47: - | AA47: - | AB47: - | AC47: - | AD47: - | AE47: - | AF47: - | AG47: - | AH47: - | AI47: - | AJ47: -
B48: =B45+0.1 -> 61.2 | C48: Change volume delivered to unmeasured non households (input reductions as -ve) | D48: - | F48: Ml/d | G48: 2 | H48: =SUM(H49:H50) -> 0 | I48: =SUM(I49:I50) -> 0 | J48: =SUM(J49:J50) -> 0 | K48: =SUM(K49:K50) -> 0 | L48: =SUM(L49:L50) -> 0 | M48: =SUM(M49:M50) -> 0 | N48: =SUM(N49:N50) -> 0 | O48: =SUM(O49:O50) -> 0 | ... AJ48: =SUM(AJ49:AJ50) -> 0
B49: - | F49: Ml/d | G49: 2
B50: - | C50: (insert row above) | D50: - | F50: - | H50: - | I50: - | J50: - | K50: - | L50: - | M50: - | N50: - | O50: - | P50: - | Q50: - | R50: - | S50: - | T50: - | U50: - | V50: - | W50: - | X50: - | Y50: - | Z50: - | AA50: - | AB50: - | AC50: - | AD50: - | AE50: - | AF50: - | AG50: - | AH50: - | AI50: - | AJ50: -
B51: =B48+0.1 -> 61.3 | C51: Change volume delivered to measured households (input reductions as -ve) | D51: - | F51: Ml/d | G51: 2 | H51: =SUM(H52:H53) -> 0 | I51: =SUM(I52:I53) -> 0 | J51: =SUM(J52:J53) -> 0 | K51: =SUM(K52:K53) -> 0 | L51: =SUM(L52:L53) -> 0 | M51: =SUM(M52:M53) -> 0 | N51: =SUM(N52:N53) -> 0 | O51: =SUM(O52:O53) -> 0 | ... AJ51: =SUM(AJ52:AJ53) -> 0
F52: Ml/d | G52: 2
B53: - | C53: (insert row above) | D53: - | F53: - | H53: - | I53: - | J53: - | K53: - | L53: - | M53: - | N53: - | O53: - | P53: - | Q53: - | R53: - | S53: - | T53: - | U53: - | V53: - | W53: - | X53: - | Y53: - | Z53: - | AA53: - | AB53: - | AC53: - | AD53: - | AE53: - | AF53: - | AG53: - | AH53: - | AI53: - | AJ53: -
B54: =B51+0.1 -> 61.4 | C54: Change volume delivered to unmeasured households (input reductions as -ve) | D54: - | F54: Ml/d | G54: 2 | H54: =SUM(H55:H56) -> 0 | I54: =SUM(I55:I56) -> 0 | J54: =SUM(J55:J56) -> 0 | K54: =SUM(K55:K56) -> 0 | L54: =SUM(L55:L56) -> 0 | M54: =SUM(M55:M56) -> 0 | N54: =SUM(N55:N56) -> 0 | O54: =SUM(O55:O56) -> 0 | ... AJ54: =SUM(AJ55:AJ56) -> 0
B55: - | F55: Ml/d | G55: 2
B56: - | C56: (insert row above) | D56: - | F56: - | H56: - | I56: - | J56: - | K56: - | L56: - | M56: - | N56: - | O56: - | P56: - | Q56: - | R56: - | S56: - | T56: - | U56: - | V56: - | W56: - | X56: - | Y56: - | Z56: - | AA56: - | AB56: - | AC56: - | AD56: - | AE56: - | AF56: - | AG56: - | AH56: - | AI56: - | AJ56: -
B57: =B54+0.1 -> 61.5 | C57: Options to reduce water taken unbilled (input as -ve) | D57: - | F57: Ml/d | G57: 2 | H57: =SUM(H58:H59) -> 0 | I57: =SUM(I58:I59) -> 0 | J57: =SUM(J58:J59) -> 0 | K57: =SUM(K58:K59) -> 0 | L57: =SUM(L58:L59) -> 0 | M57: =SUM(M58:M59) -> 0 | N57: =SUM(N58:N59) -> 0 | O57: =SUM(O58:O59) -> 0 | ... AJ57: =SUM(AJ58:AJ59) -> 0
B58: - | F58: Ml/d | G58: 2
B59: - | C59: (insert row above) | D59: - | F59: - | H59: - | I59: - | J59: - | K59: - | L59: - | M59: - | N59: - | O59: - | P59: - | Q59: - | R59: - | S59: - | T59: - | U59: - | V59: - | W59: - | X59: - | Y59: - | Z59: - | AA59: - | AB59: - | AC59: - | AD59: - | AE59: - | AF59: - | AG59: - | AH59: - | AI59: - | AJ59: -
B60: =B57+0.1 -> 61.6 | C60: Options impacting on measured Non Household - USPL (input reductions as -ve) | F60: l/pr | G60: 2 | H60: =SUM(H61:H62) -> 0 | I60: =SUM(I61:I62) -> 0 | J60: =SUM(J61:J62) -> 0 | K60: =SUM(K61:K62) -> 0 | L60: =SUM(L61:L62) -> 0 | M60: =SUM(M61:M62) -> 0 | N60: =SUM(N61:N62) -> 0 | O60: =SUM(O61:O62) -> 0 | ... AJ60: =SUM(AJ61:AJ62) -> 0
B61: - | F61: Ml/d | G61: 2
B62: - | C62: (insert row above) | D62: - | F62: - | H62: - | I62: - | J62: - | K62: - | L62: - | M62: - | N62: - | O62: - | P62: - | Q62: - | R62: - | S62: - | T62: - | U62: - | V62: - | W62: - | X62: - | Y62: - | Z62: - | AA62: - | AB62: - | AC62: - | AD62: - | AE62: - | AF62: - | AG62: - | AH62: - | AI62: - | AJ62: -
B63: =B60+0.1 -> 61.7 | C63: Options impacting on unmeasured Non Household - USPL (input reductions as -ve) | F63: l/pr | G63: 2 | H63: =SUM(H64:H65) -> 0 | I63: =SUM(I64:I65) -> 0 | J63: =SUM(J64:J65) -> 0 | K63: =SUM(K64:K65) -> 0 | L63: =SUM(L64:L65) -> 0 | M63: =SUM(M64:M65) -> 0 | N63: =SUM(N64:N65) -> 0 | O63: =SUM(O64:O65) -> 0 | ... AJ63: =SUM(AJ64:AJ65) -> 0
B64: - | F64: Ml/d | G64: 2
B65: - | C65: (insert row above) | D65: - | F65: - | H65: - | I65: - | J65: - | K65: - | L65: - | M65: - | N65: - | O65: - | P65: - | Q65: - | R65: - | S65: - | T65: - | U65: - | V65: - | W65: - | X65: - | Y65: - | Z65: - | AA65: - | AB65: - | AC65: - | AD65: - | AE65: - | AF65: - | AG65: - | AH65: - | AI65: - | AJ65: -
B66: =B63+0.1 -> 61.8 | C66: Options impacting on measured Household - USPL (input reductions as -ve) | F66: l/pr | G66: 2 | H66: =SUM(H67:H68) -> 0 | I66: =SUM(I67:I68) -> 0 | J66: =SUM(J67:J68) -> 0 | K66: =SUM(K67:K68) -> 0 | L66: =SUM(L67:L68) -> 0 | M66: =SUM(M67:M68) -> 0 | N66: =SUM(N67:N68) -> 0 | O66: =SUM(O67:O68) -> 0 | ... AJ66: =SUM(AJ67:AJ68) -> 0
B67: - | F67: Ml/d | G67: 2
B68: - | C68: (insert row above) | D68: - | F68: - | H68: - | I68: - | J68: - | K68: - | L68: - | M68: - | N68: - | O68: - | P68: - | Q68: - | R68: - | S68: - | T68: - | U68: - | V68: - | W68: - | X68: - | Y68: - | Z68: - | AA68: - | AB68: - | AC68: - | AD68: - | AE68: - | AF68: - | AG68: - | AH68: - | AI68: - | AJ68: -
B69: =B66+0.1 -> 61.9 | C69: Options impacting on unmeasured Household - USPL (input reductions as -ve) | F69: l/pr | G69: 2 | H69: =SUM(H70:H71) -> 0 | I69: =SUM(I70:I71) -> 0 | J69: =SUM(J70:J71) -> 0 | K69: =SUM(K70:K71) -> 0 | L69: =SUM(L70:L71) -> 0 | M69: =SUM(M70:M71) -> 0 | N69: =SUM(N70:N71) -> 0 | O69: =SUM(O70:O71) -> 0 | ... AJ69: =SUM(AJ70:AJ71) -> 0
B70: - | F70: Ml/d | G70: 2
B71: - | C71: (insert row above) | D71: - | F71: - | H71: - | I71: - | J71: - | K71: - | L71: - | M71: - | N71: - | O71: - | P71: - | Q71: - | R71: - | S71: - | T71: - | U71: - | V71: - | W71: - | X71: - | Y71: - | Z71: - | AA71: - | AB71: - | AC71: - | AD71: - | AE71: - | AF71: - | AG71: - | AH71: - | AI71: - | AJ71: -
B72: =B45 -> 61.1 | C72: Options impacting on Void properties - USPL (input reductions as -ve) | F72: l/pr | G72: 2 | H72: =SUM(H73:H74) -> 0 | I72: =SUM(I73:I74) -> 0 | J72: =SUM(J73:J74) -> 0 | K72: =SUM(K73:K74) -> 0 | L72: =SUM(L73:L74) -> 0 | M72: =SUM(M73:M74) -> 0 | N72: =SUM(N73:N74) -> 0 | O72: =SUM(O73:O74) -> 0 | ... AJ72: =SUM(AJ73:AJ74) -> 0
B73: - | F73: Ml/d | G73: 2
B74: - | C74: (insert row above) | D74: - | F74: - | H74: - | I74: - | J74: - | K74: - | L74: - | M74: - | N74: - | O74: - | P74: - | Q74: - | R74: - | S74: - | T74: - | U74: - | V74: - | W74: - | X74: - | Y74: - | Z74: - | AA74: - | AB74: - | AC74: - | AD74: - | AE74: - | AF74: - | AG74: - | AH74: - | AI74: - | AJ74: -
C76: ='TITLE PAGE'!B9 -> Company: | D76: ='TITLE PAGE'!D9 -> Dŵr Cymru Welsh Water
C77: ='TITLE PAGE'!B10 -> Resource Zone Name: | D77: ='TITLE PAGE'!D10 -> Lleyn Harlech
C78: ='TITLE PAGE'!B11 -> Resource Zone Number: | D78: ='TITLE PAGE'!D11 -> 8034
C79: ='TITLE PAGE'!B12 -> Planning Scenario Name: | D79: ='TITLE PAGE'!D12 -> Dry Year Annual Average
C80: ='TITLE PAGE'!B13 -> Chosen Level of Service: | D80: ='TITLE PAGE'!D13 -> 1 in 20

Sheet 7. FP Supply
C1: Table 7: Final planning water supply
C2: Row Ref | D2: Component | E2: Derivation | F2: Unit | G2: Decimal places | H2: ='TITLE PAGE'!D14 -> 2015-16 | I2: ='WRZ summary'!E5 -> For info 2017-18 | J2: ='WRZ summary'!F5 -> For info 2018-19 | K2: ='WRZ summary'!G5 -> For info 2019-20 | L2: ='WRZ summary'!H5 -> 2020-21 | M2: ='WRZ summary'!I5 -> 2021-22 | N2: ='WRZ summary'!J5 -> 2022-23 | O2: ='WRZ summary'!K5 -> 2023-24 | P2: ='WRZ summary'!L5 -> 2024-25 | ... AO2: ='WRZ summary'!AK5 -> 2049-50
B3: Resources | C3: 1FP | D3: Raw Water Abstracted | E3: 1BL | F3: Ml/d | G3: 2 | H3: ='2. BL Supply'!H3 -> 12.123107 | I3: ='2. BL Supply'!I3 -> 13.244392 | J3: ='2. BL Supply'!J3 -> 13.253022 | K3: ='2. BL Supply'!K3 -> 13.239416 | L3: ='2. BL Supply'!L3 -> 13.095022 | M3: ='2. BL Supply'!M3 -> 12.92623 | N3: ='2. BL Supply'!N3 -> 12.742381 | O3: ='2. BL Supply'!O3 -> 12.54953 | ... AO3: ='2. BL Supply'!AO3 -> 9.5409799
C4: 2FP | D4: Raw Water Imported | E4: 2BL+ (6. Preferred scenario ref 58.2) | F4: Ml/d | G4: 2 | H4: ='2. BL Supply'!H4+'6. Preferred (Scenario Yr)'!H8 -> 0 | I4: ='2. BL Supply'!I4+'6. Preferred (Scenario Yr)'!I8 -> 0 | J4: ='2. BL Supply'!J4+'6. Preferred (Scenario Yr)'!J8 -> 0 | K4: ='2. BL Supply'!K4+'6. Preferred (Scenario Yr)'!K8 -> 0 | L4: ='2. BL Supply'!L4+'6. Preferred (Scenario Yr)'!L8 -> 0 | M4: ='2. BL Supply'!M4+'6. Preferred (Scenario Yr)'!M8 -> 0 | N4: ='2. BL Supply'!N4+'6. Preferred (Scenario Yr)'!N8 -> 0 | O4: ='2. BL Supply'!O4+'6. Preferred (Scenario Yr)'!O8 -> 0 | ... AO4: ='2. BL Supply'!AO4+'6. Preferred (Scenario Yr)'!AO8 -> 0
C5: - | D5: - | E5: - | F5: - | G5: 2 | H5: - | I5: - | J5: - | K5: - | L5: - | M5: - | N5: - | O5: - | P5: - | Q5: - | R5: - | S5: - | T5: - | U5: - | V5: - | W5: - | X5: - | Y5: - | Z5: - | AA5: - | AB5: - | AC5: - | AD5: - | AE5: - | AF5: - | AG5: - | AH5: - | AI5: - | AJ5: - | AK5: - | AL5: - | AM5: - | AN5: - | AO5: -
C6: - | D6: - | E6: - | F6: - | G6: 2 | H6: - | I6: - | J6: - | K6: - | L6: - | M6: - | N6: - | O6: - | P6: - | Q6: - | R6: - | S6: - | T6: - | U6: - | V6: - | W6: - | X6: - | Y6: - | Z6: - | AA6: - | AB6: - | AC6: - | AD6: - | AE6: - | AF6: - | AG6: - | AH6: - | AI6: - | AJ6: - | AK6: - | AL6: - | AM6: - | AN6: - | AO6: -
C7: - | D7: - | E7: - | F7: - | G7: 2 | H7: - | I7: - | J7: - | K7: - | L7: - | M7: - | N7: - | O7: - | P7: - | Q7: - | R7: - | S7: - | T7: - | U7: - | V7: - | W7: - | X7: - | Y7: - | Z7: - | AA7: - | AB7: - | AC7: - | AD7: - | AE7: - | AF7: - | AG7: - | AH7: - | AI7: - | AJ7: - | AK7: - | AL7: - | AM7: - | AN7: - | AO7: -
C8: 3FP | D8: Potable Water Imported | E8: 3BL+ (6. Preferred scenario ref 58.3) | F8: Ml/d | G8: 2 | H8: ='2. BL Supply'!H7+'6. Preferred (Scenario Yr)'!H11 -> 0.27561489 | I8: ='2. BL Supply'!I7+'6. Preferred (Scenario Yr)'!I11 -> 0 | J8: ='2. BL Supply'!J7+'6. Preferred (Scenario Yr)'!J11 -> 0 | K8: ='2. BL Supply'!K7+'6. Preferred (Scenario Yr)'!K11 -> 0 | L8: ='2. BL Supply'!L7+'6. Preferred (Scenario Yr)'!L11 -> 0 | M8: ='2. BL Supply'!M7+'6. Preferred (Scenario Yr)'!M11 -> 0 | N8: ='2. BL Supply'!N7+'6. Preferred (Scenario Yr)'!N11 -> 0 | O8: ='2. BL Supply'!O7+'6. Preferred (Scenario Yr)'!O11 -> 0 | ... AO8: ='2. BL Supply'!AO7+'6. Preferred (Scenario Yr)'!AO11 -> 0
C9: - | D9: - | E9: - | F9: - | G9: 2 | H9: - | I9: - | J9: - | K9: - | L9: - | M9: - | N9: - | O9: - | P9: - | Q9: - | R9: - | S9: - | T9: - | U9: - | V9: - | W9: - | X9: - | Y9: - | Z9: - | AA9: - | AB9: - | AC9: - | AD9: - | AE9: - | AF9: - | AG9: - | AH9: - | AI9: - | AJ9: - | AK9: - | AL9: - | AM9: - | AN9: - | AO9: -
C10: - | D10: - | E10: - | F10: - | G10: 2 | H10: - | I10: - | J10: - | K10: - | L10: - | M10: - | N10: - | O10: - | P10: - | Q10: - | R10: - | S10: - | T10: - | U10: - | V10: - | W10: - | X10: - | Y10: - | Z10: - | AA10: - | AB10: - | AC10: - | AD10: - | AE10: - | AF10: - | AG10: - | AH10: - | AI10: - | AJ10: - | AK10: - | AL10: - | AM10: - | AN10: - | AO10: -
C11: - | D11: - | E11: - | F11: - | G11: 2 | H11: - | I11: - | J11: - | K11: - | L11: - | M11: - | N11: - | O11: - | P11: - | Q11: - | R11: - | S11: - | T11: - | U11: - | V11: - | W11: - | X11: - | Y11: - | Z11: - | AA11: - | AB11: - | AC11: - | AD11: - | AE11: - | AF11: - | AG11: - | AH11: - | AI11: - | AJ11: - | AK11: - | AL11: - | AM11: - | AN11: - | AO11: -
C12: - | D12: - | E12: - | F12: - | G12: 2 | H12: - | I12: - | J12: - | K12: - | L12: - | M12: - | N12: - | O12: - | P12: - | Q12: - | R12: - | S12: - | T12: - | U12: - | V12: - | W12: - | X12: - | Y12: - | Z12: - | AA12: - | AB12: - | AC12: - | AD12: - | AE12: - | AF12: - | AG12: - | AH12: - | AI12: - | AJ12: - | AK12: - | AL12: - | AM12: - | AN12: - | AO12: -
B13: Resource (and process) losses | C13: 5FP | D13: Raw Water Exported (raw exports and non potable uses) | E13: 5BL+ (6. Preferred scenario ref 58.5) | F13: Ml/d | G13: 2 | H13: ='2. BL Supply'!H10+'6. Preferred (Scenario Yr)'!H17 -> 0 | I13: ='2. BL Supply'!I10+'6. Preferred (Scenario Yr)'!I17 -> 0 | J13: ='2. BL Supply'!J10+'6. Preferred (Scenario Yr)'!J17 -> 0 | K13: ='2. BL Supply'!K10+'6. Preferred (Scenario Yr)'!K17 -> 0 | L13: ='2. BL Supply'!L10+'6. Preferred (Scenario Yr)'!L17 -> 0 | M13: ='2. BL Supply'!M10+'6. Preferred (Scenario Yr)'!M17 -> 0 | N13: ='2. BL Supply'!N10+'6. Preferred (Scenario Yr)'!N17 -> 0 | O13: ='2. BL Supply'!O10+'6. Preferred (Scenario Yr)'!O17 -> 0 | ... AO13: ='2. BL Supply'!AO10+'6. Preferred (Scenario Yr)'!AO17 -> 0
C14: - | D14: - | E14: - | F14: - | G14: 2 | H14: - | I14: - | J14: - | K14: - | L14: - | M14: - | N14: - | O14: - | P14: - | Q14: - | R14: - | S14: - | T14: - | U14: - | V14: - | W14: - | X14: - | Y14: - | Z14: - | AA14: - | AB14: - | AC14: - | AD14: - | AE14: - | AF14: - | AG14: - | AH14: - | AI14: - | AJ14: - | AK14: - | AL14: - | AM14: - | AN14: - | AO14: -
C15: - | D15: - | E15: - | F15: - | G15: 2 | H15: - | I15: - | J15: - | K15: - | L15: - | M15: - | N15: - | O15: - | P15: - | Q15: - | R15: - | S15: - | T15: - | U15: - | V15: - | W15: - | X15: - | Y15: - | Z15: - | AA15: - | AB15: - | AC15: - | AD15: - | AE15: - | AF15: - | AG15: - | AH15: - | AI15: - | AJ15: - | AK15: - | AL15: - | AM15: - | AN15: - | AO15: -
C16: - | D16: - | E16: - | F16: - | G16: 2 | H16: - | I16: - | J16: - | K16: - | L16: - | M16: - | N16: - | O16: - | P16: - | Q16: - | R16: - | S16: - | T16: - | U16: - | V16: - | W16: - | X16: - | Y16: - | Z16: - | AA16: - | AB16: - | AC16: - | AD16: - | AE16: - | AF16: - | AG16: - | AH16: - | AI16: - | AJ16: - | AK16: - | AL16: - | AM16: - | AN16: - | AO16: -
